Workbook

Sheet Menù
A1: =D3 -> Trovato 1929
A2: Budget e Business Plan
A3: Company: | D3: Trovato 1929 | H3: First Year | K3: 2025
A52: This Format is © CentoCinquanta S.r.l.

Sheet Controll Panel
A1: =Menù!D3 -> Trovato 1929
A2: =Menù!A2 -> Budget e Business Plan
A3: Controll Panel
A5: Data sheet | B5: =Menù!K3 -> 2025 | C5: =B5+1 -> 2026 | D5: =C5+1 -> 2027 | E5: =D5+1 -> 2028 | F5: =E5+1 -> 2029
A7: DSO | B7: 0 | C7: =B7 -> 0 | D7: =C7 -> 0 | E7: =D7 -> 0 | F7: =E7 -> 0
A9: ="DPO - "&'Plur. Gen. C.'!A9 -> DPO - COGS | B9: 0 | C9: =B9 -> 0 | D9: =C9 -> 0 | E9: =D9 -> 0 | F9: =E9 -> 0
A10: ="DPO - "&'Plur. Gen. C.'!A28 -> DPO - Sales and Management costs | B10: 0 | C10: =B10 -> 0 | D10: =C10 -> 0 | E10: =D10 -> 0 | F10: =E10 -> 0
A11: ="DPO - "&'Plur. Gen. C.'!A56 -> DPO - General services | B11: 0 | C11: =B11 -> 0 | D11: =C11 -> 0 | E11: =D11 -> 0 | F11: =E11 -> 0
A12: ="DPO - "&'Plur. Gen. C.'!A85 -> DPO - Employees | B12: 0 | C12: =B12 -> 0 | D12: =C12 -> 0 | E12: =D12 -> 0 | F12: =E12 -> 0
A13: ="DPO - "&'Plur. Gen. C.'!A95 -> DPO - Depreciation and amortization | B13: 0 | C13: =B13 -> 0 | D13: =C13 -> 0 | E13: =D13 -> 0 | F13: =E13 -> 0
A14: ="DPO - "&'Plur. Gen. C.'!A109 -> DPO - Financials and taxation | B14: 0 | C14: =B14 -> 0 | D14: =C14 -> 0 | E14: =D14 -> 0 | F14: =E14 -> 0
A16: Opening days | B16: =7*52 -> 364 | C16: =B16 -> 364 | D16: =C16 -> 364 | E16: =D16 -> 364 | F16: =E16 -> 364
A17: Opening hours | B17: 07.00 Am|11.00 Pm - 16 Hours | C17: Before Lunch: 5 | D17: During Lunch: 3 | E17: After Lunch: 4 | F17: During Dinner: 4
A18: Average number of entries per hour before lunch | B18: 17 | C18: =ROUND(B18*(1+C35),0) -> 18 | D18: =ROUND(C18*(1+D35),0) -> 19 | E18: =ROUND(D18*(1+E35),0) -> 20 | F18: =ROUND(E18*(1+F35),0) -> 21
A19: Average number of entries per hour during lunch | B19: =B41/7 -> 20 | C19: =ROUND(B19*(1+C35),0) -> 21 | D19: =ROUND(C19*(1+D35),0) -> 22 | E19: =ROUND(D19*(1+E35),0) -> 23 | F19: =ROUND(E19*(1+F35),0) -> 24
A20: Average number of entries per hour after lunch | B20: =B41/7 -> 20 | C20: =ROUND(B20*(1+C35),0) -> 21 | D20: =ROUND(C20*(1+D35),0) -> 22 | E20: =ROUND(D20*(1+E35),0) -> 23 | F20: =ROUND(E20*(1+F35),0) -> 24
A21: Average number of entries per hour during dinner | B21: 7 | C21: =ROUND(B21*(1+C35),0) -> 7 | D21: =ROUND(C21*(1+D35),0) -> 7 | E21: =ROUND(D21*(1+E35),0) -> 7 | F21: =ROUND(E21*(1+F35),0) -> 7
A22: Average receipt before lunch | B22: 13 | C22: =B22*(1+C36) -> 13.26 | D22: =C22*(1+D36) -> 13.5252 | E22: =D22*(1+E36) -> 13.795704 | F22: =E22*(1+F36) -> 14.071618
A23: Average receipt during lunch | B23: 13 | C23: =B23*(1+C36) -> 13.26 | D23: =C23*(1+D36) -> 13.5252 | E23: =D23*(1+E36) -> 13.795704 | F23: =E23*(1+F36) -> 14.071618
A24: Average receipt after lunch | B24: 3.5 | C24: =B24*(1+C36) -> 3.57 | D24: =C24*(1+D36) -> 3.6414 | E24: =D24*(1+E36) -> 3.714228 | F24: =E24*(1+F36) -> 3.7885126
A25: Average receipt during dinner | B25: 4 | C25: =B25*(1+C36) -> 4.08 | D25: =C25*(1+D36) -> 4.1616 | E25: =D25*(1+E36) -> 4.244832 | F25: =E25*(1+F36) -> 4.3297286
A26: Vat | B26: 0.1 | C26: 0.1 | D26: 0.1 | E26: 0.1 | F26: 0.1
A28: Average number of entries per hour per day | B28: ='W Plur.'!B104/B16 -> 253 | C28: ='W Plur.'!C104/C16 -> 265 | D28: ='W Plur.'!D104/D16 -> 277 | E28: ='W Plur.'!E104/E16 -> 289 | F28: ='W Plur.'!F104/F16 -> 301
A30: Bond - Interest rate | B30: 0.02 | C30: // | D30: // | E30: // | F30: //
A31: Bond - Duration | B31: 6 | C31: // | D31: // | E31: // | F31: //
A33: Franchising fees | B33: 0 | C33: 0 | D33: 0 | E33: 0 | F33: 0
A35: Growth trend (entriances) | B35: 0 | C35: 0.07 | D35: 0.05 | E35: 0.05 | F35: 0.05
A36: Growth trend (prices) | B36: 0 | C36: 0.02 | D36: 0.02 | E36: 0.02 | F36: 0.02
A37: Tax rate | B37: 0.3 | C37: =B37 -> 0.3 | D37: =C37 -> 0.3 | E37: =D37 -> 0.3 | F37: =E37 -> 0.3
A39: Currency | B39: € | C39: =B39 -> € | D39: =C39 -> € | E39: =D39 -> € | F39: =E39 -> €
A41: Square meters (sales area) | B41: 140 | C41: =B41 -> 140 | D41: =C41 -> 140 | E41: =D41 -> 140 | F41: =E41 -> 140
A43: Renovation and set-up costs | B43: ='PoS ren. costs'!C24 -> 1789.2771 | C43: =B43 -> 1789.2771 | D43: =C43 -> 1789.2771 | E43: =D43 -> 1789.2771 | F43: =E43 -> 1789.2771
A45: Target COGS | B45: 0.28 | C45: =B45 -> 0.28 | D45: =C45 -> 0.28 | E45: =D45 -> 0.28 | F45: =E45 -> 0.28
A47: Rvenues | B47: ='W Plur.'!B119 -> 753480 | C47: ='W Plur.'!C119 -> 808377.82 | D47: ='W Plur.'!D119 -> 865170.16 | E47: ='W Plur.'!E119 -> 923910.84 | F47: ='W Plur.'!F119 -> 984655.08
A48: Gross Margin | B48: =100%-Riclassificato!B76 -> 0.72 | C48: =100%-Riclassificato!D76 -> 0.72 | D48: =100%-Riclassificato!E76 -> 0.72 | E48: =100%-Riclassificato!F76 -> 0.72 | F48: =100%-Riclassificato!G76 -> 0.72
A50: Cash Flow | B50: ='CF Plur'!B97 -> 199393.94 | C50: ='CF Plur'!D91 -> 212422.48 | D50: ='CF Plur'!F91 -> 223648.81 | E50: ='CF Plur'!H91 -> 245586.15 | F50: ='CF Plur'!J91 -> 265785.48
A52: Profits | B52: ='C.E.'!C81 -> 147375.93 | C52: ='C.E.'!D81 -> 158781.22 | D52: ='C.E.'!E81 -> 169114.77 | E52: ='C.E.'!F81 -> 190114.68 | F52: ='C.E.'!G81 -> 209329.72
A54: Other data | B54: BEP | C54: Sales+Vat | D54: Variable costs | E54: Fixed costs | F54: EBITDA
A55: =Menù!K3 -> 2025 | B55: // | C55: ='W Plur.'!B142 -> 815856.36 | D55: =Riclassificato!B68 -> 322713.88 | E55: =Riclassificato!B67 -> 283390.19 | F55: =Riclassificato!B21 -> 249382.05
A57: =Riclassificato!A75 -> EBITDA Margin | B57: =Riclassificato!B75 -> 0.33097368 | C57: =Riclassificato!D75 -> 0.32892916 | D57: =Riclassificato!E75 -> 0.32466755 | E57: =Riclassificato!F75 -> 0.33675536 | F57: =Riclassificato!G75 -> 0.34410986
A58: COGS | B58: =Riclassificato!B76 -> 0.28 | C58: =Riclassificato!D76 -> 0.28 | D58: =Riclassificato!E76 -> 0.28 | E58: =Riclassificato!F76 -> 0.28 | F58: =Riclassificato!G76 -> 0.28
A60: =Riclassificato!A79 -> ROS | B60: =Riclassificato!B79 -> 0.19559368 | C60: =Riclassificato!D79 -> 0.19641957 | D60: =Riclassificato!E79 -> 0.19546995 | E60: =Riclassificato!F79 -> 0.20577168 | F60: =Riclassificato!G79 -> 0.21259192

Sheet HR
A1: =Menù!D3 -> Trovato 1929
A2: =Menù!A2 -> Budget e Business Plan
A3: Employees cost - Details
A5: Risorsa | B5: Progr | C5: Seniority | D5: Funzione | E5: ='Controll Panel'!B5 -> 2025 | F5: ='Controll Panel'!C5 -> 2026 | G5: ='Controll Panel'!D5 -> 2027 | H5: ='Controll Panel'!E5 -> 2028 | I5: ='Controll Panel'!F5 -> 2029 | J5: Costo azienda base | K5: ="€ "&E5 -> € 2025 | L5: ="€ "&E5&" Cons." -> € 2025 Cons. | M5: ="€ "&F5 -> € 2026 | N5: ="€ "&G5 -> € 2027 | O5: ="€ "&H5 -> € 2028 | P5: ="€ "&I5 -> € 2029
A6: Store Manager | B6: 1 | C6: Senior | D6: Management | E6: 1 | F6: 1.1 | G6: 1.05 | H6: 1.05 | I6: 1.05 | J6: 35000 | K6: =$J6*E6 -> 35000 | M6: =K6+(K6*(F6-1)) -> 38500 | N6: =M6+(M6*(G6-1)) -> 40425 | O6: =N6+(N6*(H6-1)) -> 42446.25 | P6: =O6+(O6*(I6-1)) -> 44568.562
A7: Store Manager | B7: 2 | C7: Senior | D7: Management | E7: 0 | F7: 1.1 | G7: 1.05 | H7: 1.05 | I7: 1.05 | J7: 35000 | K7: =$J7*E7 -> 0 | M7: =K7+(K7*(F7-1)) -> 0 | N7: =M7+(M7*(G7-1)) -> 0 | O7: =N7+(N7*(H7-1)) -> 0 | P7: =O7+(O7*(I7-1)) -> 0
A8: Waiter | B8: 3 | C8: Junior | D8: Sales | E8: 1 | F8: 1.1 | G8: 1.05 | H8: 1.05 | I8: 1.05 | J8: 25464.93 | K8: =$J8*E8 -> 25464.93 | M8: =K8+(K8*(F8-1)) -> 28011.423 | N8: =M8+(M8*(G8-1)) -> 29411.994 | O8: =N8+(N8*(H8-1)) -> 30882.594 | P8: =O8+(O8*(I8-1)) -> 32426.724
A9: Waiter | B9: 4 | C9: Junior | D9: Sales | E9: 0 | F9: 1.1 | G9: 1.05 | H9: 1.05 | I9: 1.05 | J9: 25464.93 | K9: =$J9*E9 -> 0 | M9: =K9+(K9*(F9-1)) -> 0 | N9: =M9+(M9*(G9-1)) -> 0 | O9: =N9+(N9*(H9-1)) -> 0 | P9: =O9+(O9*(I9-1)) -> 0
A10: Waiter | B10: 5 | C10: Junior | D10: Sales | E10: 1 | F10: 1.1 | G10: 1.05 | H10: 1.05 | I10: 1.05 | J10: 25464.93 | K10: =$J10*E10 -> 25464.93 | M10: =K10+(K10*(F10-1)) -> 28011.423 | N10: =M10+(M10*(G10-1)) -> 29411.994 | O10: =N10+(N10*(H10-1)) -> 30882.594 | P10: =O10+(O10*(I10-1)) -> 32426.724
A11: Waiter | B11: 6 | C11: Junior | D11: Sales | E11: 1 | F11: 1.1 | G11: 1.05 | H11: 1.05 | I11: 1.05 | J11: 25464.93 | K11: =$J11*E11 -> 25464.93 | M11: =K11+(K11*(F11-1)) -> 28011.423 | N11: =M11+(M11*(G11-1)) -> 29411.994 | O11: =N11+(N11*(H11-1)) -> 30882.594 | P11: =O11+(O11*(I11-1)) -> 32426.724
A12: Waiter | B12: 7 | C12: Junior | D12: Sales | E12: 1 | F12: 1.1 | G12: 1.05 | H12: 1.05 | I12: 1.05 | J12: 25464.93 | K12: =$J12*E12 -> 25464.93 | M12: =K12+(K12*(F12-1)) -> 28011.423 | N12: =M12+(M12*(G12-1)) -> 29411.994 | O12: =N12+(N12*(H12-1)) -> 30882.594 | P12: =O12+(O12*(I12-1)) -> 32426.724
A13: Waiter | B13: 8 | C13: Junior | D13: Sales | E13: 1 | F13: 1.1 | G13: 1.05 | H13: 1.05 | I13: 1.05 | J13: 25464.93 | K13: =$J13*E13 -> 25464.93 | M13: =K13+(K13*(F13-1)) -> 28011.423 | N13: =M13+(M13*(G13-1)) -> 29411.994 | O13: =N13+(N13*(H13-1)) -> 30882.594 | P13: =O13+(O13*(I13-1)) -> 32426.724
A14: TBD | B14: 9 | E14: 0 | F14: 0 | G14: 0 | H14: 0 | I14: 0 | J14: 0 | K14: =$J14*E14 -> 0 | M14: =K14+(K14*(F14-1)) -> 0 | N14: =M14+(M14*(G14-1)) -> 0 | O14: =N14+(N14*(H14-1)) -> 0 | P14: =O14+(O14*(I14-1)) -> 0
A15: TBD | B15: 10 | E15: 0 | F15: 0 | G15: 0 | H15: 0 | I15: 0 | J15: 0 | K15: =$J15*E15 -> 0 | M15: =K15+(K15*(F15-1)) -> 0 | N15: =M15+(M15*(G15-1)) -> 0 | O15: =N15+(N15*(H15-1)) -> 0 | P15: =O15+(O15*(I15-1)) -> 0
A16: TBD | B16: 11 | E16: 0 | F16: 0 | G16: 0 | H16: 0 | I16: 0 | J16: 0 | K16: =$J16*E16 -> 0 | M16: =K16+(K16*(F16-1)) -> 0 | N16: =M16+(M16*(G16-1)) -> 0 | O16: =N16+(N16*(H16-1)) -> 0 | P16: =O16+(O16*(I16-1)) -> 0
A17: TBD | B17: 12 | E17: 0 | F17: 0 | G17: 0 | H17: 0 | I17: 0 | J17: 0 | K17: =$J17*E17 -> 0 | M17: =K17+(K17*(F17-1)) -> 0 | N17: =M17+(M17*(G17-1)) -> 0 | O17: =N17+(N17*(H17-1)) -> 0 | P17: =O17+(O17*(I17-1)) -> 0
A18: TBD | B18: 13 | E18: 0 | F18: 0 | G18: 0 | H18: 0 | I18: 0 | J18: 0 | K18: =$J18*E18 -> 0 | M18: =K18+(K18*(F18-1)) -> 0 | N18: =M18+(M18*(G18-1)) -> 0 | O18: =N18+(N18*(H18-1)) -> 0 | P18: =O18+(O18*(I18-1)) -> 0
A19: TBD | B19: 14 | E19: 0 | F19: 0 | G19: 0 | H19: 0 | I19: 0 | J19: 0 | K19: =$J19*E19 -> 0 | M19: =K19+(K19*(F19-1)) -> 0 | N19: =M19+(M19*(G19-1)) -> 0 | O19: =N19+(N19*(H19-1)) -> 0 | P19: =O19+(O19*(I19-1)) -> 0
A20: TBD | B20: 15 | E20: 0 | F20: 0 | G20: 0 | H20: 0 | I20: 0 | J20: 0 | K20: =$J20*E20 -> 0 | M20: =K20+(K20*(F20-1)) -> 0 | N20: =M20+(M20*(G20-1)) -> 0 | O20: =N20+(N20*(H20-1)) -> 0 | P20: =O20+(O20*(I20-1)) -> 0
A21: TBD | B21: 16 | E21: 0 | F21: 0 | G21: 0 | H21: 0 | I21: 0 | J21: 0 | K21: =$J21*E21 -> 0 | M21: =K21+(K21*(F21-1)) -> 0 | N21: =M21+(M21*(G21-1)) -> 0 | O21: =N21+(N21*(H21-1)) -> 0 | P21: =O21+(O21*(I21-1)) -> 0
A22: TBD | B22: 17 | E22: 0 | F22: 0 | G22: 0 | H22: 0 | I22: 0 | J22: 0 | K22: =$J22*E22 -> 0 | M22: =K22+(K22*(F22-1)) -> 0 | N22: =M22+(M22*(G22-1)) -> 0 | O22: =N22+(N22*(H22-1)) -> 0 | P22: =O22+(O22*(I22-1)) -> 0
A23: Totale | C23: // | D23: // | E23: =SUM(E6:E21) -> 6 | F23: =SUM(F6:F21) -> 8.8 | G23: =SUM(G6:G21) -> 8.4 | H23: =SUM(H6:H21) -> 8.4 | I23: =SUM(I6:I21) -> 8.4 | J23: =SUM(J6:J22) -> 222789.58 | K23: =SUM(K6:K22) -> 162324.65 | L23: =SUM(L6:L22) -> 0 | M23: =SUM(M6:M22) -> 178557.12 | N23: =SUM(N6:N22) -> 187484.97 | O23: =SUM(O6:O22) -> 196859.22 | P23: =SUM(P6:P22) -> 206702.18
A25: Senior | C25: // | D25: // | E25: =COUNTIFS($C$6:$C$21,"Senior",E6:E21,">0") -> 1 | F25: =COUNTIFS($C$6:$C$21,"Senior",F6:F21,">0") -> 2 | G25: =COUNTIFS($C$6:$C$21,"Senior",G6:G21,">0") -> 2 | H25: =COUNTIFS($C$6:$C$21,"Senior",H6:H21,">0") -> 2 | I25: =COUNTIFS($C$6:$C$21,"Senior",I6:I21,">0") -> 2 | J25: // | K25: // | L25: // | M25: // | N25: // | O25: // | P25: //
A26: Junior | C26: // | D26: // | E26: =COUNTIFS($C$6:$C$21,"Junior",E6:E21,">0") -> 5 | F26: =COUNTIFS($C$6:$C$21,"Junior",F6:F21,">0") -> 6 | G26: =COUNTIFS($C$6:$C$21,"Junior",G6:G21,">0") -> 6 | H26: =COUNTIFS($C$6:$C$21,"Junior",H6:H21,">0") -> 6 | I26: =COUNTIFS($C$6:$C$21,"Junior",I6:I21,">0") -> 6 | J26: // | K26: // | L26: // | M26: // | N26: // | O26: // | P26: //

Sheet W Plur.
A1: =Menù!D3 -> Trovato 1929
A2: =Menù!A2 -> Budget e Business Plan
A3: Revenues per year
A5: Revenues per year - Details | B5: =Menù!K3 -> 2025 | C5: =B5+1 -> 2026 | D5: =C5+1 -> 2027 | E5: =D5+1 -> 2028 | F5: =E5+1 -> 2029
A7: Revenues before lunch | B7: 1 | C7: 2 | D7: 3 | E7: 4 | F7: 5
A8: Q | B8: ='Controll Panel'!B16*5*'Controll Panel'!B18 -> 30940 | C8: ='Controll Panel'!C16*5*'Controll Panel'!C18 -> 32760 | D8: ='Controll Panel'!D16*5*'Controll Panel'!D18 -> 34580 | E8: ='Controll Panel'!E16*5*'Controll Panel'!E18 -> 36400 | F8: ='Controll Panel'!F16*5*'Controll Panel'!F18 -> 38220
A9: AvP | B9: ='Controll Panel'!B22/(1+'Controll Panel'!B26) -> 11.818182 | C9: ='Controll Panel'!C22/(1+'Controll Panel'!C26) -> 12.054545 | D9: ='Controll Panel'!D22/(1+'Controll Panel'!D26) -> 12.295636 | E9: ='Controll Panel'!E22/(1+'Controll Panel'!E26) -> 12.541549 | F9: ='Controll Panel'!F22/(1+'Controll Panel'!F26) -> 12.79238
A10: Total Revenues | B10: =B8*B9 -> 365654.55 | C10: =C8*C9 -> 394906.91 | D10: =D8*D9 -> 425183.11 | E10: =E8*E9 -> 456512.39 | F10: =F8*F9 -> 488924.77
A11: Δ € | B11: // | C11: =C10-B10 -> 29252.364 | D11: =D10-C10 -> 30276.196 | E11: =E10-D10 -> 31329.281 | F11: =F10-E10 -> 32412.379
A12: Δ % | B12: // | C12: =IFERROR((C10/B10)-100%,0) -> 0.08 | D12: =(D10/C10)-100% -> 0.076666667 | E12: =(E10/D10)-100% -> 0.073684211 | F12: =(F10/E10)-100% -> 0.071
A14: Revenues during lunch | B14: 1 | C14: 2 | D14: 3 | E14: 4 | F14: 5
A15: Q | B15: ='Controll Panel'!B19*'Controll Panel'!B16*3 -> 21840 | C15: ='Controll Panel'!C19*'Controll Panel'!C16*3 -> 22932 | D15: ='Controll Panel'!D19*'Controll Panel'!D16*3 -> 24024 | E15: ='Controll Panel'!E19*'Controll Panel'!E16*3 -> 25116 | F15: ='Controll Panel'!F19*'Controll Panel'!F16*3 -> 26208
A16: AvP | B16: ='Controll Panel'!B23/(1+'Controll Panel'!B26) -> 11.818182 | C16: ='Controll Panel'!C23/(1+'Controll Panel'!C26) -> 12.054545 | D16: ='Controll Panel'!D23/(1+'Controll Panel'!D26) -> 12.295636 | E16: ='Controll Panel'!E23/(1+'Controll Panel'!E26) -> 12.541549 | F16: ='Controll Panel'!F23/(1+'Controll Panel'!F26) -> 12.79238
A17: Total Revenues | B17: =B16*B15 -> 258109.09 | C17: =C16*C15 -> 276434.84 | D17: =D16*D15 -> 295390.37 | E17: =E16*E15 -> 314993.55 | F17: =F16*F15 -> 335262.7
A18: Δ € | B18: // | C18: =C17-B17 -> 18325.745 | D18: =D17-C17 -> 18955.532 | E18: =E17-D17 -> 19603.179 | F18: =F17-E17 -> 20269.15
A19: Δ % | B19: // | C19: =IFERROR((C17/B17)-100%,0) -> 0.071 | D19: =IFERROR((D17/C17)-100%,0) -> 0.068571429 | E19: =IFERROR((E17/D17)-100%,0) -> 0.066363636 | F19: =IFERROR((F17/E17)-100%,0) -> 0.064347826
A21: Revenues after lunch | B21: 1 | C21: 2 | D21: 3 | E21: 4 | F21: 5
A22: Q | B22: ='Controll Panel'!B16*'Controll Panel'!B20*4 -> 29120 | C22: ='Controll Panel'!C16*'Controll Panel'!C20*4 -> 30576 | D22: ='Controll Panel'!D16*'Controll Panel'!D20*4 -> 32032 | E22: ='Controll Panel'!E16*'Controll Panel'!E20*4 -> 33488 | F22: ='Controll Panel'!F16*'Controll Panel'!F20*4 -> 34944
A23: AvP | B23: ='Controll Panel'!B24/(1+'Controll Panel'!B26) -> 3.1818182 | C23: ='Controll Panel'!C24/(1+'Controll Panel'!C26) -> 3.2454545 | D23: ='Controll Panel'!D24/(1+'Controll Panel'!D26) -> 3.3103636 | E23: ='Controll Panel'!E24/(1+'Controll Panel'!E26) -> 3.3765709 | F23: ='Controll Panel'!F24/(1+'Controll Panel'!F26) -> 3.4441023
A24: Total Revenues | B24: =B23*B22 -> 92654.545 | C24: =C23*C22 -> 99233.018 | D24: =D23*D22 -> 106037.57 | E24: =E23*E22 -> 113074.61 | F24: =F23*F22 -> 120350.71
A25: Δ € | B25: // | C25: =C24-B24 -> 6578.4727 | D25: =D24-C24 -> 6804.5498 | E25: =E24-D24 -> 7037.0386 | F25: =F24-E24 -> 7276.1051
A26: Δ % | B26: // | C26: =IFERROR((C24/B24)-100%,0) -> 0.071 | D26: =IFERROR((D24/C24)-100%,0) -> 0.068571429 | E26: =IFERROR((E24/D24)-100%,0) -> 0.066363636 | F26: =IFERROR((F24/E24)-100%,0) -> 0.064347826
A28: Revenues during dinner | B28: 1 | C28: 2 | D28: 3 | E28: 4 | F28: 5
A29: Q | B29: ='Controll Panel'!B16*'Controll Panel'!B21*4 -> 10192 | C29: ='Controll Panel'!C16*'Controll Panel'!C21*4 -> 10192 | D29: ='Controll Panel'!D16*'Controll Panel'!D21*4 -> 10192 | E29: ='Controll Panel'!E16*'Controll Panel'!E21*4 -> 10192 | F29: ='Controll Panel'!F16*'Controll Panel'!F21*4 -> 10192
A30: AvP | B30: ='Controll Panel'!B25/(1+'Controll Panel'!B26) -> 3.6363636 | C30: ='Controll Panel'!C25/(1+'Controll Panel'!C26) -> 3.7090909 | D30: ='Controll Panel'!D25/(1+'Controll Panel'!D26) -> 3.7832727 | E30: ='Controll Panel'!E25/(1+'Controll Panel'!E26) -> 3.8589382 | F30: ='Controll Panel'!F25/(1+'Controll Panel'!F26) -> 3.9361169
A31: Total Revenues | B31: =B30*B29 -> 37061.818 | C31: =C30*C29 -> 37803.055 | D31: =D30*D29 -> 38559.116 | E31: =E30*E29 -> 39330.298 | F31: =F30*F29 -> 40116.904
A32: Δ € | B32: // | C32: =C31-B31 -> 741.23636 | D32: =D31-C31 -> 756.06109 | E32: =E31-D31 -> 771.18231 | F32: =F31-E31 -> 786.60596
A33: Δ % | B33: // | C33: =IFERROR((C31/B31)-100%,0) -> 0.02 | D33: =IFERROR((D31/C31)-100%,0) -> 0.02 | E33: =IFERROR((E31/D31)-100%,0) -> 0.02 | F33: =IFERROR((F31/E31)-100%,0) -> 0.02
A35: // | B35: 1 | C35: 2 | D35: 3 | E35: 4 | F35: 5
A36: Clienti | B36: 0 | C36: 0 | D36: 0 | E36: 0 | F36: 0
A37: Prezzo medio | B37: ='Controll Panel'!B36/(1+'Controll Panel'!B38) -> 0 | C37: 0 | D37: 0 | E37: 0 | F37: 0
A38: Ricavi totali | B38: =B37*B36 -> 0 | C38: =C37*C36 -> 0 | D38: =D37*D36 -> 0 | E38: =E37*E36 -> 0 | F38: =F37*F36 -> 0
A39: Δ € | B39: // | C39: =C38-B38 -> 0 | D39: =D38-C38 -> 0 | E39: =E38-D38 -> 0 | F39: =F38-E38 -> 0
A40: Δ % | B40: // | C40: =IFERROR((C38/B38)-100%,0) -> 0 | D40: =IFERROR((D38/C38)-100%,0) -> 0 | E40: =IFERROR((E38/D38)-100%,0) -> 0 | F40: =IFERROR((F38/E38)-100%,0) -> 0
A42: // | B42: 1 | C42: 2 | D42: 3 | E42: 4 | F42: 5
A43: Clienti | B43: 0 | C43: 0 | D43: 0 | E43: 0 | F43: 0
A44: Prezzo medio | B44: 0 | C44: =B44 -> 0 | D44: =C44 -> 0 | E44: =D44 -> 0 | F44: =E44 -> 0
A45: Ricavi totali | B45: =B44*B43 -> 0 | C45: =C44*C43 -> 0 | D45: =D44*D43 -> 0 | E45: =E44*E43 -> 0 | F45: =F44*F43 -> 0
A46: Δ € | B46: // | C46: =C45-B45 -> 0 | D46: =D45-C45 -> 0 | E46: =E45-D45 -> 0 | F46: =F45-E45 -> 0
A47: Δ % | B47: // | C47: =IFERROR((C45/B45)-100%,0) -> 0 | D47: =IFERROR((D45/C45)-100%,0) -> 0 | E47: =IFERROR((E45/D45)-100%,0) -> 0 | F47: =IFERROR((F45/E45)-100%,0) -> 0
A49: // | B49: 1 | C49: 2 | D49: 3 | E49: 4 | F49: 5
A50: Clienti | B50: 0 | C50: 0 | D50: 0 | E50: 0 | F50: 0
A51: Prezzo medio | B51: 0 | C51: =B51 -> 0 | D51: =C51 -> 0 | E51: =D51 -> 0 | F51: =E51 -> 0
A52: Ricavi totali | B52: =B51*B50 -> 0 | C52: =C51*C50 -> 0 | D52: =D51*D50 -> 0 | E52: =E51*E50 -> 0 | F52: =F51*F50 -> 0
A53: Δ € | B53: // | C53: =C52-B52 -> 0 | D53: =D52-C52 -> 0 | E53: =E52-D52 -> 0 | F53: =F52-E52 -> 0
A54: Δ % | B54: // | C54: =IFERROR((C52/B52)-100%,0) -> 0 | D54: =IFERROR((D52/C52)-100%,0) -> 0 | E54: =IFERROR((E52/D52)-100%,0) -> 0 | F54: =IFERROR((F52/E52)-100%,0) -> 0
A56: // | B56: 1 | C56: 2 | D56: 3 | E56: 4 | F56: 5
A57: Clienti | B57: 0 | C57: 0 | D57: 0 | E57: 0 | F57: 0
A58: Prezzo medio | B58: 0 | C58: =B58 -> 0 | D58: =C58 -> 0 | E58: =D58 -> 0 | F58: =E58 -> 0
A59: Ricavi totali | B59: =B58*B57 -> 0 | C59: =C58*C57 -> 0 | D59: =D58*D57 -> 0 | E59: =E58*E57 -> 0 | F59: =F58*F57 -> 0
A60: Δ € | B60: // | C60: =C59-B59 -> 0 | D60: =D59-C59 -> 0 | E60: =E59-D59 -> 0 | F60: =F59-E59 -> 0
A61: Δ % | B61: // | C61: =IFERROR((C59/B59)-100%,0) -> 0 | D61: =IFERROR((D59/C59)-100%,0) -> 0 | E61: =IFERROR((E59/D59)-100%,0) -> 0 | F61: =IFERROR((F59/E59)-100%,0) -> 0
A63: // | B63: 1 | C63: 2 | D63: 3 | E63: 4 | F63: 5
A64: Altro | B64: 0 | C64: 0 | D64: 0 | E64: 0 | F64: 0
A65: Prezzo medio | B65: 0 | C65: =B65 -> 0 | D65: =C65 -> 0 | E65: =D65 -> 0 | F65: =E65 -> 0
A66: Ricavi totali | B66: =B65*B64 -> 0 | C66: =C65*C64 -> 0 | D66: =D65*D64 -> 0 | E66: =E65*E64 -> 0 | F66: =F65*F64 -> 0
A67: Δ € | B67: // | C67: =C66-B66 -> 0 | D67: =D66-C66 -> 0 | E67: =E66-D66 -> 0 | F67: =F66-E66 -> 0
A68: Δ % | B68: // | C68: =IFERROR((C66/B66)-100%,0) -> 0 | D68: =IFERROR((D66/C66)-100%,0) -> 0 | E68: =IFERROR((E66/D66)-100%,0) -> 0 | F68: =IFERROR((F66/E66)-100%,0) -> 0
A70: // | B70: 1 | C70: 2 | D70: 3 | E70: 4 | F70: 5
A71: Passaggi | B71: 0 | C71: 0 | D71: 0 | E71: 0 | F71: 0
A72: Scontrino medio | B72: 0 | C72: =B72 -> 0 | D72: =C72 -> 0 | E72: =D72 -> 0 | F72: =E72 -> 0
A73: Ricavi totali | B73: =B72*B71 -> 0 | C73: =C72*C71 -> 0 | D73: =D72*D71 -> 0 | E73: =E72*E71 -> 0 | F73: =F72*F71 -> 0
A74: Δ € | B74: // | C74: =C73-B73 -> 0 | D74: =D73-C73 -> 0 | E74: =E73-D73 -> 0 | F74: =F73-E73 -> 0
A75: Δ % | B75: // | C75: =IFERROR((C73/B73)-100%,0) -> 0 | D75: =IFERROR((D73/C73)-100%,0) -> 0 | E75: =IFERROR((E73/D73)-100%,0) -> 0 | F75: =IFERROR((F73/E73)-100%,0) -> 0
A77: // | B77: 1 | C77: 2 | D77: 3 | E77: 4 | F77: 5
A78: Passaggi | B78: 0 | C78: 0 | D78: 0 | E78: 0 | F78: 0
A79: Scontrino medio | B79: 0 | C79: =B79 -> 0 | D79: =C79 -> 0 | E79: =D79 -> 0 | F79: =E79 -> 0
A80: Ricavi totali | B80: =B79*B78 -> 0 | C80: =C79*C78 -> 0 | D80: =D79*D78 -> 0 | E80: =E79*E78 -> 0 | F80: =F79*F78 -> 0
A81: Δ € | B81: // | C81: =C80-B80 -> 0 | D81: =D80-C80 -> 0 | E81: =E80-D80 -> 0 | F81: =F80-E80 -> 0
A82: Δ % | B82: // | C82: =IFERROR((C80/B80)-100%,0) -> 0 | D82: =IFERROR((D80/C80)-100%,0) -> 0 | E82: =IFERROR((E80/D80)-100%,0) -> 0 | F82: =IFERROR((F80/E80)-100%,0) -> 0
A84: // | B84: 1 | C84: 2 | D84: 3 | E84: 4 | F84: 5
A85: Passaggi | B85: 0 | C85: 0 | D85: 0 | E85: 0 | F85: 0
A86: Scontrino medio | B86: 0 | C86: =B86 -> 0 | D86: =C86 -> 0 | E86: =D86 -> 0 | F86: =E86 -> 0
A87: Ricavi totali | B87: =B86*B85 -> 0 | C87: =C86*C85 -> 0 | D87: =D86*D85 -> 0 | E87: =E86*E85 -> 0 | F87: =F86*F85 -> 0
A88: Δ € | B88: // | C88: =C87-B87 -> 0 | D88: =D87-C87 -> 0 | E88: =E87-D87 -> 0 | F88: =F87-E87 -> 0
A89: Δ % | B89: // | C89: =IFERROR((C87/B87)-100%,0) -> 0 | D89: =IFERROR((D87/C87)-100%,0) -> 0 | E89: =IFERROR((E87/D87)-100%,0) -> 0 | F89: =IFERROR((F87/E87)-100%,0) -> 0
A91: Q Total | B91: =B5 -> 2025 | C91: =C5 -> 2026 | D91: =D5 -> 2027 | E91: =E5 -> 2028 | F91: =F5 -> 2029
A92: =A7 -> Revenues before lunch | B92: =B8 -> 30940 | C92: =C8 -> 32760 | D92: =D8 -> 34580 | E92: =E8 -> 36400 | F92: =F8 -> 38220
A93: =A14 -> Revenues during lunch | B93: =B15 -> 21840 | C93: =C15 -> 22932 | D93: =D15 -> 24024 | E93: =E15 -> 25116 | F93: =F15 -> 26208
A94: =A21 -> Revenues after lunch | B94: =B22 -> 29120 | C94: =C22 -> 30576 | D94: =D22 -> 32032 | E94: =E22 -> 33488 | F94: =F22 -> 34944
A95: =A28 -> Revenues during dinner | B95: =B29 -> 10192 | C95: =C29 -> 10192 | D95: =D29 -> 10192 | E95: =E29 -> 10192 | F95: =F29 -> 10192
A96: =A35 -> // | B96: =B36 -> 0 | C96: =C36 -> 0 | D96: =D36 -> 0 | E96: =E36 -> 0 | F96: =F36 -> 0
A97: =A42 -> // | B97: =B43 -> 0 | C97: =C43 -> 0 | D97: =D43 -> 0 | E97: =E43 -> 0 | F97: =F43 -> 0
A98: =A49 -> // | B98: =B50 -> 0 | C98: =C50 -> 0 | D98: =D50 -> 0 | E98: =E50 -> 0 | F98: =F50 -> 0
A99: =A56 -> // | B99: =B57 -> 0 | C99: =C57 -> 0 | D99: =D57 -> 0 | E99: =E57 -> 0 | F99: =F57 -> 0
A100: =A63 -> // | B100: =B64 -> 0 | C100: =C64 -> 0 | D100: =D64 -> 0 | E100: =E64 -> 0 | F100: =F64 -> 0
A101: =A70 -> // | B101: =B71 -> 0 | C101: =C71 -> 0 | D101: =D71 -> 0 | E101: =E71 -> 0 | F101: =F71 -> 0
A102: =A77 -> // | B102: =B78 -> 0 | C102: =C78 -> 0 | D102: =D78 -> 0 | E102: =E78 -> 0 | F102: =F78 -> 0
A103: =A84 -> // | B103: =B85 -> 0 | C103: =C85 -> 0 | D103: =D85 -> 0 | E103: =E85 -> 0 | F103: =F85 -> 0
A104: Total | B104: =SUM(B92:B103) -> 92092 | C104: =SUM(C92:C103) -> 96460 | D104: =SUM(D92:D103) -> 100828 | E104: =SUM(E92:E103) -> 105196 | F104: =SUM(F92:F103) -> 109564
A106: Total Revenues | B106: =B5 -> 2025 | C106: =C5 -> 2026 | D106: =D5 -> 2027 | E106: =E5 -> 2028 | F106: =F5 -> 2029
A107: =A92 -> Revenues before lunch | B107: =IFERROR(B10,0) -> 365654.55 | C107: =IFERROR(C10,0) -> 394906.91 | D107: =IFERROR(D10,0) -> 425183.11 | E107: =IFERROR(E10,0) -> 456512.39 | F107: =IFERROR(F10,0) -> 488924.77
A108: =A93 -> Revenues during lunch | B108: =IFERROR(B17,0) -> 258109.09 | C108: =IFERROR(C17,0) -> 276434.84 | D108: =IFERROR(D17,0) -> 295390.37 | E108: =IFERROR(E17,0) -> 314993.55 | F108: =IFERROR(F17,0) -> 335262.7
A109: =A94 -> Revenues after lunch | B109: =IFERROR(B24,0) -> 92654.545 | C109: =IFERROR(C24,0) -> 99233.018 | D109: =IFERROR(D24,0) -> 106037.57 | E109: =IFERROR(E24,0) -> 113074.61 | F109: =IFERROR(F24,0) -> 120350.71
A110: =A95 -> Revenues during dinner | B110: =IFERROR(B31,0) -> 37061.818 | C110: =IFERROR(C31,0) -> 37803.055 | D110: =IFERROR(D31,0) -> 38559.116 | E110: =IFERROR(E31,0) -> 39330.298 | F110: =IFERROR(F31,0) -> 40116.904
A111: =A96 -> // | B111: =IFERROR(B38,0) -> 0 | C111: =IFERROR(C38,0) -> 0 | D111: =IFERROR(D38,0) -> 0 | E111: =IFERROR(E38,0) -> 0 | F111: =IFERROR(F38,0) -> 0
A112: =A97 -> // | B112: =IFERROR(B45,0) -> 0 | C112: =IFERROR(C45,0) -> 0 | D112: =IFERROR(D45,0) -> 0 | E112: =IFERROR(E45,0) -> 0 | F112: =IFERROR(F45,0) -> 0
A113: =A98 -> // | B113: =IFERROR(B52,0) -> 0 | C113: =IFERROR(C52,0) -> 0 | D113: =IFERROR(D52,0) -> 0 | E113: =IFERROR(E52,0) -> 0 | F113: =IFERROR(F52,0) -> 0
A114: =A99 -> // | B114: =IFERROR(B59,0) -> 0 | C114: =IFERROR(C59,0) -> 0 | D114: =IFERROR(D59,0) -> 0 | E114: =IFERROR(E59,0) -> 0 | F114: =IFERROR(F59,0) -> 0
A115: =A100 -> // | B115: =IFERROR(B66,0) -> 0 | C115: =IFERROR(C66,0) -> 0 | D115: =IFERROR(D66,0) -> 0 | E115: =IFERROR(E66,0) -> 0 | F115: =IFERROR(F66,0) -> 0
...

Sheet W. Month
A1: =Menù!D3 -> Trovato 1929
A2: =Menù!A2 -> Budget e Business Plan
B3: Budget | E3: Monthly analisys | K3: View | M3: Ricavi generati
A5: Historical sales trend | B5: January | C5: February | D5: March | E5: April | F5: May | G5: June | H5: July | I5: August | J5: September | K5: October | L5: November | M5: December | N5: Sum | O5: Check
A6: =Menù!K3-1 -> 2024 | B6: 0.078086276 | C6: 0.075844659 | D6: 0.084605064 | E6: 0.083665833 | F6: 0.087751492 | G6: 0.08965313 | H6: 0.099258962 | I6: 0.097075092 | J6: 0.081999006 | K6: 0.08086342 | L6: 0.069006018 | M6: 0.072191047 | N6: =SUM(B6:M6) -> 1 | O6: =IF(N6=100%,"Ok","Da verificare") -> Ok
A7: =A6-1 -> 2023 | B7: 0.078086276 | C7: 0.075844659 | D7: 0.084605064 | E7: 0.083665833 | F7: 0.087751492 | G7: 0.08965313 | H7: 0.099258962 | I7: 0.097075092 | J7: 0.081999006 | K7: 0.08086342 | L7: 0.069006018 | M7: 0.072191047 | N7: =SUM(B7:M7) -> 1 | O7: =IF(N7=100%,"Ok","Da verificare") -> Ok
A8: =A7-1 -> 2022 | B8: 0.078086276 | C8: 0.075844659 | D8: 0.084605064 | E8: 0.083665833 | F8: 0.087751492 | G8: 0.08965313 | H8: 0.099258962 | I8: 0.097075092 | J8: 0.081999006 | K8: 0.08086342 | L8: 0.069006018 | M8: 0.072191047 | N8: =SUM(B8:M8) -> 1 | O8: =IF(N8=100%,"Ok","Da verificare") -> Ok
A9: =A8-1 -> 2021 | B9: 0.078086276 | C9: 0.075844659 | D9: 0.084605064 | E9: 0.083665833 | F9: 0.087751492 | G9: 0.08965313 | H9: 0.099258962 | I9: 0.097075092 | J9: 0.081999006 | K9: 0.08086342 | L9: 0.069006018 | M9: 0.072191047 | N9: =SUM(B9:M9) -> 1 | O9: =IF(N9=100%,"Ok","Da verificare") -> Ok
A10: Average | B10: =AVERAGE(B6:B9) -> 0.078086276 | C10: =AVERAGE(C6:C9) -> 0.075844659 | D10: =AVERAGE(D6:D9) -> 0.084605064 | E10: =AVERAGE(E6:E9) -> 0.083665833 | F10: =AVERAGE(F6:F9) -> 0.087751492 | G10: =AVERAGE(G6:G9) -> 0.08965313 | H10: =AVERAGE(H6:H9) -> 0.099258962 | I10: =AVERAGE(I6:I9) -> 0.097075092 | ... M10: =AVERAGE(M6:M9) -> 0.072191047 | N10: =SUM(B10:M10) -> 1 | O10: =IF(N10=100%,"Ok","Da verificare") -> Ok
A11: Varianza | B11: =VAR(B6:B9) -> 0 | C11: =VAR(C6:C9) -> 0 | D11: =VAR(D6:D9) -> 0 | E11: =VAR(E6:E9) -> 0 | F11: =VAR(F6:F9) -> 0 | G11: =VAR(G6:G9) -> 0 | H11: =VAR(H6:H9) -> 0 | I11: =VAR(I6:I9) -> 0 | ... N11: =VAR(N6:N9) -> 0 | O11: //
A13: ='W Plur.'!B5 -> 2025 | B13: =B5 -> January | C13: =C5 -> February | D13: =D5 -> March | E13: =E5 -> April | F13: =F5 -> May | G13: =G5 -> June | H13: =H5 -> July | I13: =I5 -> August | ... N13: =N5 -> Sum | O13: DSO
A14: ='W Plur.'!A107 -> Revenues before lunch | B14: =IF($M$3="Quantità vendute",'W Plur.'!$B92*'W. Month'!B$10,IF($M$3="Ricavi Generati",'W Plur.'!$B107*'W. Month'!B$10)) -> 28552.602 | C14: =IF($M$3="Quantità vendute",'W Plur.'!$B92*'W. Month'!C$10,IF($M$3="Ricavi Generati",'W Plur.'!$B107*'W. Month'!C$10)) -> 27732.944 | D14: =IF($M$3="Quantità vendute",'W Plur.'!$B92*'W. Month'!D$10,IF($M$3="Ricavi Generati",'W Plur.'!$B107*'W. Month'!D$10)) -> 30936.226 | E14: =IF($M$3="Quantità vendute",'W Plur.'!$B92*'W. Month'!E$10,IF($M$3="Ricavi Generati",'W Plur.'!$B107*'W. Month'!E$10)) -> 30592.792 | F14: =IF($M$3="Quantità vendute",'W Plur.'!$B92*'W. Month'!F$10,IF($M$3="Ricavi Generati",'W Plur.'!$B107*'W. Month'!F$10)) -> 32086.732 | G14: =IF($M$3="Quantità vendute",'W Plur.'!$B92*'W. Month'!G$10,IF($M$3="Ricavi Generati",'W Plur.'!$B107*'W. Month'!G$10)) -> 32782.075 | H14: =IF($M$3="Quantità vendute",'W Plur.'!$B92*'W. Month'!H$10,IF($M$3="Ricavi Generati",'W Plur.'!$B107*'W. Month'!H$10)) -> 36294.491 | I14: =IF($M$3="Quantità vendute",'W Plur.'!$B92*'W. Month'!I$10,IF($M$3="Ricavi Generati",'W Plur.'!$B107*'W. Month'!I$10)) -> 35495.949 | ... M14: =IF($M$3="Quantità vendute",'W Plur.'!$B92*'W. Month'!M$10,IF($M$3="Ricavi Generati",'W Plur.'!$B107*'W. Month'!M$10)) -> 26396.985 | N14: =SUM(B14:M14) -> 365654.55 | O14: ='Controll Panel'!B7 -> 0
A15: ='W Plur.'!A108 -> Revenues during lunch | B15: =IF($M$3="Quantità vendute",'W Plur.'!$B93*'W. Month'!B$10,IF($M$3="Ricavi Generati",'W Plur.'!$B108*'W. Month'!B$10)) -> 20154.778 | C15: =IF($M$3="Quantità vendute",'W Plur.'!$B93*'W. Month'!C$10,IF($M$3="Ricavi Generati",'W Plur.'!$B108*'W. Month'!C$10)) -> 19576.196 | D15: =IF($M$3="Quantità vendute",'W Plur.'!$B93*'W. Month'!D$10,IF($M$3="Ricavi Generati",'W Plur.'!$B108*'W. Month'!D$10)) -> 21837.336 | E15: =IF($M$3="Quantità vendute",'W Plur.'!$B93*'W. Month'!E$10,IF($M$3="Ricavi Generati",'W Plur.'!$B108*'W. Month'!E$10)) -> 21594.912 | F15: =IF($M$3="Quantità vendute",'W Plur.'!$B93*'W. Month'!F$10,IF($M$3="Ricavi Generati",'W Plur.'!$B108*'W. Month'!F$10)) -> 22649.458 | G15: =IF($M$3="Quantità vendute",'W Plur.'!$B93*'W. Month'!G$10,IF($M$3="Ricavi Generati",'W Plur.'!$B108*'W. Month'!G$10)) -> 23140.288 | H15: =IF($M$3="Quantità vendute",'W Plur.'!$B93*'W. Month'!H$10,IF($M$3="Ricavi Generati",'W Plur.'!$B108*'W. Month'!H$10)) -> 25619.641 | I15: =IF($M$3="Quantità vendute",'W Plur.'!$B93*'W. Month'!I$10,IF($M$3="Ricavi Generati",'W Plur.'!$B108*'W. Month'!I$10)) -> 25055.964 | ... M15: =IF($M$3="Quantità vendute",'W Plur.'!$B93*'W. Month'!M$10,IF($M$3="Ricavi Generati",'W Plur.'!$B108*'W. Month'!M$10)) -> 18633.166 | N15: =SUM(B15:M15) -> 258109.09 | O15: =O14 -> 0
A16: ='W Plur.'!A109 -> Revenues after lunch | B16: =IF($M$3="Quantità vendute",'W Plur.'!$B94*'W. Month'!B$10,IF($M$3="Ricavi Generati",'W Plur.'!$B109*'W. Month'!B$10)) -> 7235.0484 | C16: =IF($M$3="Quantità vendute",'W Plur.'!$B94*'W. Month'!C$10,IF($M$3="Ricavi Generati",'W Plur.'!$B109*'W. Month'!C$10)) -> 7027.3524 | D16: =IF($M$3="Quantità vendute",'W Plur.'!$B94*'W. Month'!D$10,IF($M$3="Ricavi Generati",'W Plur.'!$B109*'W. Month'!D$10)) -> 7839.0437 | E16: =IF($M$3="Quantità vendute",'W Plur.'!$B94*'W. Month'!E$10,IF($M$3="Ricavi Generati",'W Plur.'!$B109*'W. Month'!E$10)) -> 7752.0198 | F16: =IF($M$3="Quantità vendute",'W Plur.'!$B94*'W. Month'!F$10,IF($M$3="Ricavi Generati",'W Plur.'!$B109*'W. Month'!F$10)) -> 8130.5746 | G16: =IF($M$3="Quantità vendute",'W Plur.'!$B94*'W. Month'!G$10,IF($M$3="Ricavi Generati",'W Plur.'!$B109*'W. Month'!G$10)) -> 8306.77 | H16: =IF($M$3="Quantità vendute",'W Plur.'!$B94*'W. Month'!H$10,IF($M$3="Ricavi Generati",'W Plur.'!$B109*'W. Month'!H$10)) -> 9196.794 | I16: =IF($M$3="Quantità vendute",'W Plur.'!$B94*'W. Month'!I$10,IF($M$3="Ricavi Generati",'W Plur.'!$B109*'W. Month'!I$10)) -> 8994.4485 | ... M16: =IF($M$3="Quantità vendute",'W Plur.'!$B94*'W. Month'!M$10,IF($M$3="Ricavi Generati",'W Plur.'!$B109*'W. Month'!M$10)) -> 6688.8287 | N16: =SUM(B16:M16) -> 92654.545 | O16: =O15 -> 0
A17: ='W Plur.'!A110 -> Revenues during dinner | B17: =IF($M$3="Quantità vendute",'W Plur.'!$B95*'W. Month'!B$10,IF($M$3="Ricavi Generati",'W Plur.'!$B110*'W. Month'!B$10)) -> 2894.0194 | C17: =IF($M$3="Quantità vendute",'W Plur.'!$B95*'W. Month'!C$10,IF($M$3="Ricavi Generati",'W Plur.'!$B110*'W. Month'!C$10)) -> 2810.9409 | D17: =IF($M$3="Quantità vendute",'W Plur.'!$B95*'W. Month'!D$10,IF($M$3="Ricavi Generati",'W Plur.'!$B110*'W. Month'!D$10)) -> 3135.6175 | E17: =IF($M$3="Quantità vendute",'W Plur.'!$B95*'W. Month'!E$10,IF($M$3="Ricavi Generati",'W Plur.'!$B110*'W. Month'!E$10)) -> 3100.8079 | F17: =IF($M$3="Quantità vendute",'W Plur.'!$B95*'W. Month'!F$10,IF($M$3="Ricavi Generati",'W Plur.'!$B110*'W. Month'!F$10)) -> 3252.2298 | G17: =IF($M$3="Quantità vendute",'W Plur.'!$B95*'W. Month'!G$10,IF($M$3="Ricavi Generati",'W Plur.'!$B110*'W. Month'!G$10)) -> 3322.708 | H17: =IF($M$3="Quantità vendute",'W Plur.'!$B95*'W. Month'!H$10,IF($M$3="Ricavi Generati",'W Plur.'!$B110*'W. Month'!H$10)) -> 3678.7176 | I17: =IF($M$3="Quantità vendute",'W Plur.'!$B95*'W. Month'!I$10,IF($M$3="Ricavi Generati",'W Plur.'!$B110*'W. Month'!I$10)) -> 3597.7794 | ... M17: =IF($M$3="Quantità vendute",'W Plur.'!$B95*'W. Month'!M$10,IF($M$3="Ricavi Generati",'W Plur.'!$B110*'W. Month'!M$10)) -> 2675.5315 | N17: =SUM(B17:M17) -> 37061.818 | O17: =O16 -> 0
A18: ='W Plur.'!A111 -> // | B18: =IF($M$3="Quantità vendute",'W Plur.'!$B96*'W. Month'!B$10,IF($M$3="Ricavi Generati",'W Plur.'!$B111*'W. Month'!B$10)) -> 0 | C18: =IF($M$3="Quantità vendute",'W Plur.'!$B96*'W. Month'!C$10,IF($M$3="Ricavi Generati",'W Plur.'!$B111*'W. Month'!C$10)) -> 0 | D18: =IF($M$3="Quantità vendute",'W Plur.'!$B96*'W. Month'!D$10,IF($M$3="Ricavi Generati",'W Plur.'!$B111*'W. Month'!D$10)) -> 0 | E18: =IF($M$3="Quantità vendute",'W Plur.'!$B96*'W. Month'!E$10,IF($M$3="Ricavi Generati",'W Plur.'!$B111*'W. Month'!E$10)) -> 0 | F18: =IF($M$3="Quantità vendute",'W Plur.'!$B96*'W. Month'!F$10,IF($M$3="Ricavi Generati",'W Plur.'!$B111*'W. Month'!F$10)) -> 0 | G18: =IF($M$3="Quantità vendute",'W Plur.'!$B96*'W. Month'!G$10,IF($M$3="Ricavi Generati",'W Plur.'!$B111*'W. Month'!G$10)) -> 0 | H18: =IF($M$3="Quantità vendute",'W Plur.'!$B96*'W. Month'!H$10,IF($M$3="Ricavi Generati",'W Plur.'!$B111*'W. Month'!H$10)) -> 0 | I18: =IF($M$3="Quantità vendute",'W Plur.'!$B96*'W. Month'!I$10,IF($M$3="Ricavi Generati",'W Plur.'!$B111*'W. Month'!I$10)) -> 0 | ... M18: =IF($M$3="Quantità vendute",'W Plur.'!$B96*'W. Month'!M$10,IF($M$3="Ricavi Generati",'W Plur.'!$B111*'W. Month'!M$10)) -> 0 | N18: =SUM(B18:M18) -> 0 | O18: =O17 -> 0
A19: ='W Plur.'!A112 -> // | B19: =IF($M$3="Quantità vendute",'W Plur.'!$B97*'W. Month'!B$10,IF($M$3="Ricavi Generati",'W Plur.'!$B112*'W. Month'!B$10)) -> 0 | C19: =IF($M$3="Quantità vendute",'W Plur.'!$B97*'W. Month'!C$10,IF($M$3="Ricavi Generati",'W Plur.'!$B112*'W. Month'!C$10)) -> 0 | D19: =IF($M$3="Quantità vendute",'W Plur.'!$B97*'W. Month'!D$10,IF($M$3="Ricavi Generati",'W Plur.'!$B112*'W. Month'!D$10)) -> 0 | E19: =IF($M$3="Quantità vendute",'W Plur.'!$B97*'W. Month'!E$10,IF($M$3="Ricavi Generati",'W Plur.'!$B112*'W. Month'!E$10)) -> 0 | F19: =IF($M$3="Quantità vendute",'W Plur.'!$B97*'W. Month'!F$10,IF($M$3="Ricavi Generati",'W Plur.'!$B112*'W. Month'!F$10)) -> 0 | G19: =IF($M$3="Quantità vendute",'W Plur.'!$B97*'W. Month'!G$10,IF($M$3="Ricavi Generati",'W Plur.'!$B112*'W. Month'!G$10)) -> 0 | H19: =IF($M$3="Quantità vendute",'W Plur.'!$B97*'W. Month'!H$10,IF($M$3="Ricavi Generati",'W Plur.'!$B112*'W. Month'!H$10)) -> 0 | I19: =IF($M$3="Quantità vendute",'W Plur.'!$B97*'W. Month'!I$10,IF($M$3="Ricavi Generati",'W Plur.'!$B112*'W. Month'!I$10)) -> 0 | ... M19: =IF($M$3="Quantità vendute",'W Plur.'!$B97*'W. Month'!M$10,IF($M$3="Ricavi Generati",'W Plur.'!$B112*'W. Month'!M$10)) -> 0 | N19: =SUM(B19:M19) -> 0 | O19: =O18 -> 0
A20: ='W Plur.'!A113 -> // | B20: =IF($M$3="Quantità vendute",'W Plur.'!$B98*'W. Month'!B$10,IF($M$3="Ricavi Generati",'W Plur.'!$B113*'W. Month'!B$10)) -> 0 | C20: =IF($M$3="Quantità vendute",'W Plur.'!$B98*'W. Month'!C$10,IF($M$3="Ricavi Generati",'W Plur.'!$B113*'W. Month'!C$10)) -> 0 | D20: =IF($M$3="Quantità vendute",'W Plur.'!$B98*'W. Month'!D$10,IF($M$3="Ricavi Generati",'W Plur.'!$B113*'W. Month'!D$10)) -> 0 | E20: =IF($M$3="Quantità vendute",'W Plur.'!$B98*'W. Month'!E$10,IF($M$3="Ricavi Generati",'W Plur.'!$B113*'W. Month'!E$10)) -> 0 | F20: =IF($M$3="Quantità vendute",'W Plur.'!$B98*'W. Month'!F$10,IF($M$3="Ricavi Generati",'W Plur.'!$B113*'W. Month'!F$10)) -> 0 | G20: =IF($M$3="Quantità vendute",'W Plur.'!$B98*'W. Month'!G$10,IF($M$3="Ricavi Generati",'W Plur.'!$B113*'W. Month'!G$10)) -> 0 | H20: =IF($M$3="Quantità vendute",'W Plur.'!$B98*'W. Month'!H$10,IF($M$3="Ricavi Generati",'W Plur.'!$B113*'W. Month'!H$10)) -> 0 | I20: =IF($M$3="Quantità vendute",'W Plur.'!$B98*'W. Month'!I$10,IF($M$3="Ricavi Generati",'W Plur.'!$B113*'W. Month'!I$10)) -> 0 | ... M20: =IF($M$3="Quantità vendute",'W Plur.'!$B98*'W. Month'!M$10,IF($M$3="Ricavi Generati",'W Plur.'!$B113*'W. Month'!M$10)) -> 0 | N20: =SUM(B20:M20) -> 0 | O20: =O19 -> 0
A21: ='W Plur.'!A114 -> // | B21: =IF($M$3="Quantità vendute",'W Plur.'!$B99*'W. Month'!B$10,IF($M$3="Ricavi Generati",'W Plur.'!$B114*'W. Month'!B$10)) -> 0 | C21: =IF($M$3="Quantità vendute",'W Plur.'!$B99*'W. Month'!C$10,IF($M$3="Ricavi Generati",'W Plur.'!$B114*'W. Month'!C$10)) -> 0 | D21: =IF($M$3="Quantità vendute",'W Plur.'!$B99*'W. Month'!D$10,IF($M$3="Ricavi Generati",'W Plur.'!$B114*'W. Month'!D$10)) -> 0 | E21: =IF($M$3="Quantità vendute",'W Plur.'!$B99*'W. Month'!E$10,IF($M$3="Ricavi Generati",'W Plur.'!$B114*'W. Month'!E$10)) -> 0 | F21: =IF($M$3="Quantità vendute",'W Plur.'!$B99*'W. Month'!F$10,IF($M$3="Ricavi Generati",'W Plur.'!$B114*'W. Month'!F$10)) -> 0 | G21: =IF($M$3="Quantità vendute",'W Plur.'!$B99*'W. Month'!G$10,IF($M$3="Ricavi Generati",'W Plur.'!$B114*'W. Month'!G$10)) -> 0 | H21: =IF($M$3="Quantità vendute",'W Plur.'!$B99*'W. Month'!H$10,IF($M$3="Ricavi Generati",'W Plur.'!$B114*'W. Month'!H$10)) -> 0 | I21: =IF($M$3="Quantità vendute",'W Plur.'!$B99*'W. Month'!I$10,IF($M$3="Ricavi Generati",'W Plur.'!$B114*'W. Month'!I$10)) -> 0 | ... M21: =IF($M$3="Quantità vendute",'W Plur.'!$B99*'W. Month'!M$10,IF($M$3="Ricavi Generati",'W Plur.'!$B114*'W. Month'!M$10)) -> 0 | N21: =SUM(B21:M21) -> 0 | O21: =O20 -> 0
A22: ='W Plur.'!A115 -> // | B22: =IF($M$3="Quantità vendute",'W Plur.'!$B100*'W. Month'!B$10,IF($M$3="Ricavi Generati",'W Plur.'!$B115*'W. Month'!B$10)) -> 0 | C22: =IF($M$3="Quantità vendute",'W Plur.'!$B100*'W. Month'!C$10,IF($M$3="Ricavi Generati",'W Plur.'!$B115*'W. Month'!C$10)) -> 0 | D22: =IF($M$3="Quantità vendute",'W Plur.'!$B100*'W. Month'!D$10,IF($M$3="Ricavi Generati",'W Plur.'!$B115*'W. Month'!D$10)) -> 0 | E22: =IF($M$3="Quantità vendute",'W Plur.'!$B100*'W. Month'!E$10,IF($M$3="Ricavi Generati",'W Plur.'!$B115*'W. Month'!E$10)) -> 0 | F22: =IF($M$3="Quantità vendute",'W Plur.'!$B100*'W. Month'!F$10,IF($M$3="Ricavi Generati",'W Plur.'!$B115*'W. Month'!F$10)) -> 0 | G22: =IF($M$3="Quantità vendute",'W Plur.'!$B100*'W. Month'!G$10,IF($M$3="Ricavi Generati",'W Plur.'!$B115*'W. Month'!G$10)) -> 0 | H22: =IF($M$3="Quantità vendute",'W Plur.'!$B100*'W. Month'!H$10,IF($M$3="Ricavi Generati",'W Plur.'!$B115*'W. Month'!H$10)) -> 0 | I22: =IF($M$3="Quantità vendute",'W Plur.'!$B100*'W. Month'!I$10,IF($M$3="Ricavi Generati",'W Plur.'!$B115*'W. Month'!I$10)) -> 0 | ... M22: =IF($M$3="Quantità vendute",'W Plur.'!$B100*'W. Month'!M$10,IF($M$3="Ricavi Generati",'W Plur.'!$B115*'W. Month'!M$10)) -> 0 | N22: =SUM(B22:M22) -> 0 | O22: =O21 -> 0
A23: ='W Plur.'!A116 -> // | B23: =IF($M$3="Quantità vendute",'W Plur.'!$B101*'W. Month'!B$10,IF($M$3="Ricavi Generati",'W Plur.'!$B116*'W. Month'!B$10)) -> 0 | C23: =IF($M$3="Quantità vendute",'W Plur.'!$B101*'W. Month'!C$10,IF($M$3="Ricavi Generati",'W Plur.'!$B116*'W. Month'!C$10)) -> 0 | D23: =IF($M$3="Quantità vendute",'W Plur.'!$B101*'W. Month'!D$10,IF($M$3="Ricavi Generati",'W Plur.'!$B116*'W. Month'!D$10)) -> 0 | E23: =IF($M$3="Quantità vendute",'W Plur.'!$B101*'W. Month'!E$10,IF($M$3="Ricavi Generati",'W Plur.'!$B116*'W. Month'!E$10)) -> 0 | F23: =IF($M$3="Quantità vendute",'W Plur.'!$B101*'W. Month'!F$10,IF($M$3="Ricavi Generati",'W Plur.'!$B116*'W. Month'!F$10)) -> 0 | G23: =IF($M$3="Quantità vendute",'W Plur.'!$B101*'W. Month'!G$10,IF($M$3="Ricavi Generati",'W Plur.'!$B116*'W. Month'!G$10)) -> 0 | H23: =IF($M$3="Quantità vendute",'W Plur.'!$B101*'W. Month'!H$10,IF($M$3="Ricavi Generati",'W Plur.'!$B116*'W. Month'!H$10)) -> 0 | I23: =IF($M$3="Quantità vendute",'W Plur.'!$B101*'W. Month'!I$10,IF($M$3="Ricavi Generati",'W Plur.'!$B116*'W. Month'!I$10)) -> 0 | ... M23: =IF($M$3="Quantità vendute",'W Plur.'!$B101*'W. Month'!M$10,IF($M$3="Ricavi Generati",'W Plur.'!$B116*'W. Month'!M$10)) -> 0 | N23: =SUM(B23:M23) -> 0 | O23: =O22 -> 0
A24: ='W Plur.'!A117 -> // | B24: =IF($M$3="Quantità vendute",'W Plur.'!$B102*'W. Month'!B$10,IF($M$3="Ricavi Generati",'W Plur.'!$B117*'W. Month'!B$10)) -> 0 | C24: =IF($M$3="Quantità vendute",'W Plur.'!$B102*'W. Month'!C$10,IF($M$3="Ricavi Generati",'W Plur.'!$B117*'W. Month'!C$10)) -> 0 | D24: =IF($M$3="Quantità vendute",'W Plur.'!$B102*'W. Month'!D$10,IF($M$3="Ricavi Generati",'W Plur.'!$B117*'W. Month'!D$10)) -> 0 | E24: =IF($M$3="Quantità vendute",'W Plur.'!$B102*'W. Month'!E$10,IF($M$3="Ricavi Generati",'W Plur.'!$B117*'W. Month'!E$10)) -> 0 | F24: =IF($M$3="Quantità vendute",'W Plur.'!$B102*'W. Month'!F$10,IF($M$3="Ricavi Generati",'W Plur.'!$B117*'W. Month'!F$10)) -> 0 | G24: =IF($M$3="Quantità vendute",'W Plur.'!$B102*'W. Month'!G$10,IF($M$3="Ricavi Generati",'W Plur.'!$B117*'W. Month'!G$10)) -> 0 | H24: =IF($M$3="Quantità vendute",'W Plur.'!$B102*'W. Month'!H$10,IF($M$3="Ricavi Generati",'W Plur.'!$B117*'W. Month'!H$10)) -> 0 | I24: =IF($M$3="Quantità vendute",'W Plur.'!$B102*'W. Month'!I$10,IF($M$3="Ricavi Generati",'W Plur.'!$B117*'W. Month'!I$10)) -> 0 | ... M24: =IF($M$3="Quantità vendute",'W Plur.'!$B102*'W. Month'!M$10,IF($M$3="Ricavi Generati",'W Plur.'!$B117*'W. Month'!M$10)) -> 0 | N24: =SUM(B24:M24) -> 0 | O24: =O23 -> 0
A25: ='W Plur.'!A118 -> // | B25: =IF($M$3="Quantità vendute",'W Plur.'!$B103*'W. Month'!B$10,IF($M$3="Ricavi Generati",'W Plur.'!$B118*'W. Month'!B$10)) -> 0 | C25: =IF($M$3="Quantità vendute",'W Plur.'!$B103*'W. Month'!C$10,IF($M$3="Ricavi Generati",'W Plur.'!$B118*'W. Month'!C$10)) -> 0 | D25: =IF($M$3="Quantità vendute",'W Plur.'!$B103*'W. Month'!D$10,IF($M$3="Ricavi Generati",'W Plur.'!$B118*'W. Month'!D$10)) -> 0 | E25: =IF($M$3="Quantità vendute",'W Plur.'!$B103*'W. Month'!E$10,IF($M$3="Ricavi Generati",'W Plur.'!$B118*'W. Month'!E$10)) -> 0 | F25: =IF($M$3="Quantità vendute",'W Plur.'!$B103*'W. Month'!F$10,IF($M$3="Ricavi Generati",'W Plur.'!$B118*'W. Month'!F$10)) -> 0 | G25: =IF($M$3="Quantità vendute",'W Plur.'!$B103*'W. Month'!G$10,IF($M$3="Ricavi Generati",'W Plur.'!$B118*'W. Month'!G$10)) -> 0 | H25: =IF($M$3="Quantità vendute",'W Plur.'!$B103*'W. Month'!H$10,IF($M$3="Ricavi Generati",'W Plur.'!$B118*'W. Month'!H$10)) -> 0 | I25: =IF($M$3="Quantità vendute",'W Plur.'!$B103*'W. Month'!I$10,IF($M$3="Ricavi Generati",'W Plur.'!$B118*'W. Month'!I$10)) -> 0 | ... M25: =IF($M$3="Quantità vendute",'W Plur.'!$B103*'W. Month'!M$10,IF($M$3="Ricavi Generati",'W Plur.'!$B118*'W. Month'!M$10)) -> 0 | N25: =SUM(B25:M25) -> 0 | O25: =O24 -> 0
A26: ='W Plur.'!A119 -> Total | B26: =SUM(B14:B25) -> 58836.447 | C26: =SUM(C14:C25) -> 57147.433 | D26: =SUM(D14:D25) -> 63748.224 | E26: =SUM(E14:E25) -> 63040.532 | F26: =SUM(F14:F25) -> 66118.994 | G26: =SUM(G14:G25) -> 67551.841 | H26: =SUM(H14:H25) -> 74789.643 | I26: =SUM(I14:I25) -> 73144.14 | ... M26: =SUM(M14:M25) -> 54394.51 | N26: =SUM(B26:M26) -> 753480 | O26: =AVERAGE(O14:O25) -> 0
A28: ='W Plur.'!C5 -> 2026 | B28: =B13 -> January | C28: =C13 -> February | D28: =D13 -> March | E28: =E13 -> April | F28: =F13 -> May | G28: =G13 -> June | H28: =H13 -> July | I28: =I13 -> August | ... N28: =N13 -> Sum | O28: DSO
A29: =A14 -> Revenues before lunch | B29: =IF($M$3="Quantità vendute",'W Plur.'!$C92*'W. Month'!B$10,IF($M$3="Ricavi Generati",'W Plur.'!$C107*'W. Month'!B$10)) -> 30836.81 | C29: =IF($M$3="Quantità vendute",'W Plur.'!$C92*'W. Month'!C$10,IF($M$3="Ricavi Generati",'W Plur.'!$C107*'W. Month'!C$10)) -> 29951.58 | D29: =IF($M$3="Quantità vendute",'W Plur.'!$C92*'W. Month'!D$10,IF($M$3="Ricavi Generati",'W Plur.'!$C107*'W. Month'!D$10)) -> 33411.124 | E29: =IF($M$3="Quantità vendute",'W Plur.'!$C92*'W. Month'!E$10,IF($M$3="Ricavi Generati",'W Plur.'!$C107*'W. Month'!E$10)) -> 33040.216 | F29: =IF($M$3="Quantità vendute",'W Plur.'!$C92*'W. Month'!F$10,IF($M$3="Ricavi Generati",'W Plur.'!$C107*'W. Month'!F$10)) -> 34653.67 | G29: =IF($M$3="Quantità vendute",'W Plur.'!$C92*'W. Month'!G$10,IF($M$3="Ricavi Generati",'W Plur.'!$C107*'W. Month'!G$10)) -> 35404.641 | H29: =IF($M$3="Quantità vendute",'W Plur.'!$C92*'W. Month'!H$10,IF($M$3="Ricavi Generati",'W Plur.'!$C107*'W. Month'!H$10)) -> 39198.05 | I29: =IF($M$3="Quantità vendute",'W Plur.'!$C92*'W. Month'!I$10,IF($M$3="Ricavi Generati",'W Plur.'!$C107*'W. Month'!I$10)) -> 38335.625 | ... M29: =IF($M$3="Quantità vendute",'W Plur.'!$C92*'W. Month'!M$10,IF($M$3="Ricavi Generati",'W Plur.'!$C107*'W. Month'!M$10)) -> 28508.743 | N29: =SUM(B29:M29) -> 394906.91 | O29: ='Controll Panel'!C7 -> 0
A30: =A15 -> Revenues during lunch | B30: =IF($M$3="Quantità vendute",'W Plur.'!$C93*'W. Month'!B$10,IF($M$3="Ricavi Generati",'W Plur.'!$C108*'W. Month'!B$10)) -> 21585.767 | C30: =IF($M$3="Quantità vendute",'W Plur.'!$C93*'W. Month'!C$10,IF($M$3="Ricavi Generati",'W Plur.'!$C108*'W. Month'!C$10)) -> 20966.106 | D30: =IF($M$3="Quantità vendute",'W Plur.'!$C93*'W. Month'!D$10,IF($M$3="Ricavi Generati",'W Plur.'!$C108*'W. Month'!D$10)) -> 23387.787 | E30: =IF($M$3="Quantità vendute",'W Plur.'!$C93*'W. Month'!E$10,IF($M$3="Ricavi Generati",'W Plur.'!$C108*'W. Month'!E$10)) -> 23128.151 | F30: =IF($M$3="Quantità vendute",'W Plur.'!$C93*'W. Month'!F$10,IF($M$3="Ricavi Generati",'W Plur.'!$C108*'W. Month'!F$10)) -> 24257.569 | G30: =IF($M$3="Quantità vendute",'W Plur.'!$C93*'W. Month'!G$10,IF($M$3="Ricavi Generati",'W Plur.'!$C108*'W. Month'!G$10)) -> 24783.248 | H30: =IF($M$3="Quantità vendute",'W Plur.'!$C93*'W. Month'!H$10,IF($M$3="Ricavi Generati",'W Plur.'!$C108*'W. Month'!H$10)) -> 27438.635 | I30: =IF($M$3="Quantità vendute",'W Plur.'!$C93*'W. Month'!I$10,IF($M$3="Ricavi Generati",'W Plur.'!$C108*'W. Month'!I$10)) -> 26834.937 | ... M30: =IF($M$3="Quantità vendute",'W Plur.'!$C93*'W. Month'!M$10,IF($M$3="Ricavi Generati",'W Plur.'!$C108*'W. Month'!M$10)) -> 19956.12 | N30: =SUM(B30:M30) -> 276434.84 | O30: =O29 -> 0
A31: =A16 -> Revenues after lunch | B31: =IF($M$3="Quantità vendute",'W Plur.'!$C94*'W. Month'!B$10,IF($M$3="Ricavi Generati",'W Plur.'!$C109*'W. Month'!B$10)) -> 7748.7369 | C31: =IF($M$3="Quantità vendute",'W Plur.'!$C94*'W. Month'!C$10,IF($M$3="Ricavi Generati",'W Plur.'!$C109*'W. Month'!C$10)) -> 7526.2944 | D31: =IF($M$3="Quantità vendute",'W Plur.'!$C94*'W. Month'!D$10,IF($M$3="Ricavi Generati",'W Plur.'!$C109*'W. Month'!D$10)) -> 8395.6158 | E31: =IF($M$3="Quantità vendute",'W Plur.'!$C94*'W. Month'!E$10,IF($M$3="Ricavi Generati",'W Plur.'!$C109*'W. Month'!E$10)) -> 8302.4132 | F31: =IF($M$3="Quantità vendute",'W Plur.'!$C94*'W. Month'!F$10,IF($M$3="Ricavi Generati",'W Plur.'!$C109*'W. Month'!F$10)) -> 8707.8454 | G31: =IF($M$3="Quantità vendute",'W Plur.'!$C94*'W. Month'!G$10,IF($M$3="Ricavi Generati",'W Plur.'!$C109*'W. Month'!G$10)) -> 8896.5507 | H31: =IF($M$3="Quantità vendute",'W Plur.'!$C94*'W. Month'!H$10,IF($M$3="Ricavi Generati",'W Plur.'!$C109*'W. Month'!H$10)) -> 9849.7664 | I31: =IF($M$3="Quantità vendute",'W Plur.'!$C94*'W. Month'!I$10,IF($M$3="Ricavi Generati",'W Plur.'!$C109*'W. Month'!I$10)) -> 9633.0544 | ... M31: =IF($M$3="Quantità vendute",'W Plur.'!$C94*'W. Month'!M$10,IF($M$3="Ricavi Generati",'W Plur.'!$C109*'W. Month'!M$10)) -> 7163.7355 | N31: =SUM(B31:M31) -> 99233.018 | O31: =O30 -> 0
A32: =A17 -> Revenues during dinner | B32: =IF($M$3="Quantità vendute",'W Plur.'!$C95*'W. Month'!B$10,IF($M$3="Ricavi Generati",'W Plur.'!$C110*'W. Month'!B$10)) -> 2951.8998 | C32: =IF($M$3="Quantità vendute",'W Plur.'!$C95*'W. Month'!C$10,IF($M$3="Ricavi Generati",'W Plur.'!$C110*'W. Month'!C$10)) -> 2867.1598 | D32: =IF($M$3="Quantità vendute",'W Plur.'!$C95*'W. Month'!D$10,IF($M$3="Ricavi Generati",'W Plur.'!$C110*'W. Month'!D$10)) -> 3198.3298 | E32: =IF($M$3="Quantità vendute",'W Plur.'!$C95*'W. Month'!E$10,IF($M$3="Ricavi Generati",'W Plur.'!$C110*'W. Month'!E$10)) -> 3162.8241 | F32: =IF($M$3="Quantità vendute",'W Plur.'!$C95*'W. Month'!F$10,IF($M$3="Ricavi Generati",'W Plur.'!$C110*'W. Month'!F$10)) -> 3317.2744 | G32: =IF($M$3="Quantità vendute",'W Plur.'!$C95*'W. Month'!G$10,IF($M$3="Ricavi Generati",'W Plur.'!$C110*'W. Month'!G$10)) -> 3389.1622 | H32: =IF($M$3="Quantità vendute",'W Plur.'!$C95*'W. Month'!H$10,IF($M$3="Ricavi Generati",'W Plur.'!$C110*'W. Month'!H$10)) -> 3752.292 | I32: =IF($M$3="Quantità vendute",'W Plur.'!$C95*'W. Month'!I$10,IF($M$3="Ricavi Generati",'W Plur.'!$C110*'W. Month'!I$10)) -> 3669.735 | ... M32: =IF($M$3="Quantità vendute",'W Plur.'!$C95*'W. Month'!M$10,IF($M$3="Ricavi Generati",'W Plur.'!$C110*'W. Month'!M$10)) -> 2729.0421 | N32: =SUM(B32:M32) -> 37803.055 | O32: =O31 -> 0
A33: =A18 -> // | B33: =IF($M$3="Quantità vendute",'W Plur.'!$C96*'W. Month'!B$10,IF($M$3="Ricavi Generati",'W Plur.'!$C111*'W. Month'!B$10)) -> 0 | C33: =IF($M$3="Quantità vendute",'W Plur.'!$C96*'W. Month'!C$10,IF($M$3="Ricavi Generati",'W Plur.'!$C111*'W. Month'!C$10)) -> 0 | D33: =IF($M$3="Quantità vendute",'W Plur.'!$C96*'W. Month'!D$10,IF($M$3="Ricavi Generati",'W Plur.'!$C111*'W. Month'!D$10)) -> 0 | E33: =IF($M$3="Quantità vendute",'W Plur.'!$C96*'W. Month'!E$10,IF($M$3="Ricavi Generati",'W Plur.'!$C111*'W. Month'!E$10)) -> 0 | F33: =IF($M$3="Quantità vendute",'W Plur.'!$C96*'W. Month'!F$10,IF($M$3="Ricavi Generati",'W Plur.'!$C111*'W. Month'!F$10)) -> 0 | G33: =IF($M$3="Quantità vendute",'W Plur.'!$C96*'W. Month'!G$10,IF($M$3="Ricavi Generati",'W Plur.'!$C111*'W. Month'!G$10)) -> 0 | H33: =IF($M$3="Quantità vendute",'W Plur.'!$C96*'W. Month'!H$10,IF($M$3="Ricavi Generati",'W Plur.'!$C111*'W. Month'!H$10)) -> 0 | I33: =IF($M$3="Quantità vendute",'W Plur.'!$C96*'W. Month'!I$10,IF($M$3="Ricavi Generati",'W Plur.'!$C111*'W. Month'!I$10)) -> 0 | ... M33: =IF($M$3="Quantità vendute",'W Plur.'!$C96*'W. Month'!M$10,IF($M$3="Ricavi Generati",'W Plur.'!$C111*'W. Month'!M$10)) -> 0 | N33: =SUM(B33:M33) -> 0 | O33: =O32 -> 0
A34: =A19 -> // | B34: =IF($M$3="Quantità vendute",'W Plur.'!$C97*'W. Month'!B$10,IF($M$3="Ricavi Generati",'W Plur.'!$C112*'W. Month'!B$10)) -> 0 | C34: =IF($M$3="Quantità vendute",'W Plur.'!$C97*'W. Month'!C$10,IF($M$3="Ricavi Generati",'W Plur.'!$C112*'W. Month'!C$10)) -> 0 | D34: =IF($M$3="Quantità vendute",'W Plur.'!$C97*'W. Month'!D$10,IF($M$3="Ricavi Generati",'W Plur.'!$C112*'W. Month'!D$10)) -> 0 | E34: =IF($M$3="Quantità vendute",'W Plur.'!$C97*'W. Month'!E$10,IF($M$3="Ricavi Generati",'W Plur.'!$C112*'W. Month'!E$10)) -> 0 | F34: =IF($M$3="Quantità vendute",'W Plur.'!$C97*'W. Month'!F$10,IF($M$3="Ricavi Generati",'W Plur.'!$C112*'W. Month'!F$10)) -> 0 | G34: =IF($M$3="Quantità vendute",'W Plur.'!$C97*'W. Month'!G$10,IF($M$3="Ricavi Generati",'W Plur.'!$C112*'W. Month'!G$10)) -> 0 | H34: =IF($M$3="Quantità vendute",'W Plur.'!$C97*'W. Month'!H$10,IF($M$3="Ricavi Generati",'W Plur.'!$C112*'W. Month'!H$10)) -> 0 | I34: =IF($M$3="Quantità vendute",'W Plur.'!$C97*'W. Month'!I$10,IF($M$3="Ricavi Generati",'W Plur.'!$C112*'W. Month'!I$10)) -> 0 | ... M34: =IF($M$3="Quantità vendute",'W Plur.'!$C97*'W. Month'!M$10,IF($M$3="Ricavi Generati",'W Plur.'!$C112*'W. Month'!M$10)) -> 0 | N34: =SUM(B34:M34) -> 0 | O34: =O33 -> 0
A35: =A20 -> // | B35: =IF($M$3="Quantità vendute",'W Plur.'!$C98*'W. Month'!B$10,IF($M$3="Ricavi Generati",'W Plur.'!$C113*'W. Month'!B$10)) -> 0 | C35: =IF($M$3="Quantità vendute",'W Plur.'!$C98*'W. Month'!C$10,IF($M$3="Ricavi Generati",'W Plur.'!$C113*'W. Month'!C$10)) -> 0 | D35: =IF($M$3="Quantità vendute",'W Plur.'!$C98*'W. Month'!D$10,IF($M$3="Ricavi Generati",'W Plur.'!$C113*'W. Month'!D$10)) -> 0 | E35: =IF($M$3="Quantità vendute",'W Plur.'!$C98*'W. Month'!E$10,IF($M$3="Ricavi Generati",'W Plur.'!$C113*'W. Month'!E$10)) -> 0 | F35: =IF($M$3="Quantità vendute",'W Plur.'!$C98*'W. Month'!F$10,IF($M$3="Ricavi Generati",'W Plur.'!$C113*'W. Month'!F$10)) -> 0 | G35: =IF($M$3="Quantità vendute",'W Plur.'!$C98*'W. Month'!G$10,IF($M$3="Ricavi Generati",'W Plur.'!$C113*'W. Month'!G$10)) -> 0 | H35: =IF($M$3="Quantità vendute",'W Plur.'!$C98*'W. Month'!H$10,IF($M$3="Ricavi Generati",'W Plur.'!$C113*'W. Month'!H$10)) -> 0 | I35: =IF($M$3="Quantità vendute",'W Plur.'!$C98*'W. Month'!I$10,IF($M$3="Ricavi Generati",'W Plur.'!$C113*'W. Month'!I$10)) -> 0 | ... M35: =IF($M$3="Quantità vendute",'W Plur.'!$C98*'W. Month'!M$10,IF($M$3="Ricavi Generati",'W Plur.'!$C113*'W. Month'!M$10)) -> 0 | N35: =SUM(B35:M35) -> 0 | O35: =O34 -> 0
A36: =A21 -> // | B36: =IF($M$3="Quantità vendute",'W Plur.'!$C99*'W. Month'!B$10,IF($M$3="Ricavi Generati",'W Plur.'!$C114*'W. Month'!B$10)) -> 0 | C36: =IF($M$3="Quantità vendute",'W Plur.'!$C99*'W. Month'!C$10,IF($M$3="Ricavi Generati",'W Plur.'!$C114*'W. Month'!C$10)) -> 0 | D36: =IF($M$3="Quantità vendute",'W Plur.'!$C99*'W. Month'!D$10,IF($M$3="Ricavi Generati",'W Plur.'!$C114*'W. Month'!D$10)) -> 0 | E36: =IF($M$3="Quantità vendute",'W Plur.'!$C99*'W. Month'!E$10,IF($M$3="Ricavi Generati",'W Plur.'!$C114*'W. Month'!E$10)) -> 0 | F36: =IF($M$3="Quantità vendute",'W Plur.'!$C99*'W. Month'!F$10,IF($M$3="Ricavi Generati",'W Plur.'!$C114*'W. Month'!F$10)) -> 0 | G36: =IF($M$3="Quantità vendute",'W Plur.'!$C99*'W. Month'!G$10,IF($M$3="Ricavi Generati",'W Plur.'!$C114*'W. Month'!G$10)) -> 0 | H36: =IF($M$3="Quantità vendute",'W Plur.'!$C99*'W. Month'!H$10,IF($M$3="Ricavi Generati",'W Plur.'!$C114*'W. Month'!H$10)) -> 0 | I36: =IF($M$3="Quantità vendute",'W Plur.'!$C99*'W. Month'!I$10,IF($M$3="Ricavi Generati",'W Plur.'!$C114*'W. Month'!I$10)) -> 0 | ... M36: =IF($M$3="Quantità vendute",'W Plur.'!$C99*'W. Month'!M$10,IF($M$3="Ricavi Generati",'W Plur.'!$C114*'W. Month'!M$10)) -> 0 | N36: =SUM(B36:M36) -> 0 | O36: =O35 -> 0
A37: =A22 -> // | B37: =IF($M$3="Quantità vendute",'W Plur.'!$C100*'W. Month'!B$10,IF($M$3="Ricavi Generati",'W Plur.'!$C115*'W. Month'!B$10)) -> 0 | C37: =IF($M$3="Quantità vendute",'W Plur.'!$C100*'W. Month'!C$10,IF($M$3="Ricavi Generati",'W Plur.'!$C115*'W. Month'!C$10)) -> 0 | D37: =IF($M$3="Quantità vendute",'W Plur.'!$C100*'W. Month'!D$10,IF($M$3="Ricavi Generati",'W Plur.'!$C115*'W. Month'!D$10)) -> 0 | E37: =IF($M$3="Quantità vendute",'W Plur.'!$C100*'W. Month'!E$10,IF($M$3="Ricavi Generati",'W Plur.'!$C115*'W. Month'!E$10)) -> 0 | F37: =IF($M$3="Quantità vendute",'W Plur.'!$C100*'W. Month'!F$10,IF($M$3="Ricavi Generati",'W Plur.'!$C115*'W. Month'!F$10)) -> 0 | G37: =IF($M$3="Quantità vendute",'W Plur.'!$C100*'W. Month'!G$10,IF($M$3="Ricavi Generati",'W Plur.'!$C115*'W. Month'!G$10)) -> 0 | H37: =IF($M$3="Quantità vendute",'W Plur.'!$C100*'W. Month'!H$10,IF($M$3="Ricavi Generati",'W Plur.'!$C115*'W. Month'!H$10)) -> 0 | I37: =IF($M$3="Quantità vendute",'W Plur.'!$C100*'W. Month'!I$10,IF($M$3="Ricavi Generati",'W Plur.'!$C115*'W. Month'!I$10)) -> 0 | ... M37: =IF($M$3="Quantità vendute",'W Plur.'!$C100*'W. Month'!M$10,IF($M$3="Ricavi Generati",'W Plur.'!$C115*'W. Month'!M$10)) -> 0 | N37: =SUM(B37:M37) -> 0 | O37: =O36 -> 0
A38: =A23 -> // | B38: =IF($M$3="Quantità vendute",'W Plur.'!$C101*'W. Month'!B$10,IF($M$3="Ricavi Generati",'W Plur.'!$C116*'W. Month'!B$10)) -> 0 | C38: =IF($M$3="Quantità vendute",'W Plur.'!$C101*'W. Month'!C$10,IF($M$3="Ricavi Generati",'W Plur.'!$C116*'W. Month'!C$10)) -> 0 | D38: =IF($M$3="Quantità vendute",'W Plur.'!$C101*'W. Month'!D$10,IF($M$3="Ricavi Generati",'W Plur.'!$C116*'W. Month'!D$10)) -> 0 | E38: =IF($M$3="Quantità vendute",'W Plur.'!$C101*'W. Month'!E$10,IF($M$3="Ricavi Generati",'W Plur.'!$C116*'W. Month'!E$10)) -> 0 | F38: =IF($M$3="Quantità vendute",'W Plur.'!$C101*'W. Month'!F$10,IF($M$3="Ricavi Generati",'W Plur.'!$C116*'W. Month'!F$10)) -> 0 | G38: =IF($M$3="Quantità vendute",'W Plur.'!$C101*'W. Month'!G$10,IF($M$3="Ricavi Generati",'W Plur.'!$C116*'W. Month'!G$10)) -> 0 | H38: =IF($M$3="Quantità vendute",'W Plur.'!$C101*'W. Month'!H$10,IF($M$3="Ricavi Generati",'W Plur.'!$C116*'W. Month'!H$10)) -> 0 | I38: =IF($M$3="Quantità vendute",'W Plur.'!$C101*'W. Month'!I$10,IF($M$3="Ricavi Generati",'W Plur.'!$C116*'W. Month'!I$10)) -> 0 | ... M38: =IF($M$3="Quantità vendute",'W Plur.'!$C101*'W. Month'!M$10,IF($M$3="Ricavi Generati",'W Plur.'!$C116*'W. Month'!M$10)) -> 0 | N38: =SUM(B38:M38) -> 0 | O38: =O37 -> 0
A39: =A24 -> // | B39: =IF($M$3="Quantità vendute",'W Plur.'!$C102*'W. Month'!B$10,IF($M$3="Ricavi Generati",'W Plur.'!$C117*'W. Month'!B$10)) -> 0 | C39: =IF($M$3="Quantità vendute",'W Plur.'!$C102*'W. Month'!C$10,IF($M$3="Ricavi Generati",'W Plur.'!$C117*'W. Month'!C$10)) -> 0 | D39: =IF($M$3="Quantità vendute",'W Plur.'!$C102*'W. Month'!D$10,IF($M$3="Ricavi Generati",'W Plur.'!$C117*'W. Month'!D$10)) -> 0 | E39: =IF($M$3="Quantità vendute",'W Plur.'!$C102*'W. Month'!E$10,IF($M$3="Ricavi Generati",'W Plur.'!$C117*'W. Month'!E$10)) -> 0 | F39: =IF($M$3="Quantità vendute",'W Plur.'!$C102*'W. Month'!F$10,IF($M$3="Ricavi Generati",'W Plur.'!$C117*'W. Month'!F$10)) -> 0 | G39: =IF($M$3="Quantità vendute",'W Plur.'!$C102*'W. Month'!G$10,IF($M$3="Ricavi Generati",'W Plur.'!$C117*'W. Month'!G$10)) -> 0 | H39: =IF($M$3="Quantità vendute",'W Plur.'!$C102*'W. Month'!H$10,IF($M$3="Ricavi Generati",'W Plur.'!$C117*'W. Month'!H$10)) -> 0 | I39: =IF($M$3="Quantità vendute",'W Plur.'!$C102*'W. Month'!I$10,IF($M$3="Ricavi Generati",'W Plur.'!$C117*'W. Month'!I$10)) -> 0 | ... M39: =IF($M$3="Quantità vendute",'W Plur.'!$C102*'W. Month'!M$10,IF($M$3="Ricavi Generati",'W Plur.'!$C117*'W. Month'!M$10)) -> 0 | N39: =SUM(B39:M39) -> 0 | O39: =O38 -> 0
A40: =A25 -> // | B40: =IF($M$3="Quantità vendute",'W Plur.'!$C103*'W. Month'!B$10,IF($M$3="Ricavi Generati",'W Plur.'!$C118*'W. Month'!B$10)) -> 0 | C40: =IF($M$3="Quantità vendute",'W Plur.'!$C103*'W. Month'!C$10,IF($M$3="Ricavi Generati",'W Plur.'!$C118*'W. Month'!C$10)) -> 0 | D40: =IF($M$3="Quantità vendute",'W Plur.'!$C103*'W. Month'!D$10,IF($M$3="Ricavi Generati",'W Plur.'!$C118*'W. Month'!D$10)) -> 0 | E40: =IF($M$3="Quantità vendute",'W Plur.'!$C103*'W. Month'!E$10,IF($M$3="Ricavi Generati",'W Plur.'!$C118*'W. Month'!E$10)) -> 0 | F40: =IF($M$3="Quantità vendute",'W Plur.'!$C103*'W. Month'!F$10,IF($M$3="Ricavi Generati",'W Plur.'!$C118*'W. Month'!F$10)) -> 0 | G40: =IF($M$3="Quantità vendute",'W Plur.'!$C103*'W. Month'!G$10,IF($M$3="Ricavi Generati",'W Plur.'!$C118*'W. Month'!G$10)) -> 0 | H40: =IF($M$3="Quantità vendute",'W Plur.'!$C103*'W. Month'!H$10,IF($M$3="Ricavi Generati",'W Plur.'!$C118*'W. Month'!H$10)) -> 0 | I40: =IF($M$3="Quantità vendute",'W Plur.'!$C103*'W. Month'!I$10,IF($M$3="Ricavi Generati",'W Plur.'!$C118*'W. Month'!I$10)) -> 0 | ... M40: =IF($M$3="Quantità vendute",'W Plur.'!$C103*'W. Month'!M$10,IF($M$3="Ricavi Generati",'W Plur.'!$C118*'W. Month'!M$10)) -> 0 | N40: =SUM(B40:M40) -> 0 | O40: =O39 -> 0
A41: =A26 -> Total | B41: =SUM(B29:B40) -> 63123.214 | C41: =SUM(C29:C40) -> 61311.14 | D41: =SUM(D29:D40) -> 68392.857 | E41: =SUM(E29:E40) -> 67633.604 | F41: =SUM(F29:F40) -> 70936.36 | G41: =SUM(G29:G40) -> 72473.602 | H41: =SUM(H29:H40) -> 80238.743 | I41: =SUM(I29:I40) -> 78473.351 | ... M41: =SUM(M29:M40) -> 58357.641 | N41: =SUM(B41:M41) -> 808377.82 | O41: =AVERAGE(O29:O40) -> 0
A43: ='W Plur.'!D5 -> 2027 | B43: =B28 -> January | C43: =C28 -> February | D43: =D28 -> March | E43: =E28 -> April | F43: =F28 -> May | G43: =G28 -> June | H43: =H28 -> July | I43: =I28 -> August | ... N43: =N28 -> Sum | O43: DSO
A44: =A29 -> Revenues before lunch | B44: =IF($M$3="Quantità vendute",'W Plur.'!$D92*'W. Month'!B$10,IF($M$3="Ricavi Generati",'W Plur.'!$D107*'W. Month'!B$10)) -> 33200.965 | C44: =IF($M$3="Quantità vendute",'W Plur.'!$D92*'W. Month'!C$10,IF($M$3="Ricavi Generati",'W Plur.'!$D107*'W. Month'!C$10)) -> 32247.867 | D44: =IF($M$3="Quantità vendute",'W Plur.'!$D92*'W. Month'!D$10,IF($M$3="Ricavi Generati",'W Plur.'!$D107*'W. Month'!D$10)) -> 35972.644 | E44: =IF($M$3="Quantità vendute",'W Plur.'!$D92*'W. Month'!E$10,IF($M$3="Ricavi Generati",'W Plur.'!$D107*'W. Month'!E$10)) -> 35573.299 | F44: =IF($M$3="Quantità vendute",'W Plur.'!$D92*'W. Month'!F$10,IF($M$3="Ricavi Generati",'W Plur.'!$D107*'W. Month'!F$10)) -> 37310.452 | G44: =IF($M$3="Quantità vendute",'W Plur.'!$D92*'W. Month'!G$10,IF($M$3="Ricavi Generati",'W Plur.'!$D107*'W. Month'!G$10)) -> 38118.996 | H44: =IF($M$3="Quantità vendute",'W Plur.'!$D92*'W. Month'!H$10,IF($M$3="Ricavi Generati",'W Plur.'!$D107*'W. Month'!H$10)) -> 42203.234 | I44: =IF($M$3="Quantità vendute",'W Plur.'!$D92*'W. Month'!I$10,IF($M$3="Ricavi Generati",'W Plur.'!$D107*'W. Month'!I$10)) -> 41274.689 | ... M44: =IF($M$3="Quantità vendute",'W Plur.'!$D92*'W. Month'!M$10,IF($M$3="Ricavi Generati",'W Plur.'!$D107*'W. Month'!M$10)) -> 30694.414 | N44: =SUM(B44:M44) -> 425183.11 | O44: ='Controll Panel'!D7 -> 0
A45: =A30 -> Revenues during lunch | B45: =IF($M$3="Quantità vendute",'W Plur.'!$D93*'W. Month'!B$10,IF($M$3="Ricavi Generati",'W Plur.'!$D108*'W. Month'!B$10)) -> 23065.934 | C45: =IF($M$3="Quantità vendute",'W Plur.'!$D93*'W. Month'!C$10,IF($M$3="Ricavi Generati",'W Plur.'!$D108*'W. Month'!C$10)) -> 22403.782 | D45: =IF($M$3="Quantità vendute",'W Plur.'!$D93*'W. Month'!D$10,IF($M$3="Ricavi Generati",'W Plur.'!$D108*'W. Month'!D$10)) -> 24991.521 | E45: =IF($M$3="Quantità vendute",'W Plur.'!$D93*'W. Month'!E$10,IF($M$3="Ricavi Generati",'W Plur.'!$D108*'W. Month'!E$10)) -> 24714.081 | F45: =IF($M$3="Quantità vendute",'W Plur.'!$D93*'W. Month'!F$10,IF($M$3="Ricavi Generati",'W Plur.'!$D108*'W. Month'!F$10)) -> 25920.945 | G45: =IF($M$3="Quantità vendute",'W Plur.'!$D93*'W. Month'!G$10,IF($M$3="Ricavi Generati",'W Plur.'!$D108*'W. Month'!G$10)) -> 26482.671 | H45: =IF($M$3="Quantità vendute",'W Plur.'!$D93*'W. Month'!H$10,IF($M$3="Ricavi Generati",'W Plur.'!$D108*'W. Month'!H$10)) -> 29320.141 | I45: =IF($M$3="Quantità vendute",'W Plur.'!$D93*'W. Month'!I$10,IF($M$3="Ricavi Generati",'W Plur.'!$D108*'W. Month'!I$10)) -> 28675.047 | ... M45: =IF($M$3="Quantità vendute",'W Plur.'!$D93*'W. Month'!M$10,IF($M$3="Ricavi Generati",'W Plur.'!$D108*'W. Month'!M$10)) -> 21324.54 | N45: =SUM(B45:M45) -> 295390.37 | O45: =O44 -> 0
A46: =A31 -> Revenues after lunch | B46: =IF($M$3="Quantità vendute",'W Plur.'!$D94*'W. Month'!B$10,IF($M$3="Ricavi Generati",'W Plur.'!$D109*'W. Month'!B$10)) -> 8280.0788 | C46: =IF($M$3="Quantità vendute",'W Plur.'!$D94*'W. Month'!C$10,IF($M$3="Ricavi Generati",'W Plur.'!$D109*'W. Month'!C$10)) -> 8042.3831 | D46: =IF($M$3="Quantità vendute",'W Plur.'!$D94*'W. Month'!D$10,IF($M$3="Ricavi Generati",'W Plur.'!$D109*'W. Month'!D$10)) -> 8971.3152 | E46: =IF($M$3="Quantità vendute",'W Plur.'!$D94*'W. Month'!E$10,IF($M$3="Ricavi Generati",'W Plur.'!$D109*'W. Month'!E$10)) -> 8871.7215 | F46: =IF($M$3="Quantità vendute",'W Plur.'!$D94*'W. Month'!F$10,IF($M$3="Ricavi Generati",'W Plur.'!$D109*'W. Month'!F$10)) -> 9304.9548 | G46: =IF($M$3="Quantità vendute",'W Plur.'!$D94*'W. Month'!G$10,IF($M$3="Ricavi Generati",'W Plur.'!$D109*'W. Month'!G$10)) -> 9506.5999 | H46: =IF($M$3="Quantità vendute",'W Plur.'!$D94*'W. Month'!H$10,IF($M$3="Ricavi Generati",'W Plur.'!$D109*'W. Month'!H$10)) -> 10525.179 | I46: =IF($M$3="Quantità vendute",'W Plur.'!$D94*'W. Month'!I$10,IF($M$3="Ricavi Generati",'W Plur.'!$D109*'W. Month'!I$10)) -> 10293.607 | ... M46: =IF($M$3="Quantità vendute",'W Plur.'!$D94*'W. Month'!M$10,IF($M$3="Ricavi Generati",'W Plur.'!$D109*'W. Month'!M$10)) -> 7654.9631 | N46: =SUM(B46:M46) -> 106037.57 | O46: =O45 -> 0
A47: =A32 -> Revenues during dinner | B47: =IF($M$3="Quantità vendute",'W Plur.'!$D95*'W. Month'!B$10,IF($M$3="Ricavi Generati",'W Plur.'!$D110*'W. Month'!B$10)) -> 3010.9378 | C47: =IF($M$3="Quantità vendute",'W Plur.'!$D95*'W. Month'!C$10,IF($M$3="Ricavi Generati",'W Plur.'!$D110*'W. Month'!C$10)) -> 2924.503 | D47: =IF($M$3="Quantità vendute",'W Plur.'!$D95*'W. Month'!D$10,IF($M$3="Ricavi Generati",'W Plur.'!$D110*'W. Month'!D$10)) -> 3262.2964 | E47: =IF($M$3="Quantità vendute",'W Plur.'!$D95*'W. Month'!E$10,IF($M$3="Ricavi Generati",'W Plur.'!$D110*'W. Month'!E$10)) -> 3226.0805 | F47: =IF($M$3="Quantità vendute",'W Plur.'!$D95*'W. Month'!F$10,IF($M$3="Ricavi Generati",'W Plur.'!$D110*'W. Month'!F$10)) -> 3383.6199 | G47: =IF($M$3="Quantità vendute",'W Plur.'!$D95*'W. Month'!G$10,IF($M$3="Ricavi Generati",'W Plur.'!$D110*'W. Month'!G$10)) -> 3456.9454 | H47: =IF($M$3="Quantità vendute",'W Plur.'!$D95*'W. Month'!H$10,IF($M$3="Ricavi Generati",'W Plur.'!$D110*'W. Month'!H$10)) -> 3827.3378 | I47: =IF($M$3="Quantità vendute",'W Plur.'!$D95*'W. Month'!I$10,IF($M$3="Ricavi Generati",'W Plur.'!$D110*'W. Month'!I$10)) -> 3743.1297 | ... M47: =IF($M$3="Quantità vendute",'W Plur.'!$D95*'W. Month'!M$10,IF($M$3="Ricavi Generati",'W Plur.'!$D110*'W. Month'!M$10)) -> 2783.6229 | N47: =SUM(B47:M47) -> 38559.116 | O47: =O46 -> 0
A48: =A33 -> // | B48: =IF($M$3="Quantità vendute",'W Plur.'!$D96*'W. Month'!B$10,IF($M$3="Ricavi Generati",'W Plur.'!$D111*'W. Month'!B$10)) -> 0 | C48: =IF($M$3="Quantità vendute",'W Plur.'!$D96*'W. Month'!C$10,IF($M$3="Ricavi Generati",'W Plur.'!$D111*'W. Month'!C$10)) -> 0 | D48: =IF($M$3="Quantità vendute",'W Plur.'!$D96*'W. Month'!D$10,IF($M$3="Ricavi Generati",'W Plur.'!$D111*'W. Month'!D$10)) -> 0 | E48: =IF($M$3="Quantità vendute",'W Plur.'!$D96*'W. Month'!E$10,IF($M$3="Ricavi Generati",'W Plur.'!$D111*'W. Month'!E$10)) -> 0 | F48: =IF($M$3="Quantità vendute",'W Plur.'!$D96*'W. Month'!F$10,IF($M$3="Ricavi Generati",'W Plur.'!$D111*'W. Month'!F$10)) -> 0 | G48: =IF($M$3="Quantità vendute",'W Plur.'!$D96*'W. Month'!G$10,IF($M$3="Ricavi Generati",'W Plur.'!$D111*'W. Month'!G$10)) -> 0 | H48: =IF($M$3="Quantità vendute",'W Plur.'!$D96*'W. Month'!H$10,IF($M$3="Ricavi Generati",'W Plur.'!$D111*'W. Month'!H$10)) -> 0 | I48: =IF($M$3="Quantità vendute",'W Plur.'!$D96*'W. Month'!I$10,IF($M$3="Ricavi Generati",'W Plur.'!$D111*'W. Month'!I$10)) -> 0 | ... M48: =IF($M$3="Quantità vendute",'W Plur.'!$D96*'W. Month'!M$10,IF($M$3="Ricavi Generati",'W Plur.'!$D111*'W. Month'!M$10)) -> 0 | N48: =SUM(B48:M48) -> 0 | O48: =O47 -> 0
A49: =A34 -> // | B49: =IF($M$3="Quantità vendute",'W Plur.'!$D97*'W. Month'!B$10,IF($M$3="Ricavi Generati",'W Plur.'!$D112*'W. Month'!B$10)) -> 0 | C49: =IF($M$3="Quantità vendute",'W Plur.'!$D97*'W. Month'!C$10,IF($M$3="Ricavi Generati",'W Plur.'!$D112*'W. Month'!C$10)) -> 0 | D49: =IF($M$3="Quantità vendute",'W Plur.'!$D97*'W. Month'!D$10,IF($M$3="Ricavi Generati",'W Plur.'!$D112*'W. Month'!D$10)) -> 0 | E49: =IF($M$3="Quantità vendute",'W Plur.'!$D97*'W. Month'!E$10,IF($M$3="Ricavi Generati",'W Plur.'!$D112*'W. Month'!E$10)) -> 0 | F49: =IF($M$3="Quantità vendute",'W Plur.'!$D97*'W. Month'!F$10,IF($M$3="Ricavi Generati",'W Plur.'!$D112*'W. Month'!F$10)) -> 0 | G49: =IF($M$3="Quantità vendute",'W Plur.'!$D97*'W. Month'!G$10,IF($M$3="Ricavi Generati",'W Plur.'!$D112*'W. Month'!G$10)) -> 0 | H49: =IF($M$3="Quantità vendute",'W Plur.'!$D97*'W. Month'!H$10,IF($M$3="Ricavi Generati",'W Plur.'!$D112*'W. Month'!H$10)) -> 0 | I49: =IF($M$3="Quantità vendute",'W Plur.'!$D97*'W. Month'!I$10,IF($M$3="Ricavi Generati",'W Plur.'!$D112*'W. Month'!I$10)) -> 0 | ... M49: =IF($M$3="Quantità vendute",'W Plur.'!$D97*'W. Month'!M$10,IF($M$3="Ricavi Generati",'W Plur.'!$D112*'W. Month'!M$10)) -> 0 | N49: =SUM(B49:M49) -> 0 | O49: =O48 -> 0
A50: =A35 -> // | B50: =IF($M$3="Quantità vendute",'W Plur.'!$D98*'W. Month'!B$10,IF($M$3="Ricavi Generati",'W Plur.'!$D113*'W. Month'!B$10)) -> 0 | C50: =IF($M$3="Quantità vendute",'W Plur.'!$D98*'W. Month'!C$10,IF($M$3="Ricavi Generati",'W Plur.'!$D113*'W. Month'!C$10)) -> 0 | D50: =IF($M$3="Quantità vendute",'W Plur.'!$D98*'W. Month'!D$10,IF($M$3="Ricavi Generati",'W Plur.'!$D113*'W. Month'!D$10)) -> 0 | E50: =IF($M$3="Quantità vendute",'W Plur.'!$D98*'W. Month'!E$10,IF($M$3="Ricavi Generati",'W Plur.'!$D113*'W. Month'!E$10)) -> 0 | F50: =IF($M$3="Quantità vendute",'W Plur.'!$D98*'W. Month'!F$10,IF($M$3="Ricavi Generati",'W Plur.'!$D113*'W. Month'!F$10)) -> 0 | G50: =IF($M$3="Quantità vendute",'W Plur.'!$D98*'W. Month'!G$10,IF($M$3="Ricavi Generati",'W Plur.'!$D113*'W. Month'!G$10)) -> 0 | H50: =IF($M$3="Quantità vendute",'W Plur.'!$D98*'W. Month'!H$10,IF($M$3="Ricavi Generati",'W Plur.'!$D113*'W. Month'!H$10)) -> 0 | I50: =IF($M$3="Quantità vendute",'W Plur.'!$D98*'W. Month'!I$10,IF($M$3="Ricavi Generati",'W Plur.'!$D113*'W. Month'!I$10)) -> 0 | ... M50: =IF($M$3="Quantità vendute",'W Plur.'!$D98*'W. Month'!M$10,IF($M$3="Ricavi Generati",'W Plur.'!$D113*'W. Month'!M$10)) -> 0 | N50: =SUM(B50:M50) -> 0 | O50: =O49 -> 0
A51: =A36 -> // | B51: =IF($M$3="Quantità vendute",'W Plur.'!$D99*'W. Month'!B$10,IF($M$3="Ricavi Generati",'W Plur.'!$D114*'W. Month'!B$10)) -> 0 | C51: =IF($M$3="Quantità vendute",'W Plur.'!$D99*'W. Month'!C$10,IF($M$3="Ricavi Generati",'W Plur.'!$D114*'W. Month'!C$10)) -> 0 | D51: =IF($M$3="Quantità vendute",'W Plur.'!$D99*'W. Month'!D$10,IF($M$3="Ricavi Generati",'W Plur.'!$D114*'W. Month'!D$10)) -> 0 | E51: =IF($M$3="Quantità vendute",'W Plur.'!$D99*'W. Month'!E$10,IF($M$3="Ricavi Generati",'W Plur.'!$D114*'W. Month'!E$10)) -> 0 | F51: =IF($M$3="Quantità vendute",'W Plur.'!$D99*'W. Month'!F$10,IF($M$3="Ricavi Generati",'W Plur.'!$D114*'W. Month'!F$10)) -> 0 | G51: =IF($M$3="Quantità vendute",'W Plur.'!$D99*'W. Month'!G$10,IF($M$3="Ricavi Generati",'W Plur.'!$D114*'W. Month'!G$10)) -> 0 | H51: =IF($M$3="Quantità vendute",'W Plur.'!$D99*'W. Month'!H$10,IF($M$3="Ricavi Generati",'W Plur.'!$D114*'W. Month'!H$10)) -> 0 | I51: =IF($M$3="Quantità vendute",'W Plur.'!$D99*'W. Month'!I$10,IF($M$3="Ricavi Generati",'W Plur.'!$D114*'W. Month'!I$10)) -> 0 | ... M51: =IF($M$3="Quantità vendute",'W Plur.'!$D99*'W. Month'!M$10,IF($M$3="Ricavi Generati",'W Plur.'!$D114*'W. Month'!M$10)) -> 0 | N51: =SUM(B51:M51) -> 0 | O51: =O50 -> 0
A52: =A37 -> // | B52: =IF($M$3="Quantità vendute",'W Plur.'!$D100*'W. Month'!B$10,IF($M$3="Ricavi Generati",'W Plur.'!$D115*'W. Month'!B$10)) -> 0 | C52: =IF($M$3="Quantità vendute",'W Plur.'!$D100*'W. Month'!C$10,IF($M$3="Ricavi Generati",'W Plur.'!$D115*'W. Month'!C$10)) -> 0 | D52: =IF($M$3="Quantità vendute",'W Plur.'!$D100*'W. Month'!D$10,IF($M$3="Ricavi Generati",'W Plur.'!$D115*'W. Month'!D$10)) -> 0 | E52: =IF($M$3="Quantità vendute",'W Plur.'!$D100*'W. Month'!E$10,IF($M$3="Ricavi Generati",'W Plur.'!$D115*'W. Month'!E$10)) -> 0 | F52: =IF($M$3="Quantità vendute",'W Plur.'!$D100*'W. Month'!F$10,IF($M$3="Ricavi Generati",'W Plur.'!$D115*'W. Month'!F$10)) -> 0 | G52: =IF($M$3="Quantità vendute",'W Plur.'!$D100*'W. Month'!G$10,IF($M$3="Ricavi Generati",'W Plur.'!$D115*'W. Month'!G$10)) -> 0 | H52: =IF($M$3="Quantità vendute",'W Plur.'!$D100*'W. Month'!H$10,IF($M$3="Ricavi Generati",'W Plur.'!$D115*'W. Month'!H$10)) -> 0 | I52: =IF($M$3="Quantità vendute",'W Plur.'!$D100*'W. Month'!I$10,IF($M$3="Ricavi Generati",'W Plur.'!$D115*'W. Month'!I$10)) -> 0 | ... M52: =IF($M$3="Quantità vendute",'W Plur.'!$D100*'W. Month'!M$10,IF($M$3="Ricavi Generati",'W Plur.'!$D115*'W. Month'!M$10)) -> 0 | N52: =SUM(B52:M52) -> 0 | O52: =O51 -> 0
A53: =A38 -> // | B53: =IF($M$3="Quantità vendute",'W Plur.'!$D101*'W. Month'!B$10,IF($M$3="Ricavi Generati",'W Plur.'!$D116*'W. Month'!B$10)) -> 0 | C53: =IF($M$3="Quantità vendute",'W Plur.'!$D101*'W. Month'!C$10,IF($M$3="Ricavi Generati",'W Plur.'!$D116*'W. Month'!C$10)) -> 0 | D53: =IF($M$3="Quantità vendute",'W Plur.'!$D101*'W. Month'!D$10,IF($M$3="Ricavi Generati",'W Plur.'!$D116*'W. Month'!D$10)) -> 0 | E53: =IF($M$3="Quantità vendute",'W Plur.'!$D101*'W. Month'!E$10,IF($M$3="Ricavi Generati",'W Plur.'!$D116*'W. Month'!E$10)) -> 0 | F53: =IF($M$3="Quantità vendute",'W Plur.'!$D101*'W. Month'!F$10,IF($M$3="Ricavi Generati",'W Plur.'!$D116*'W. Month'!F$10)) -> 0 | G53: =IF($M$3="Quantità vendute",'W Plur.'!$D101*'W. Month'!G$10,IF($M$3="Ricavi Generati",'W Plur.'!$D116*'W. Month'!G$10)) -> 0 | H53: =IF($M$3="Quantità vendute",'W Plur.'!$D101*'W. Month'!H$10,IF($M$3="Ricavi Generati",'W Plur.'!$D116*'W. Month'!H$10)) -> 0 | I53: =IF($M$3="Quantità vendute",'W Plur.'!$D101*'W. Month'!I$10,IF($M$3="Ricavi Generati",'W Plur.'!$D116*'W. Month'!I$10)) -> 0 | ... M53: =IF($M$3="Quantità vendute",'W Plur.'!$D101*'W. Month'!M$10,IF($M$3="Ricavi Generati",'W Plur.'!$D116*'W. Month'!M$10)) -> 0 | N53: =SUM(B53:M53) -> 0 | O53: =O52 -> 0
A54: =A39 -> // | B54: =IF($M$3="Quantità vendute",'W Plur.'!$D102*'W. Month'!B$10,IF($M$3="Ricavi Generati",'W Plur.'!$D117*'W. Month'!B$10)) -> 0 | C54: =IF($M$3="Quantità vendute",'W Plur.'!$D102*'W. Month'!C$10,IF($M$3="Ricavi Generati",'W Plur.'!$D117*'W. Month'!C$10)) -> 0 | D54: =IF($M$3="Quantità vendute",'W Plur.'!$D102*'W. Month'!D$10,IF($M$3="Ricavi Generati",'W Plur.'!$D117*'W. Month'!D$10)) -> 0 | E54: =IF($M$3="Quantità vendute",'W Plur.'!$D102*'W. Month'!E$10,IF($M$3="Ricavi Generati",'W Plur.'!$D117*'W. Month'!E$10)) -> 0 | F54: =IF($M$3="Quantità vendute",'W Plur.'!$D102*'W. Month'!F$10,IF($M$3="Ricavi Generati",'W Plur.'!$D117*'W. Month'!F$10)) -> 0 | G54: =IF($M$3="Quantità vendute",'W Plur.'!$D102*'W. Month'!G$10,IF($M$3="Ricavi Generati",'W Plur.'!$D117*'W. Month'!G$10)) -> 0 | H54: =IF($M$3="Quantità vendute",'W Plur.'!$D102*'W. Month'!H$10,IF($M$3="Ricavi Generati",'W Plur.'!$D117*'W. Month'!H$10)) -> 0 | I54: =IF($M$3="Quantità vendute",'W Plur.'!$D102*'W. Month'!I$10,IF($M$3="Ricavi Generati",'W Plur.'!$D117*'W. Month'!I$10)) -> 0 | ... M54: =IF($M$3="Quantità vendute",'W Plur.'!$D102*'W. Month'!M$10,IF($M$3="Ricavi Generati",'W Plur.'!$D117*'W. Month'!M$10)) -> 0 | N54: =SUM(B54:M54) -> 0 | O54: =O53 -> 0
A55: =A40 -> // | B55: =IF($M$3="Quantità vendute",'W Plur.'!$D103*'W. Month'!B$10,IF($M$3="Ricavi Generati",'W Plur.'!$D118*'W. Month'!B$10)) -> 0 | C55: =IF($M$3="Quantità vendute",'W Plur.'!$D103*'W. Month'!C$10,IF($M$3="Ricavi Generati",'W Plur.'!$D118*'W. Month'!C$10)) -> 0 | D55: =IF($M$3="Quantità vendute",'W Plur.'!$D103*'W. Month'!D$10,IF($M$3="Ricavi Generati",'W Plur.'!$D118*'W. Month'!D$10)) -> 0 | E55: =IF($M$3="Quantità vendute",'W Plur.'!$D103*'W. Month'!E$10,IF($M$3="Ricavi Generati",'W Plur.'!$D118*'W. Month'!E$10)) -> 0 | F55: =IF($M$3="Quantità vendute",'W Plur.'!$D103*'W. Month'!F$10,IF($M$3="Ricavi Generati",'W Plur.'!$D118*'W. Month'!F$10)) -> 0 | G55: =IF($M$3="Quantità vendute",'W Plur.'!$D103*'W. Month'!G$10,IF($M$3="Ricavi Generati",'W Plur.'!$D118*'W. Month'!G$10)) -> 0 | H55: =IF($M$3="Quantità vendute",'W Plur.'!$D103*'W. Month'!H$10,IF($M$3="Ricavi Generati",'W Plur.'!$D118*'W. Month'!H$10)) -> 0 | I55: =IF($M$3="Quantità vendute",'W Plur.'!$D103*'W. Month'!I$10,IF($M$3="Ricavi Generati",'W Plur.'!$D118*'W. Month'!I$10)) -> 0 | ... M55: =IF($M$3="Quantità vendute",'W Plur.'!$D103*'W. Month'!M$10,IF($M$3="Ricavi Generati",'W Plur.'!$D118*'W. Month'!M$10)) -> 0 | N55: =SUM(B55:M55) -> 0 | O55: =O54 -> 0
A56: =A41 -> Total | B56: =SUM(B44:B55) -> 67557.916 | C56: =SUM(C44:C55) -> 65618.535 | D56: =SUM(D44:D55) -> 73197.776 | E56: =SUM(E44:E55) -> 72385.182 | F56: =SUM(F44:F55) -> 75919.972 | G56: =SUM(G44:G55) -> 77565.213 | H56: =SUM(H44:H55) -> 85875.892 | I56: =SUM(I44:I55) -> 83986.473 | ... M56: =SUM(M44:M55) -> 62457.54 | N56: =SUM(B56:M56) -> 865170.16 | O56: =AVERAGE(O44:O55) -> 0
A58: ='W Plur.'!E5 -> 2028 | B58: =B43 -> January | C58: =C43 -> February | D58: =D43 -> March | E58: =E43 -> April | F58: =F43 -> May | G58: =G43 -> June | H58: =H43 -> July | I58: =I43 -> August | ... N58: =N43 -> Sum | O58: DSO
A59: =A44 -> Revenues before lunch | B59: =IF($M$3="Quantità vendute",'W Plur.'!$E92*'W. Month'!B$10,IF($M$3="Ricavi Generati",'W Plur.'!$E107*'W. Month'!B$10)) -> 35647.352 | C59: =IF($M$3="Quantità vendute",'W Plur.'!$E92*'W. Month'!C$10,IF($M$3="Ricavi Generati",'W Plur.'!$E107*'W. Month'!C$10)) -> 34624.026 | D59: =IF($M$3="Quantità vendute",'W Plur.'!$E92*'W. Month'!D$10,IF($M$3="Ricavi Generati",'W Plur.'!$E107*'W. Month'!D$10)) -> 38623.26 | E59: =IF($M$3="Quantità vendute",'W Plur.'!$E92*'W. Month'!E$10,IF($M$3="Ricavi Generati",'W Plur.'!$E107*'W. Month'!E$10)) -> 38194.489 | F59: =IF($M$3="Quantità vendute",'W Plur.'!$E92*'W. Month'!F$10,IF($M$3="Ricavi Generati",'W Plur.'!$E107*'W. Month'!F$10)) -> 40059.643 | G59: =IF($M$3="Quantità vendute",'W Plur.'!$E92*'W. Month'!G$10,IF($M$3="Ricavi Generati",'W Plur.'!$E107*'W. Month'!G$10)) -> 40927.765 | H59: =IF($M$3="Quantità vendute",'W Plur.'!$E92*'W. Month'!H$10,IF($M$3="Ricavi Generati",'W Plur.'!$E107*'W. Month'!H$10)) -> 45312.946 | I59: =IF($M$3="Quantità vendute",'W Plur.'!$E92*'W. Month'!I$10,IF($M$3="Ricavi Generati",'W Plur.'!$E107*'W. Month'!I$10)) -> 44315.982 | ... M59: =IF($M$3="Quantità vendute",'W Plur.'!$E92*'W. Month'!M$10,IF($M$3="Ricavi Generati",'W Plur.'!$E107*'W. Month'!M$10)) -> 32956.107 | N59: =SUM(B59:M59) -> 456512.39 | O59: ='Controll Panel'!E7 -> 0
A60: =A45 -> Revenues during lunch | B60: =IF($M$3="Quantità vendute",'W Plur.'!$E93*'W. Month'!B$10,IF($M$3="Ricavi Generati",'W Plur.'!$E108*'W. Month'!B$10)) -> 24596.673 | C60: =IF($M$3="Quantità vendute",'W Plur.'!$E93*'W. Month'!C$10,IF($M$3="Ricavi Generati",'W Plur.'!$E108*'W. Month'!C$10)) -> 23890.578 | D60: =IF($M$3="Quantità vendute",'W Plur.'!$E93*'W. Month'!D$10,IF($M$3="Ricavi Generati",'W Plur.'!$E108*'W. Month'!D$10)) -> 26650.049 | E60: =IF($M$3="Quantità vendute",'W Plur.'!$E93*'W. Month'!E$10,IF($M$3="Ricavi Generati",'W Plur.'!$E108*'W. Month'!E$10)) -> 26354.198 | F60: =IF($M$3="Quantità vendute",'W Plur.'!$E93*'W. Month'!F$10,IF($M$3="Ricavi Generati",'W Plur.'!$E108*'W. Month'!F$10)) -> 27641.154 | G60: =IF($M$3="Quantità vendute",'W Plur.'!$E93*'W. Month'!G$10,IF($M$3="Ricavi Generati",'W Plur.'!$E108*'W. Month'!G$10)) -> 28240.158 | H60: =IF($M$3="Quantità vendute",'W Plur.'!$E93*'W. Month'!H$10,IF($M$3="Ricavi Generati",'W Plur.'!$E108*'W. Month'!H$10)) -> 31265.933 | I60: =IF($M$3="Quantità vendute",'W Plur.'!$E93*'W. Month'!I$10,IF($M$3="Ricavi Generati",'W Plur.'!$E108*'W. Month'!I$10)) -> 30578.028 | ... M60: =IF($M$3="Quantità vendute",'W Plur.'!$E93*'W. Month'!M$10,IF($M$3="Ricavi Generati",'W Plur.'!$E108*'W. Month'!M$10)) -> 22739.714 | N60: =SUM(B60:M60) -> 314993.55 | O60: =O59 -> 0
A61: =A46 -> Revenues after lunch | B61: =IF($M$3="Quantità vendute",'W Plur.'!$E94*'W. Month'!B$10,IF($M$3="Ricavi Generati",'W Plur.'!$E109*'W. Month'!B$10)) -> 8829.575 | C61: =IF($M$3="Quantità vendute",'W Plur.'!$E94*'W. Month'!C$10,IF($M$3="Ricavi Generati",'W Plur.'!$E109*'W. Month'!C$10)) -> 8576.1049 | D61: =IF($M$3="Quantità vendute",'W Plur.'!$E94*'W. Month'!D$10,IF($M$3="Ricavi Generati",'W Plur.'!$E109*'W. Month'!D$10)) -> 9566.6843 | E61: =IF($M$3="Quantità vendute",'W Plur.'!$E94*'W. Month'!E$10,IF($M$3="Ricavi Generati",'W Plur.'!$E109*'W. Month'!E$10)) -> 9460.4812 | F61: =IF($M$3="Quantità vendute",'W Plur.'!$E94*'W. Month'!F$10,IF($M$3="Ricavi Generati",'W Plur.'!$E109*'W. Month'!F$10)) -> 9922.4654 | G61: =IF($M$3="Quantità vendute",'W Plur.'!$E94*'W. Month'!G$10,IF($M$3="Ricavi Generati",'W Plur.'!$E109*'W. Month'!G$10)) -> 10137.492 | H61: =IF($M$3="Quantità vendute",'W Plur.'!$E94*'W. Month'!H$10,IF($M$3="Ricavi Generati",'W Plur.'!$E109*'W. Month'!H$10)) -> 11223.668 | I61: =IF($M$3="Quantità vendute",'W Plur.'!$E94*'W. Month'!I$10,IF($M$3="Ricavi Generati",'W Plur.'!$E109*'W. Month'!I$10)) -> 10976.728 | ... M61: =IF($M$3="Quantità vendute",'W Plur.'!$E94*'W. Month'!M$10,IF($M$3="Ricavi Generati",'W Plur.'!$E109*'W. Month'!M$10)) -> 8162.9743 | N61: =SUM(B61:M61) -> 113074.61 | O61: =O60 -> 0
A62: =A47 -> Revenues during dinner | B62: =IF($M$3="Quantità vendute",'W Plur.'!$E95*'W. Month'!B$10,IF($M$3="Ricavi Generati",'W Plur.'!$E110*'W. Month'!B$10)) -> 3071.1565 | C62: =IF($M$3="Quantità vendute",'W Plur.'!$E95*'W. Month'!C$10,IF($M$3="Ricavi Generati",'W Plur.'!$E110*'W. Month'!C$10)) -> 2982.993 | D62: =IF($M$3="Quantità vendute",'W Plur.'!$E95*'W. Month'!D$10,IF($M$3="Ricavi Generati",'W Plur.'!$E110*'W. Month'!D$10)) -> 3327.5424 | E62: =IF($M$3="Quantità vendute",'W Plur.'!$E95*'W. Month'!E$10,IF($M$3="Ricavi Generati",'W Plur.'!$E110*'W. Month'!E$10)) -> 3290.6022 | F62: =IF($M$3="Quantità vendute",'W Plur.'!$E95*'W. Month'!F$10,IF($M$3="Ricavi Generati",'W Plur.'!$E110*'W. Month'!F$10)) -> 3451.2923 | G62: =IF($M$3="Quantità vendute",'W Plur.'!$E95*'W. Month'!G$10,IF($M$3="Ricavi Generati",'W Plur.'!$E110*'W. Month'!G$10)) -> 3526.0843 | H62: =IF($M$3="Quantità vendute",'W Plur.'!$E95*'W. Month'!H$10,IF($M$3="Ricavi Generati",'W Plur.'!$E110*'W. Month'!H$10)) -> 3903.8846 | I62: =IF($M$3="Quantità vendute",'W Plur.'!$E95*'W. Month'!I$10,IF($M$3="Ricavi Generati",'W Plur.'!$E110*'W. Month'!I$10)) -> 3817.9923 | ... M62: =IF($M$3="Quantità vendute",'W Plur.'!$E95*'W. Month'!M$10,IF($M$3="Ricavi Generati",'W Plur.'!$E110*'W. Month'!M$10)) -> 2839.2954 | N62: =SUM(B62:M62) -> 39330.298 | O62: =O61 -> 0
A63: =A48 -> // | B63: =IF($M$3="Quantità vendute",'W Plur.'!$E96*'W. Month'!B$10,IF($M$3="Ricavi Generati",'W Plur.'!$E111*'W. Month'!B$10)) -> 0 | C63: =IF($M$3="Quantità vendute",'W Plur.'!$E96*'W. Month'!C$10,IF($M$3="Ricavi Generati",'W Plur.'!$E111*'W. Month'!C$10)) -> 0 | D63: =IF($M$3="Quantità vendute",'W Plur.'!$E96*'W. Month'!D$10,IF($M$3="Ricavi Generati",'W Plur.'!$E111*'W. Month'!D$10)) -> 0 | E63: =IF($M$3="Quantità vendute",'W Plur.'!$E96*'W. Month'!E$10,IF($M$3="Ricavi Generati",'W Plur.'!$E111*'W. Month'!E$10)) -> 0 | F63: =IF($M$3="Quantità vendute",'W Plur.'!$E96*'W. Month'!F$10,IF($M$3="Ricavi Generati",'W Plur.'!$E111*'W. Month'!F$10)) -> 0 | G63: =IF($M$3="Quantità vendute",'W Plur.'!$E96*'W. Month'!G$10,IF($M$3="Ricavi Generati",'W Plur.'!$E111*'W. Month'!G$10)) -> 0 | H63: =IF($M$3="Quantità vendute",'W Plur.'!$E96*'W. Month'!H$10,IF($M$3="Ricavi Generati",'W Plur.'!$E111*'W. Month'!H$10)) -> 0 | I63: =IF($M$3="Quantità vendute",'W Plur.'!$E96*'W. Month'!I$10,IF($M$3="Ricavi Generati",'W Plur.'!$E111*'W. Month'!I$10)) -> 0 | ... M63: =IF($M$3="Quantità vendute",'W Plur.'!$E96*'W. Month'!M$10,IF($M$3="Ricavi Generati",'W Plur.'!$E111*'W. Month'!M$10)) -> 0 | N63: =SUM(B63:M63) -> 0 | O63: =O62 -> 0
A64: =A49 -> // | B64: =IF($M$3="Quantità vendute",'W Plur.'!$E97*'W. Month'!B$10,IF($M$3="Ricavi Generati",'W Plur.'!$E112*'W. Month'!B$10)) -> 0 | C64: =IF($M$3="Quantità vendute",'W Plur.'!$E97*'W. Month'!C$10,IF($M$3="Ricavi Generati",'W Plur.'!$E112*'W. Month'!C$10)) -> 0 | D64: =IF($M$3="Quantità vendute",'W Plur.'!$E97*'W. Month'!D$10,IF($M$3="Ricavi Generati",'W Plur.'!$E112*'W. Month'!D$10)) -> 0 | E64: =IF($M$3="Quantità vendute",'W Plur.'!$E97*'W. Month'!E$10,IF($M$3="Ricavi Generati",'W Plur.'!$E112*'W. Month'!E$10)) -> 0 | F64: =IF($M$3="Quantità vendute",'W Plur.'!$E97*'W. Month'!F$10,IF($M$3="Ricavi Generati",'W Plur.'!$E112*'W. Month'!F$10)) -> 0 | G64: =IF($M$3="Quantità vendute",'W Plur.'!$E97*'W. Month'!G$10,IF($M$3="Ricavi Generati",'W Plur.'!$E112*'W. Month'!G$10)) -> 0 | H64: =IF($M$3="Quantità vendute",'W Plur.'!$E97*'W. Month'!H$10,IF($M$3="Ricavi Generati",'W Plur.'!$E112*'W. Month'!H$10)) -> 0 | I64: =IF($M$3="Quantità vendute",'W Plur.'!$E97*'W. Month'!I$10,IF($M$3="Ricavi Generati",'W Plur.'!$E112*'W. Month'!I$10)) -> 0 | ... M64: =IF($M$3="Quantità vendute",'W Plur.'!$E97*'W. Month'!M$10,IF($M$3="Ricavi Generati",'W Plur.'!$E112*'W. Month'!M$10)) -> 0 | N64: =SUM(B64:M64) -> 0 | O64: =O63 -> 0
A65: =A50 -> // | B65: =IF($M$3="Quantità vendute",'W Plur.'!$E98*'W. Month'!B$10,IF($M$3="Ricavi Generati",'W Plur.'!$E113*'W. Month'!B$10)) -> 0 | C65: =IF($M$3="Quantità vendute",'W Plur.'!$E98*'W. Month'!C$10,IF($M$3="Ricavi Generati",'W Plur.'!$E113*'W. Month'!C$10)) -> 0 | D65: =IF($M$3="Quantità vendute",'W Plur.'!$E98*'W. Month'!D$10,IF($M$3="Ricavi Generati",'W Plur.'!$E113*'W. Month'!D$10)) -> 0 | E65: =IF($M$3="Quantità vendute",'W Plur.'!$E98*'W. Month'!E$10,IF($M$3="Ricavi Generati",'W Plur.'!$E113*'W. Month'!E$10)) -> 0 | F65: =IF($M$3="Quantità vendute",'W Plur.'!$E98*'W. Month'!F$10,IF($M$3="Ricavi Generati",'W Plur.'!$E113*'W. Month'!F$10)) -> 0 | G65: =IF($M$3="Quantità vendute",'W Plur.'!$E98*'W. Month'!G$10,IF($M$3="Ricavi Generati",'W Plur.'!$E113*'W. Month'!G$10)) -> 0 | H65: =IF($M$3="Quantità vendute",'W Plur.'!$E98*'W. Month'!H$10,IF($M$3="Ricavi Generati",'W Plur.'!$E113*'W. Month'!H$10)) -> 0 | I65: =IF($M$3="Quantità vendute",'W Plur.'!$E98*'W. Month'!I$10,IF($M$3="Ricavi Generati",'W Plur.'!$E113*'W. Month'!I$10)) -> 0 | ... M65: =IF($M$3="Quantità vendute",'W Plur.'!$E98*'W. Month'!M$10,IF($M$3="Ricavi Generati",'W Plur.'!$E113*'W. Month'!M$10)) -> 0 | N65: =SUM(B65:M65) -> 0 | O65: =O64 -> 0
A66: =A51 -> // | B66: =IF($M$3="Quantità vendute",'W Plur.'!$E99*'W. Month'!B$10,IF($M$3="Ricavi Generati",'W Plur.'!$E114*'W. Month'!B$10)) -> 0 | C66: =IF($M$3="Quantità vendute",'W Plur.'!$E99*'W. Month'!C$10,IF($M$3="Ricavi Generati",'W Plur.'!$E114*'W. Month'!C$10)) -> 0 | D66: =IF($M$3="Quantità vendute",'W Plur.'!$E99*'W. Month'!D$10,IF($M$3="Ricavi Generati",'W Plur.'!$E114*'W. Month'!D$10)) -> 0 | E66: =IF($M$3="Quantità vendute",'W Plur.'!$E99*'W. Month'!E$10,IF($M$3="Ricavi Generati",'W Plur.'!$E114*'W. Month'!E$10)) -> 0 | F66: =IF($M$3="Quantità vendute",'W Plur.'!$E99*'W. Month'!F$10,IF($M$3="Ricavi Generati",'W Plur.'!$E114*'W. Month'!F$10)) -> 0 | G66: =IF($M$3="Quantità vendute",'W Plur.'!$E99*'W. Month'!G$10,IF($M$3="Ricavi Generati",'W Plur.'!$E114*'W. Month'!G$10)) -> 0 | H66: =IF($M$3="Quantità vendute",'W Plur.'!$E99*'W. Month'!H$10,IF($M$3="Ricavi Generati",'W Plur.'!$E114*'W. Month'!H$10)) -> 0 | I66: =IF($M$3="Quantità vendute",'W Plur.'!$E99*'W. Month'!I$10,IF($M$3="Ricavi Generati",'W Plur.'!$E114*'W. Month'!I$10)) -> 0 | ... M66: =IF($M$3="Quantità vendute",'W Plur.'!$E99*'W. Month'!M$10,IF($M$3="Ricavi Generati",'W Plur.'!$E114*'W. Month'!M$10)) -> 0 | N66: =SUM(B66:M66) -> 0 | O66: =O65 -> 0
A67: =A52 -> // | B67: =IF($M$3="Quantità vendute",'W Plur.'!$E100*'W. Month'!B$10,IF($M$3="Ricavi Generati",'W Plur.'!$E115*'W. Month'!B$10)) -> 0 | C67: =IF($M$3="Quantità vendute",'W Plur.'!$E100*'W. Month'!C$10,IF($M$3="Ricavi Generati",'W Plur.'!$E115*'W. Month'!C$10)) -> 0 | D67: =IF($M$3="Quantità vendute",'W Plur.'!$E100*'W. Month'!D$10,IF($M$3="Ricavi Generati",'W Plur.'!$E115*'W. Month'!D$10)) -> 0 | E67: =IF($M$3="Quantità vendute",'W Plur.'!$E100*'W. Month'!E$10,IF($M$3="Ricavi Generati",'W Plur.'!$E115*'W. Month'!E$10)) -> 0 | F67: =IF($M$3="Quantità vendute",'W Plur.'!$E100*'W. Month'!F$10,IF($M$3="Ricavi Generati",'W Plur.'!$E115*'W. Month'!F$10)) -> 0 | G67: =IF($M$3="Quantità vendute",'W Plur.'!$E100*'W. Month'!G$10,IF($M$3="Ricavi Generati",'W Plur.'!$E115*'W. Month'!G$10)) -> 0 | H67: =IF($M$3="Quantità vendute",'W Plur.'!$E100*'W. Month'!H$10,IF($M$3="Ricavi Generati",'W Plur.'!$E115*'W. Month'!H$10)) -> 0 | I67: =IF($M$3="Quantità vendute",'W Plur.'!$E100*'W. Month'!I$10,IF($M$3="Ricavi Generati",'W Plur.'!$E115*'W. Month'!I$10)) -> 0 | ... M67: =IF($M$3="Quantità vendute",'W Plur.'!$E100*'W. Month'!M$10,IF($M$3="Ricavi Generati",'W Plur.'!$E115*'W. Month'!M$10)) -> 0 | N67: =SUM(B67:M67) -> 0 | O67: =O66 -> 0
A68: =A53 -> // | B68: =IF($M$3="Quantità vendute",'W Plur.'!$E101*'W. Month'!B$10,IF($M$3="Ricavi Generati",'W Plur.'!$E116*'W. Month'!B$10)) -> 0 | C68: =IF($M$3="Quantità vendute",'W Plur.'!$E101*'W. Month'!C$10,IF($M$3="Ricavi Generati",'W Plur.'!$E116*'W. Month'!C$10)) -> 0 | D68: =IF($M$3="Quantità vendute",'W Plur.'!$E101*'W. Month'!D$10,IF($M$3="Ricavi Generati",'W Plur.'!$E116*'W. Month'!D$10)) -> 0 | E68: =IF($M$3="Quantità vendute",'W Plur.'!$E101*'W. Month'!E$10,IF($M$3="Ricavi Generati",'W Plur.'!$E116*'W. Month'!E$10)) -> 0 | F68: =IF($M$3="Quantità vendute",'W Plur.'!$E101*'W. Month'!F$10,IF($M$3="Ricavi Generati",'W Plur.'!$E116*'W. Month'!F$10)) -> 0 | G68: =IF($M$3="Quantità vendute",'W Plur.'!$E101*'W. Month'!G$10,IF($M$3="Ricavi Generati",'W Plur.'!$E116*'W. Month'!G$10)) -> 0 | H68: =IF($M$3="Quantità vendute",'W Plur.'!$E101*'W. Month'!H$10,IF($M$3="Ricavi Generati",'W Plur.'!$E116*'W. Month'!H$10)) -> 0 | I68: =IF($M$3="Quantità vendute",'W Plur.'!$E101*'W. Month'!I$10,IF($M$3="Ricavi Generati",'W Plur.'!$E116*'W. Month'!I$10)) -> 0 | ... M68: =IF($M$3="Quantità vendute",'W Plur.'!$E101*'W. Month'!M$10,IF($M$3="Ricavi Generati",'W Plur.'!$E116*'W. Month'!M$10)) -> 0 | N68: =SUM(B68:M68) -> 0 | O68: =O67 -> 0
A69: =A54 -> // | B69: =IF($M$3="Quantità vendute",'W Plur.'!$E102*'W. Month'!B$10,IF($M$3="Ricavi Generati",'W Plur.'!$E117*'W. Month'!B$10)) -> 0 | C69: =IF($M$3="Quantità vendute",'W Plur.'!$E102*'W. Month'!C$10,IF($M$3="Ricavi Generati",'W Plur.'!$E117*'W. Month'!C$10)) -> 0 | D69: =IF($M$3="Quantità vendute",'W Plur.'!$E102*'W. Month'!D$10,IF($M$3="Ricavi Generati",'W Plur.'!$E117*'W. Month'!D$10)) -> 0 | E69: =IF($M$3="Quantità vendute",'W Plur.'!$E102*'W. Month'!E$10,IF($M$3="Ricavi Generati",'W Plur.'!$E117*'W. Month'!E$10)) -> 0 | F69: =IF($M$3="Quantità vendute",'W Plur.'!$E102*'W. Month'!F$10,IF($M$3="Ricavi Generati",'W Plur.'!$E117*'W. Month'!F$10)) -> 0 | G69: =IF($M$3="Quantità vendute",'W Plur.'!$E102*'W. Month'!G$10,IF($M$3="Ricavi Generati",'W Plur.'!$E117*'W. Month'!G$10)) -> 0 | H69: =IF($M$3="Quantità vendute",'W Plur.'!$E102*'W. Month'!H$10,IF($M$3="Ricavi Generati",'W Plur.'!$E117*'W. Month'!H$10)) -> 0 | I69: =IF($M$3="Quantità vendute",'W Plur.'!$E102*'W. Month'!I$10,IF($M$3="Ricavi Generati",'W Plur.'!$E117*'W. Month'!I$10)) -> 0 | ... M69: =IF($M$3="Quantità vendute",'W Plur.'!$E102*'W. Month'!M$10,IF($M$3="Ricavi Generati",'W Plur.'!$E117*'W. Month'!M$10)) -> 0 | N69: =SUM(B69:M69) -> 0 | O69: =O68 -> 0
A70: =A55 -> // | B70: =IF($M$3="Quantità vendute",'W Plur.'!$E103*'W. Month'!B$10,IF($M$3="Ricavi Generati",'W Plur.'!$E118*'W. Month'!B$10)) -> 0 | C70: =IF($M$3="Quantità vendute",'W Plur.'!$E103*'W. Month'!C$10,IF($M$3="Ricavi Generati",'W Plur.'!$E118*'W. Month'!C$10)) -> 0 | D70: =IF($M$3="Quantità vendute",'W Plur.'!$E103*'W. Month'!D$10,IF($M$3="Ricavi Generati",'W Plur.'!$E118*'W. Month'!D$10)) -> 0 | E70: =IF($M$3="Quantità vendute",'W Plur.'!$E103*'W. Month'!E$10,IF($M$3="Ricavi Generati",'W Plur.'!$E118*'W. Month'!E$10)) -> 0 | F70: =IF($M$3="Quantità vendute",'W Plur.'!$E103*'W. Month'!F$10,IF($M$3="Ricavi Generati",'W Plur.'!$E118*'W. Month'!F$10)) -> 0 | G70: =IF($M$3="Quantità vendute",'W Plur.'!$E103*'W. Month'!G$10,IF($M$3="Ricavi Generati",'W Plur.'!$E118*'W. Month'!G$10)) -> 0 | H70: =IF($M$3="Quantità vendute",'W Plur.'!$E103*'W. Month'!H$10,IF($M$3="Ricavi Generati",'W Plur.'!$E118*'W. Month'!H$10)) -> 0 | I70: =IF($M$3="Quantità vendute",'W Plur.'!$E103*'W. Month'!I$10,IF($M$3="Ricavi Generati",'W Plur.'!$E118*'W. Month'!I$10)) -> 0 | ... M70: =IF($M$3="Quantità vendute",'W Plur.'!$E103*'W. Month'!M$10,IF($M$3="Ricavi Generati",'W Plur.'!$E118*'W. Month'!M$10)) -> 0 | N70: =SUM(B70:M70) -> 0 | O70: =O69 -> 0
A71: =A56 -> Total | B71: =SUM(B59:B70) -> 72144.757 | C71: =SUM(C59:C70) -> 70073.702 | D71: =SUM(D59:D70) -> 78167.536 | E71: =SUM(E59:E70) -> 77299.77 | F71: =SUM(F59:F70) -> 81074.554 | G71: =SUM(G59:G70) -> 82831.499 | H71: =SUM(H59:H70) -> 91706.431 | I71: =SUM(I59:I70) -> 89688.73 | ... M71: =SUM(M59:M70) -> 66698.091 | N71: =SUM(B71:M71) -> 923910.84 | O71: =AVERAGE(O59:O70) -> 0
A73: ='W Plur.'!F5 -> 2029 | B73: =B58 -> January | C73: =C58 -> February | D73: =D58 -> March | E73: =E58 -> April | F73: =F58 -> May | G73: =G58 -> June | H73: =H58 -> July | I73: =I58 -> August | ... N73: =N58 -> Sum | O73: DSO
A74: =A59 -> Revenues before lunch | B74: =IF($M$3="Quantità vendute",'W Plur.'!$F92*'W. Month'!B$10,IF($M$3="Ricavi Generati",'W Plur.'!$F107*'W. Month'!B$10)) -> 38178.314 | C74: =IF($M$3="Quantità vendute",'W Plur.'!$F92*'W. Month'!C$10,IF($M$3="Ricavi Generati",'W Plur.'!$F107*'W. Month'!C$10)) -> 37082.332 | D74: =IF($M$3="Quantità vendute",'W Plur.'!$F92*'W. Month'!D$10,IF($M$3="Ricavi Generati",'W Plur.'!$F107*'W. Month'!D$10)) -> 41365.511 | E74: =IF($M$3="Quantità vendute",'W Plur.'!$F92*'W. Month'!E$10,IF($M$3="Ricavi Generati",'W Plur.'!$F107*'W. Month'!E$10)) -> 40906.298 | F74: =IF($M$3="Quantità vendute",'W Plur.'!$F92*'W. Month'!F$10,IF($M$3="Ricavi Generati",'W Plur.'!$F107*'W. Month'!F$10)) -> 42903.878 | G74: =IF($M$3="Quantità vendute",'W Plur.'!$F92*'W. Month'!G$10,IF($M$3="Ricavi Generati",'W Plur.'!$F107*'W. Month'!G$10)) -> 43833.636 | H74: =IF($M$3="Quantità vendute",'W Plur.'!$F92*'W. Month'!H$10,IF($M$3="Ricavi Generati",'W Plur.'!$F107*'W. Month'!H$10)) -> 48530.165 | I74: =IF($M$3="Quantità vendute",'W Plur.'!$F92*'W. Month'!I$10,IF($M$3="Ricavi Generati",'W Plur.'!$F107*'W. Month'!I$10)) -> 47462.417 | ... M74: =IF($M$3="Quantità vendute",'W Plur.'!$F92*'W. Month'!M$10,IF($M$3="Ricavi Generati",'W Plur.'!$F107*'W. Month'!M$10)) -> 35295.991 | N74: =SUM(B74:M74) -> 488924.77 | O74: ='Controll Panel'!F7 -> 0
A75: =A60 -> Revenues during lunch | B75: =IF($M$3="Quantità vendute",'W Plur.'!$F93*'W. Month'!B$10,IF($M$3="Ricavi Generati",'W Plur.'!$F108*'W. Month'!B$10)) -> 26179.416 | C75: =IF($M$3="Quantità vendute",'W Plur.'!$F93*'W. Month'!C$10,IF($M$3="Ricavi Generati",'W Plur.'!$F108*'W. Month'!C$10)) -> 25427.885 | D75: =IF($M$3="Quantità vendute",'W Plur.'!$F93*'W. Month'!D$10,IF($M$3="Ricavi Generati",'W Plur.'!$F108*'W. Month'!D$10)) -> 28364.922 | E75: =IF($M$3="Quantità vendute",'W Plur.'!$F93*'W. Month'!E$10,IF($M$3="Ricavi Generati",'W Plur.'!$F108*'W. Month'!E$10)) -> 28050.033 | F75: =IF($M$3="Quantità vendute",'W Plur.'!$F93*'W. Month'!F$10,IF($M$3="Ricavi Generati",'W Plur.'!$F108*'W. Month'!F$10)) -> 29419.802 | G75: =IF($M$3="Quantità vendute",'W Plur.'!$F93*'W. Month'!G$10,IF($M$3="Ricavi Generati",'W Plur.'!$F108*'W. Month'!G$10)) -> 30057.35 | H75: =IF($M$3="Quantità vendute",'W Plur.'!$F93*'W. Month'!H$10,IF($M$3="Ricavi Generati",'W Plur.'!$F108*'W. Month'!H$10)) -> 33277.827 | I75: =IF($M$3="Quantità vendute",'W Plur.'!$F93*'W. Month'!I$10,IF($M$3="Ricavi Generati",'W Plur.'!$F108*'W. Month'!I$10)) -> 32545.657 | ... M75: =IF($M$3="Quantità vendute",'W Plur.'!$F93*'W. Month'!M$10,IF($M$3="Ricavi Generati",'W Plur.'!$F108*'W. Month'!M$10)) -> 24202.965 | N75: =SUM(B75:M75) -> 335262.7 | O75: =O74 -> 0
A76: =A61 -> Revenues after lunch | B76: =IF($M$3="Quantità vendute",'W Plur.'!$F94*'W. Month'!B$10,IF($M$3="Ricavi Generati",'W Plur.'!$F109*'W. Month'!B$10)) -> 9397.7389 | C76: =IF($M$3="Quantità vendute",'W Plur.'!$F94*'W. Month'!C$10,IF($M$3="Ricavi Generati",'W Plur.'!$F109*'W. Month'!C$10)) -> 9127.9586 | D76: =IF($M$3="Quantità vendute",'W Plur.'!$F94*'W. Month'!D$10,IF($M$3="Ricavi Generati",'W Plur.'!$F109*'W. Month'!D$10)) -> 10182.28 | E76: =IF($M$3="Quantità vendute",'W Plur.'!$F94*'W. Month'!E$10,IF($M$3="Ricavi Generati",'W Plur.'!$F109*'W. Month'!E$10)) -> 10069.243 | F76: =IF($M$3="Quantità vendute",'W Plur.'!$F94*'W. Month'!F$10,IF($M$3="Ricavi Generati",'W Plur.'!$F109*'W. Month'!F$10)) -> 10560.955 | G76: =IF($M$3="Quantità vendute",'W Plur.'!$F94*'W. Month'!G$10,IF($M$3="Ricavi Generati",'W Plur.'!$F109*'W. Month'!G$10)) -> 10789.818 | H76: =IF($M$3="Quantità vendute",'W Plur.'!$F94*'W. Month'!H$10,IF($M$3="Ricavi Generati",'W Plur.'!$F109*'W. Month'!H$10)) -> 11945.887 | I76: =IF($M$3="Quantità vendute",'W Plur.'!$F94*'W. Month'!I$10,IF($M$3="Ricavi Generati",'W Plur.'!$F109*'W. Month'!I$10)) -> 11683.056 | ... M76: =IF($M$3="Quantità vendute",'W Plur.'!$F94*'W. Month'!M$10,IF($M$3="Ricavi Generati",'W Plur.'!$F109*'W. Month'!M$10)) -> 8688.2439 | N76: =SUM(B76:M76) -> 120350.71 | O76: =O75 -> 0
A77: =A62 -> Revenues during dinner | B77: =IF($M$3="Quantità vendute",'W Plur.'!$F95*'W. Month'!B$10,IF($M$3="Ricavi Generati",'W Plur.'!$F110*'W. Month'!B$10)) -> 3132.5796 | C77: =IF($M$3="Quantità vendute",'W Plur.'!$F95*'W. Month'!C$10,IF($M$3="Ricavi Generati",'W Plur.'!$F110*'W. Month'!C$10)) -> 3042.6529 | D77: =IF($M$3="Quantità vendute",'W Plur.'!$F95*'W. Month'!D$10,IF($M$3="Ricavi Generati",'W Plur.'!$F110*'W. Month'!D$10)) -> 3394.0932 | E77: =IF($M$3="Quantità vendute",'W Plur.'!$F95*'W. Month'!E$10,IF($M$3="Ricavi Generati",'W Plur.'!$F110*'W. Month'!E$10)) -> 3356.4142 | F77: =IF($M$3="Quantità vendute",'W Plur.'!$F95*'W. Month'!F$10,IF($M$3="Ricavi Generati",'W Plur.'!$F110*'W. Month'!F$10)) -> 3520.3182 | G77: =IF($M$3="Quantità vendute",'W Plur.'!$F95*'W. Month'!G$10,IF($M$3="Ricavi Generati",'W Plur.'!$F110*'W. Month'!G$10)) -> 3596.606 | H77: =IF($M$3="Quantità vendute",'W Plur.'!$F95*'W. Month'!H$10,IF($M$3="Ricavi Generati",'W Plur.'!$F110*'W. Month'!H$10)) -> 3981.9623 | I77: =IF($M$3="Quantità vendute",'W Plur.'!$F95*'W. Month'!I$10,IF($M$3="Ricavi Generati",'W Plur.'!$F110*'W. Month'!I$10)) -> 3894.3521 | ... M77: =IF($M$3="Quantità vendute",'W Plur.'!$F95*'W. Month'!M$10,IF($M$3="Ricavi Generati",'W Plur.'!$F110*'W. Month'!M$10)) -> 2896.0813 | N77: =SUM(B77:M77) -> 40116.904 | O77: =O76 -> 0
A78: =A63 -> // | B78: =IF($M$3="Quantità vendute",'W Plur.'!$F96*'W. Month'!B$10,IF($M$3="Ricavi Generati",'W Plur.'!$F111*'W. Month'!B$10)) -> 0 | C78: =IF($M$3="Quantità vendute",'W Plur.'!$F96*'W. Month'!C$10,IF($M$3="Ricavi Generati",'W Plur.'!$F111*'W. Month'!C$10)) -> 0 | D78: =IF($M$3="Quantità vendute",'W Plur.'!$F96*'W. Month'!D$10,IF($M$3="Ricavi Generati",'W Plur.'!$F111*'W. Month'!D$10)) -> 0 | E78: =IF($M$3="Quantità vendute",'W Plur.'!$F96*'W. Month'!E$10,IF($M$3="Ricavi Generati",'W Plur.'!$F111*'W. Month'!E$10)) -> 0 | F78: =IF($M$3="Quantità vendute",'W Plur.'!$F96*'W. Month'!F$10,IF($M$3="Ricavi Generati",'W Plur.'!$F111*'W. Month'!F$10)) -> 0 | G78: =IF($M$3="Quantità vendute",'W Plur.'!$F96*'W. Month'!G$10,IF($M$3="Ricavi Generati",'W Plur.'!$F111*'W. Month'!G$10)) -> 0 | H78: =IF($M$3="Quantità vendute",'W Plur.'!$F96*'W. Month'!H$10,IF($M$3="Ricavi Generati",'W Plur.'!$F111*'W. Month'!H$10)) -> 0 | I78: =IF($M$3="Quantità vendute",'W Plur.'!$F96*'W. Month'!I$10,IF($M$3="Ricavi Generati",'W Plur.'!$F111*'W. Month'!I$10)) -> 0 | ... M78: =IF($M$3="Quantità vendute",'W Plur.'!$F96*'W. Month'!M$10,IF($M$3="Ricavi Generati",'W Plur.'!$F111*'W. Month'!M$10)) -> 0 | N78: =SUM(B78:M78) -> 0 | O78: =O77 -> 0
A79: =A64 -> // | B79: =IF($M$3="Quantità vendute",'W Plur.'!$F97*'W. Month'!B$10,IF($M$3="Ricavi Generati",'W Plur.'!$F112*'W. Month'!B$10)) -> 0 | C79: =IF($M$3="Quantità vendute",'W Plur.'!$F97*'W. Month'!C$10,IF($M$3="Ricavi Generati",'W Plur.'!$F112*'W. Month'!C$10)) -> 0 | D79: =IF($M$3="Quantità vendute",'W Plur.'!$F97*'W. Month'!D$10,IF($M$3="Ricavi Generati",'W Plur.'!$F112*'W. Month'!D$10)) -> 0 | E79: =IF($M$3="Quantità vendute",'W Plur.'!$F97*'W. Month'!E$10,IF($M$3="Ricavi Generati",'W Plur.'!$F112*'W. Month'!E$10)) -> 0 | F79: =IF($M$3="Quantità vendute",'W Plur.'!$F97*'W. Month'!F$10,IF($M$3="Ricavi Generati",'W Plur.'!$F112*'W. Month'!F$10)) -> 0 | G79: =IF($M$3="Quantità vendute",'W Plur.'!$F97*'W. Month'!G$10,IF($M$3="Ricavi Generati",'W Plur.'!$F112*'W. Month'!G$10)) -> 0 | H79: =IF($M$3="Quantità vendute",'W Plur.'!$F97*'W. Month'!H$10,IF($M$3="Ricavi Generati",'W Plur.'!$F112*'W. Month'!H$10)) -> 0 | I79: =IF($M$3="Quantità vendute",'W Plur.'!$F97*'W. Month'!I$10,IF($M$3="Ricavi Generati",'W Plur.'!$F112*'W. Month'!I$10)) -> 0 | ... M79: =IF($M$3="Quantità vendute",'W Plur.'!$F97*'W. Month'!M$10,IF($M$3="Ricavi Generati",'W Plur.'!$F112*'W. Month'!M$10)) -> 0 | N79: =SUM(B79:M79) -> 0 | O79: =O78 -> 0
A80: =A65 -> // | B80: =IF($M$3="Quantità vendute",'W Plur.'!$F98*'W. Month'!B$10,IF($M$3="Ricavi Generati",'W Plur.'!$F113*'W. Month'!B$10)) -> 0 | C80: =IF($M$3="Quantità vendute",'W Plur.'!$F98*'W. Month'!C$10,IF($M$3="Ricavi Generati",'W Plur.'!$F113*'W. Month'!C$10)) -> 0 | D80: =IF($M$3="Quantità vendute",'W Plur.'!$F98*'W. Month'!D$10,IF($M$3="Ricavi Generati",'W Plur.'!$F113*'W. Month'!D$10)) -> 0 | E80: =IF($M$3="Quantità vendute",'W Plur.'!$F98*'W. Month'!E$10,IF($M$3="Ricavi Generati",'W Plur.'!$F113*'W. Month'!E$10)) -> 0 | F80: =IF($M$3="Quantità vendute",'W Plur.'!$F98*'W. Month'!F$10,IF($M$3="Ricavi Generati",'W Plur.'!$F113*'W. Month'!F$10)) -> 0 | G80: =IF($M$3="Quantità vendute",'W Plur.'!$F98*'W. Month'!G$10,IF($M$3="Ricavi Generati",'W Plur.'!$F113*'W. Month'!G$10)) -> 0 | H80: =IF($M$3="Quantità vendute",'W Plur.'!$F98*'W. Month'!H$10,IF($M$3="Ricavi Generati",'W Plur.'!$F113*'W. Month'!H$10)) -> 0 | I80: =IF($M$3="Quantità vendute",'W Plur.'!$F98*'W. Month'!I$10,IF($M$3="Ricavi Generati",'W Plur.'!$F113*'W. Month'!I$10)) -> 0 | ... M80: =IF($M$3="Quantità vendute",'W Plur.'!$F98*'W. Month'!M$10,IF($M$3="Ricavi Generati",'W Plur.'!$F113*'W. Month'!M$10)) -> 0 | N80: =SUM(B80:M80) -> 0 | O80: =O79 -> 0
A81: =A66 -> // | B81: =IF($M$3="Quantità vendute",'W Plur.'!$F99*'W. Month'!B$10,IF($M$3="Ricavi Generati",'W Plur.'!$F114*'W. Month'!B$10)) -> 0 | C81: =IF($M$3="Quantità vendute",'W Plur.'!$F99*'W. Month'!C$10,IF($M$3="Ricavi Generati",'W Plur.'!$F114*'W. Month'!C$10)) -> 0 | D81: =IF($M$3="Quantità vendute",'W Plur.'!$F99*'W. Month'!D$10,IF($M$3="Ricavi Generati",'W Plur.'!$F114*'W. Month'!D$10)) -> 0 | E81: =IF($M$3="Quantità vendute",'W Plur.'!$F99*'W. Month'!E$10,IF($M$3="Ricavi Generati",'W Plur.'!$F114*'W. Month'!E$10)) -> 0 | F81: =IF($M$3="Quantità vendute",'W Plur.'!$F99*'W. Month'!F$10,IF($M$3="Ricavi Generati",'W Plur.'!$F114*'W. Month'!F$10)) -> 0 | G81: =IF($M$3="Quantità vendute",'W Plur.'!$F99*'W. Month'!G$10,IF($M$3="Ricavi Generati",'W Plur.'!$F114*'W. Month'!G$10)) -> 0 | H81: =IF($M$3="Quantità vendute",'W Plur.'!$F99*'W. Month'!H$10,IF($M$3="Ricavi Generati",'W Plur.'!$F114*'W. Month'!H$10)) -> 0 | I81: =IF($M$3="Quantità vendute",'W Plur.'!$F99*'W. Month'!I$10,IF($M$3="Ricavi Generati",'W Plur.'!$F114*'W. Month'!I$10)) -> 0 | ... M81: =IF($M$3="Quantità vendute",'W Plur.'!$F99*'W. Month'!M$10,IF($M$3="Ricavi Generati",'W Plur.'!$F114*'W. Month'!M$10)) -> 0 | N81: =SUM(B81:M81) -> 0 | O81: =O80 -> 0
A82: =A67 -> // | B82: =IF($M$3="Quantità vendute",'W Plur.'!$F100*'W. Month'!B$10,IF($M$3="Ricavi Generati",'W Plur.'!$F115*'W. Month'!B$10)) -> 0 | C82: =IF($M$3="Quantità vendute",'W Plur.'!$F100*'W. Month'!C$10,IF($M$3="Ricavi Generati",'W Plur.'!$F115*'W. Month'!C$10)) -> 0 | D82: =IF($M$3="Quantità vendute",'W Plur.'!$F100*'W. Month'!D$10,IF($M$3="Ricavi Generati",'W Plur.'!$F115*'W. Month'!D$10)) -> 0 | E82: =IF($M$3="Quantità vendute",'W Plur.'!$F100*'W. Month'!E$10,IF($M$3="Ricavi Generati",'W Plur.'!$F115*'W. Month'!E$10)) -> 0 | F82: =IF($M$3="Quantità vendute",'W Plur.'!$F100*'W. Month'!F$10,IF($M$3="Ricavi Generati",'W Plur.'!$F115*'W. Month'!F$10)) -> 0 | G82: =IF($M$3="Quantità vendute",'W Plur.'!$F100*'W. Month'!G$10,IF($M$3="Ricavi Generati",'W Plur.'!$F115*'W. Month'!G$10)) -> 0 | H82: =IF($M$3="Quantità vendute",'W Plur.'!$F100*'W. Month'!H$10,IF($M$3="Ricavi Generati",'W Plur.'!$F115*'W. Month'!H$10)) -> 0 | I82: =IF($M$3="Quantità vendute",'W Plur.'!$F100*'W. Month'!I$10,IF($M$3="Ricavi Generati",'W Plur.'!$F115*'W. Month'!I$10)) -> 0 | ... M82: =IF($M$3="Quantità vendute",'W Plur.'!$F100*'W. Month'!M$10,IF($M$3="Ricavi Generati",'W Plur.'!$F115*'W. Month'!M$10)) -> 0 | N82: =SUM(B82:M82) -> 0 | O82: =O81 -> 0
A83: =A68 -> // | B83: =IF($M$3="Quantità vendute",'W Plur.'!$F101*'W. Month'!B$10,IF($M$3="Ricavi Generati",'W Plur.'!$F116*'W. Month'!B$10)) -> 0 | C83: =IF($M$3="Quantità vendute",'W Plur.'!$F101*'W. Month'!C$10,IF($M$3="Ricavi Generati",'W Plur.'!$F116*'W. Month'!C$10)) -> 0 | D83: =IF($M$3="Quantità vendute",'W Plur.'!$F101*'W. Month'!D$10,IF($M$3="Ricavi Generati",'W Plur.'!$F116*'W. Month'!D$10)) -> 0 | E83: =IF($M$3="Quantità vendute",'W Plur.'!$F101*'W. Month'!E$10,IF($M$3="Ricavi Generati",'W Plur.'!$F116*'W. Month'!E$10)) -> 0 | F83: =IF($M$3="Quantità vendute",'W Plur.'!$F101*'W. Month'!F$10,IF($M$3="Ricavi Generati",'W Plur.'!$F116*'W. Month'!F$10)) -> 0 | G83: =IF($M$3="Quantità vendute",'W Plur.'!$F101*'W. Month'!G$10,IF($M$3="Ricavi Generati",'W Plur.'!$F116*'W. Month'!G$10)) -> 0 | H83: =IF($M$3="Quantità vendute",'W Plur.'!$F101*'W. Month'!H$10,IF($M$3="Ricavi Generati",'W Plur.'!$F116*'W. Month'!H$10)) -> 0 | I83: =IF($M$3="Quantità vendute",'W Plur.'!$F101*'W. Month'!I$10,IF($M$3="Ricavi Generati",'W Plur.'!$F116*'W. Month'!I$10)) -> 0 | ... M83: =IF($M$3="Quantità vendute",'W Plur.'!$F101*'W. Month'!M$10,IF($M$3="Ricavi Generati",'W Plur.'!$F116*'W. Month'!M$10)) -> 0 | N83: =SUM(B83:M83) -> 0 | O83: =O82 -> 0
A84: =A69 -> // | B84: =IF($M$3="Quantità vendute",'W Plur.'!$F102*'W. Month'!B$10,IF($M$3="Ricavi Generati",'W Plur.'!$F117*'W. Month'!B$10)) -> 0 | C84: =IF($M$3="Quantità vendute",'W Plur.'!$F102*'W. Month'!C$10,IF($M$3="Ricavi Generati",'W Plur.'!$F117*'W. Month'!C$10)) -> 0 | D84: =IF($M$3="Quantità vendute",'W Plur.'!$F102*'W. Month'!D$10,IF($M$3="Ricavi Generati",'W Plur.'!$F117*'W. Month'!D$10)) -> 0 | E84: =IF($M$3="Quantità vendute",'W Plur.'!$F102*'W. Month'!E$10,IF($M$3="Ricavi Generati",'W Plur.'!$F117*'W. Month'!E$10)) -> 0 | F84: =IF($M$3="Quantità vendute",'W Plur.'!$F102*'W. Month'!F$10,IF($M$3="Ricavi Generati",'W Plur.'!$F117*'W. Month'!F$10)) -> 0 | G84: =IF($M$3="Quantità vendute",'W Plur.'!$F102*'W. Month'!G$10,IF($M$3="Ricavi Generati",'W Plur.'!$F117*'W. Month'!G$10)) -> 0 | H84: =IF($M$3="Quantità vendute",'W Plur.'!$F102*'W. Month'!H$10,IF($M$3="Ricavi Generati",'W Plur.'!$F117*'W. Month'!H$10)) -> 0 | I84: =IF($M$3="Quantità vendute",'W Plur.'!$F102*'W. Month'!I$10,IF($M$3="Ricavi Generati",'W Plur.'!$F117*'W. Month'!I$10)) -> 0 | ... M84: =IF($M$3="Quantità vendute",'W Plur.'!$F102*'W. Month'!M$10,IF($M$3="Ricavi Generati",'W Plur.'!$F117*'W. Month'!M$10)) -> 0 | N84: =SUM(B84:M84) -> 0 | O84: =O83 -> 0
A85: =A70 -> // | B85: =IF($M$3="Quantità vendute",'W Plur.'!$F103*'W. Month'!B$10,IF($M$3="Ricavi Generati",'W Plur.'!$F118*'W. Month'!B$10)) -> 0 | C85: =IF($M$3="Quantità vendute",'W Plur.'!$F103*'W. Month'!C$10,IF($M$3="Ricavi Generati",'W Plur.'!$F118*'W. Month'!C$10)) -> 0 | D85: =IF($M$3="Quantità vendute",'W Plur.'!$F103*'W. Month'!D$10,IF($M$3="Ricavi Generati",'W Plur.'!$F118*'W. Month'!D$10)) -> 0 | E85: =IF($M$3="Quantità vendute",'W Plur.'!$F103*'W. Month'!E$10,IF($M$3="Ricavi Generati",'W Plur.'!$F118*'W. Month'!E$10)) -> 0 | F85: =IF($M$3="Quantità vendute",'W Plur.'!$F103*'W. Month'!F$10,IF($M$3="Ricavi Generati",'W Plur.'!$F118*'W. Month'!F$10)) -> 0 | G85: =IF($M$3="Quantità vendute",'W Plur.'!$F103*'W. Month'!G$10,IF($M$3="Ricavi Generati",'W Plur.'!$F118*'W. Month'!G$10)) -> 0 | H85: =IF($M$3="Quantità vendute",'W Plur.'!$F103*'W. Month'!H$10,IF($M$3="Ricavi Generati",'W Plur.'!$F118*'W. Month'!H$10)) -> 0 | I85: =IF($M$3="Quantità vendute",'W Plur.'!$F103*'W. Month'!I$10,IF($M$3="Ricavi Generati",'W Plur.'!$F118*'W. Month'!I$10)) -> 0 | ... M85: =IF($M$3="Quantità vendute",'W Plur.'!$F103*'W. Month'!M$10,IF($M$3="Ricavi Generati",'W Plur.'!$F118*'W. Month'!M$10)) -> 0 | N85: =SUM(B85:M85) -> 0 | O85: =O84 -> 0
A86: =A71 -> Total | B86: =SUM(B74:B85) -> 76888.049 | C86: =SUM(C74:C85) -> 74680.828 | D86: =SUM(D74:D85) -> 83306.806 | E86: =SUM(E74:E85) -> 82381.988 | F86: =SUM(F74:F85) -> 86404.952 | G86: =SUM(G74:G85) -> 88277.41 | H86: =SUM(H74:H85) -> 97735.841 | I86: =SUM(I74:I85) -> 95585.482 | ... M86: =SUM(M74:M85) -> 71083.281 | N86: =SUM(B86:M86) -> 984655.08 | O86: =AVERAGE(O74:O85) -> 0

Sheet Inv.
A1: =Menù!D3 -> Trovato 1929
A2: =Menù!A2 -> Budget e Business Plan
A3: Capex
A5: Macro | B5: Details | C5: ='W Plur.'!B5 -> 2025 | D5: =C5+1 -> 2026 | E5: =D5+1 -> 2027 | F5: =E5+1 -> 2028 | G5: =F5+1 -> 2029 | H5: A/L | I5: =C5 -> 2025 | J5: =D5 -> 2026 | K5: =E5 -> 2027 | L5: =F5 -> 2028 | M5: =G5 -> 2029 | O5: Tot. Am. | Q5: CdC | S5: Iva % | T5: Iva € | V5: =I5 -> 2025 | W5: =J5 -> 2026 | X5: =K5 -> 2027 | Y5: =L5 -> 2028 | Z5: =M5 -> 2029 | AB5: Years Amm.
A7: Intangible assets | H7: // | I7: Amortization | O7: =C5 -> 2025 | Q7: CdC | S7: VAT | T7: VAT € | V7: Depreciation fund
A8: Installation costs | B8: Deposits | C8: 0 | D8: 0 | E8: 0 | F8: 0 | G8: 0 | H8: A | I8: =IF(H8="A",C8/AB8,0) -> 0 | J8: =I8+D8/AB8 -> 0 | K8: =J8+E8/AB8 -> 0 | L8: =K8+F8/AB8 -> 0 | M8: =L8+G8/AB8 -> 0 | O8: =SUM(I8:I12) -> 0 | Q8: ND | S8: 0.22 | T8: =C8*S8 -> 0 | V8: =C8-I8 -> 0 | W8: =(C8-C8/AB8-C8/AB8)+(D8-D8/AB8) -> 0 | X8: =(C8-C8/AB8-C8/AB8-C8/AB8)+(D8-D8/AB8-D8/AB8)+(E8-E8/AB8) -> 0 | Y8: =(C8-C8/AB8-C8/AB8-C8/AB8-C8/AB8)+(D8-D8/AB8-D8/AB8-D8/AB8)+(E8-E8/AB8-E8/AB8)+(F8-F8/AB8) -> 0 | Z8: =(C8-C8/AB8-C8/AB8-C8/AB8-C8/AB8-C8/AB8)+(D8-D8/AB8-D8/AB8-D8/AB8-D8/AB8)+(E8-E8/AB8-E8/AB8-E8/AB8)+(F8-F8/AB8-F8/AB8)+(G8-G8/AB8) -> 0 | AB8: 5
B9: Others | C9: 0 | D9: 0 | E9: 0 | F9: 0 | G9: 0 | H9: A | I9: =IF(H9="A",C9/AB9,0) -> 0 | J9: =I9+D9/AB9 -> 0 | K9: =J9+E9/AB9 -> 0 | L9: =K9+F9/AB9 -> 0 | M9: =L9+G9/AB9 -> 0 | Q9: ND | S9: 0.22 | T9: =C9*S9 -> 0 | V9: =C9-I9 -> 0 | W9: =(C9-C9/AB9-C9/AB9)+(D9-D9/AB9) -> 0 | X9: =(C9-C9/AB9-C9/AB9-C9/AB9)+(D9-D9/AB9-D9/AB9)+(E9-E9/AB9) -> 0 | Y9: =(C9-C9/AB9-C9/AB9-C9/AB9-C9/AB9)+(D9-D9/AB9-D9/AB9-D9/AB9)+(E9-E9/AB9-E9/AB9)+(F9-F9/AB9) -> 0 | Z9: =(C9-C9/AB9-C9/AB9-C9/AB9-C9/AB9-C9/AB9)+(D9-D9/AB9-D9/AB9-D9/AB9-D9/AB9)+(E9-E9/AB9-E9/AB9-E9/AB9)+(F9-F9/AB9-F9/AB9)+(G9-G9/AB9) -> 0 | AB9: 5
B10: Others | C10: 0 | D10: 0 | E10: 0 | F10: 0 | G10: 0 | H10: A | I10: =IF(H10="A",C10/AB10,0) -> 0 | J10: =I10+D10/AB10 -> 0 | K10: =J10+E10/AB10 -> 0 | L10: =K10+F10/AB10 -> 0 | M10: =L10+G10/AB10 -> 0 | Q10: ND | S10: 0.22 | T10: =C10*S10 -> 0 | V10: =C10-I10 -> 0 | W10: =(C10-C10/AB10-C10/AB10)+(D10-D10/AB10) -> 0 | X10: =(C10-C10/AB10-C10/AB10-C10/AB10)+(D10-D10/AB10-D10/AB10)+(E10-E10/AB10) -> 0 | Y10: =(C10-C10/AB10-C10/AB10-C10/AB10-C10/AB10)+(D10-D10/AB10-D10/AB10-D10/AB10)+(E10-E10/AB10-E10/AB10)+(F10-F10/AB10) -> 0 | Z10: =(C10-C10/AB10-C10/AB10-C10/AB10-C10/AB10-C10/AB10)+(D10-D10/AB10-D10/AB10-D10/AB10-D10/AB10)+(E10-E10/AB10-E10/AB10-E10/AB10)+(F10-F10/AB10-F10/AB10)+(G10-G10/AB10) -> 0 | AB10: 5
B11: Others | C11: 0 | D11: 0 | E11: 0 | F11: 0 | G11: 0 | H11: A | I11: =IF(H11="A",C11/AB11,0) -> 0 | J11: =I11+D11/AB11 -> 0 | K11: =J11+E11/AB11 -> 0 | L11: =K11+F11/AB11 -> 0 | M11: =L11+G11/AB11 -> 0 | Q11: ND | S11: 0.22 | T11: =C11*S11 -> 0 | V11: =C11-I11 -> 0 | W11: =(C11-C11/AB11-C11/AB11)+(D11-D11/AB11) -> 0 | X11: =(C11-C11/AB11-C11/AB11-C11/AB11)+(D11-D11/AB11-D11/AB11)+(E11-E11/AB11) -> 0 | Y11: =(C11-C11/AB11-C11/AB11-C11/AB11-C11/AB11)+(D11-D11/AB11-D11/AB11-D11/AB11)+(E11-E11/AB11-E11/AB11)+(F11-F11/AB11) -> 0 | Z11: =(C11-C11/AB11-C11/AB11-C11/AB11-C11/AB11-C11/AB11)+(D11-D11/AB11-D11/AB11-D11/AB11-D11/AB11)+(E11-E11/AB11-E11/AB11-E11/AB11)+(F11-F11/AB11-F11/AB11)+(G11-G11/AB11) -> 0 | AB11: 5
B12: Others | C12: 0 | D12: 0 | E12: 0 | F12: 0 | G12: 0 | H12: A | I12: =IF(H12="A",C12/AB12,0) -> 0 | J12: =I12+D12/AB12 -> 0 | K12: =J12+E12/AB12 -> 0 | L12: =K12+F12/AB12 -> 0 | M12: =L12+G12/AB12 -> 0 | Q12: ND | S12: 0.22 | T12: =C12*S12 -> 0 | V12: =C12-I12 -> 0 | W12: =(C12-C12/AB12-C12/AB12)+(D12-D12/AB12) -> 0 | X12: =(C12-C12/AB12-C12/AB12-C12/AB12)+(D12-D12/AB12-D12/AB12)+(E12-E12/AB12) -> 0 | Y12: =(C12-C12/AB12-C12/AB12-C12/AB12-C12/AB12)+(D12-D12/AB12-D12/AB12-D12/AB12)+(E12-E12/AB12-E12/AB12)+(F12-F12/AB12) -> 0 | Z12: =(C12-C12/AB12-C12/AB12-C12/AB12-C12/AB12-C12/AB12)+(D12-D12/AB12-D12/AB12-D12/AB12-D12/AB12)+(E12-E12/AB12-E12/AB12-E12/AB12)+(F12-F12/AB12-F12/AB12)+(G12-G12/AB12) -> 0 | AB12: 5
A13: Point of sale renovation costs | B13: Turnkey local renovation | C13: ='PoS ren. costs'!D24 -> 250498.8 | D13: 0 | E13: 0 | F13: 0 | G13: 0 | H13: A | I13: =IF(H13="A",C13/AB13,0) -> 35785.543 | J13: =I13+D13/AB13 -> 35785.543 | K13: =J13+E13/AB13 -> 35785.543 | L13: =K13+F13/AB13 -> 35785.543 | M13: =L13+G13/AB13 -> 35785.543 | O13: =SUM(I13:I16) -> 35785.543 | Q13: ND | S13: 0.22 | T13: =C13*S13 -> 55109.736 | V13: =C13-I13 -> 214713.26 | W13: =(C13-C13/AB13-C13/AB13)+(D13-D13/AB13) -> 178927.71 | X13: =(C13-C13/AB13-C13/AB13-C13/AB13)+(D13-D13/AB13-D13/AB13)+(E13-E13/AB13) -> 143142.17 | Y13: =(C13-C13/AB13-C13/AB13-C13/AB13-C13/AB13)+(D13-D13/AB13-D13/AB13-D13/AB13)+(E13-E13/AB13-E13/AB13)+(F13-F13/AB13) -> 107356.63 | Z13: =(C13-C13/AB13-C13/AB13-C13/AB13-C13/AB13-C13/AB13)+(D13-D13/AB13-D13/AB13-D13/AB13-D13/AB13)+(E13-E13/AB13-E13/AB13-E13/AB13)+(F13-F13/AB13-F13/AB13)+(G13-G13/AB13) -> 71571.086 | AB13: 7
B14: Others | C14: 0 | D14: 0 | E14: 0 | F14: 0 | G14: 0 | H14: A | I14: =IF(H14="A",C14/AB14,0) -> 0 | J14: =I14+D14/AB14 -> 0 | K14: =J14+E14/AB14 -> 0 | L14: =K14+F14/AB14 -> 0 | M14: =L14+G14/AB14 -> 0 | Q14: ND | S14: 0.22 | T14: =C14*S14 -> 0 | V14: =C14-I14 -> 0 | W14: =(C14-C14/AB14-C14/AB14)+(D14-D14/AB14) -> 0 | X14: =(C14-C14/AB14-C14/AB14-C14/AB14)+(D14-D14/AB14-D14/AB14)+(E14-E14/AB14) -> 0 | Y14: =(C14-C14/AB14-C14/AB14-C14/AB14-C14/AB14)+(D14-D14/AB14-D14/AB14-D14/AB14)+(E14-E14/AB14-E14/AB14)+(F14-F14/AB14) -> 0 | Z14: =(C14-C14/AB14-C14/AB14-C14/AB14-C14/AB14-C14/AB14)+(D14-D14/AB14-D14/AB14-D14/AB14-D14/AB14)+(E14-E14/AB14-E14/AB14-E14/AB14)+(F14-F14/AB14-F14/AB14)+(G14-G14/AB14) -> 0 | AB14: 7
B15: Others | C15: 0 | D15: 0 | E15: 0 | F15: 0 | G15: 0 | H15: A | I15: =IF(H15="A",C15/AB15,0) -> 0 | J15: =I15+D15/AB15 -> 0 | K15: =J15+E15/AB15 -> 0 | L15: =K15+F15/AB15 -> 0 | M15: =L15+G15/AB15 -> 0 | Q15: ND | S15: 0.22 | T15: =C15*S15 -> 0 | V15: =C15-I15 -> 0 | W15: =(C15-C15/AB15-C15/AB15)+(D15-D15/AB15) -> 0 | X15: =(C15-C15/AB15-C15/AB15-C15/AB15)+(D15-D15/AB15-D15/AB15)+(E15-E15/AB15) -> 0 | Y15: =(C15-C15/AB15-C15/AB15-C15/AB15-C15/AB15)+(D15-D15/AB15-D15/AB15-D15/AB15)+(E15-E15/AB15-E15/AB15)+(F15-F15/AB15) -> 0 | Z15: =(C15-C15/AB15-C15/AB15-C15/AB15-C15/AB15-C15/AB15)+(D15-D15/AB15-D15/AB15-D15/AB15-D15/AB15)+(E15-E15/AB15-E15/AB15-E15/AB15)+(F15-F15/AB15-F15/AB15)+(G15-G15/AB15) -> 0 | AB15: 7
B16: Others | C16: 0 | D16: 0 | E16: 0 | F16: 0 | G16: 0 | H16: A | I16: =IF(H16="A",C16/AB16,0) -> 0 | J16: =I16+D16/AB16 -> 0 | K16: =J16+E16/AB16 -> 0 | L16: =K16+F16/AB16 -> 0 | M16: =L16+G16/AB16 -> 0 | Q16: ND | S16: 0.22 | T16: =C16*S16 -> 0 | V16: =C16-I16 -> 0 | W16: =(C16-C16/AB16-C16/AB16)+(D16-D16/AB16) -> 0 | X16: =(C16-C16/AB16-C16/AB16-C16/AB16)+(D16-D16/AB16-D16/AB16)+(E16-E16/AB16) -> 0 | Y16: =(C16-C16/AB16-C16/AB16-C16/AB16-C16/AB16)+(D16-D16/AB16-D16/AB16-D16/AB16)+(E16-E16/AB16-E16/AB16)+(F16-F16/AB16) -> 0 | Z16: =(C16-C16/AB16-C16/AB16-C16/AB16-C16/AB16-C16/AB16)+(D16-D16/AB16-D16/AB16-D16/AB16-D16/AB16)+(E16-E16/AB16-E16/AB16-E16/AB16)+(F16-F16/AB16-F16/AB16)+(G16-G16/AB16) -> 0 | AB16: 7
A17: Ricerca e Sviluppo | B17: Ricerca | C17: 0 | D17: 0 | E17: 0 | F17: 0 | G17: 0 | H17: A | I17: =IF(H17="A",C17/AB17,0) -> 0 | J17: =I17+D17/AB17 -> 0 | K17: =J17+E17/AB17 -> 0 | L17: =K17+F17/AB17 -> 0 | M17: =L17+G17/AB17 -> 0 | O17: =SUM(I17:I19) -> 0 | S17: 0.22 | T17: =C17*S17 -> 0 | V17: =C17-I17 -> 0 | W17: =(C17-C17/AB17-C17/AB17)+(D17-D17/AB17) -> 0 | X17: =(C17-C17/AB17-C17/AB17-C17/AB17)+(D17-D17/AB17-D17/AB17)+(E17-E17/AB17) -> 0 | Y17: =(C17-C17/AB17-C17/AB17-C17/AB17-C17/AB17)+(D17-D17/AB17-D17/AB17-D17/AB17)+(E17-E17/AB17-E17/AB17)+(F17-F17/AB17) -> 0 | Z17: =(C17-C17/AB17-C17/AB17-C17/AB17-C17/AB17-C17/AB17)+(D17-D17/AB17-D17/AB17-D17/AB17-D17/AB17)+(E17-E17/AB17-E17/AB17-E17/AB17)+(F17-F17/AB17-F17/AB17)+(G17-G17/AB17) -> 0 | AB17: 5
B18: Sviluppo | C18: 0 | D18: 0 | E18: 0 | F18: 0 | G18: 0 | H18: A | I18: =IF(H18="A",C18/AB18,0) -> 0 | J18: =I18+D18/AB18 -> 0 | K18: =J18+E18/AB18 -> 0 | L18: =K18+F18/AB18 -> 0 | M18: =L18+G18/AB18 -> 0 | S18: 0.22 | T18: =C18*S18 -> 0 | V18: =C18-I18 -> 0 | W18: =(C18-C18/AB18-C18/AB18)+(D18-D18/AB18) -> 0 | X18: =(C18-C18/AB18-C18/AB18-C18/AB18)+(D18-D18/AB18-D18/AB18)+(E18-E18/AB18) -> 0 | Y18: =(C18-C18/AB18-C18/AB18-C18/AB18-C18/AB18)+(D18-D18/AB18-D18/AB18-D18/AB18)+(E18-E18/AB18-E18/AB18)+(F18-F18/AB18) -> 0 | Z18: =(C18-C18/AB18-C18/AB18-C18/AB18-C18/AB18-C18/AB18)+(D18-D18/AB18-D18/AB18-D18/AB18-D18/AB18)+(E18-E18/AB18-E18/AB18-E18/AB18)+(F18-F18/AB18-F18/AB18)+(G18-G18/AB18) -> 0 | AB18: 10
B19: Varie | C19: 0 | D19: 0 | E19: 0 | F19: 0 | G19: 0 | H19: A | I19: =IF(H19="A",C19/AB19,0) -> 0 | J19: =I19+D19/AB19 -> 0 | K19: =J19+E19/AB19 -> 0 | L19: =K19+F19/AB19 -> 0 | M19: =L19+G19/AB19 -> 0 | S19: 0.22 | T19: =C19*S19 -> 0 | V19: =C19-I19 -> 0 | W19: =(C19-C19/AB19-C19/AB19)+(D19-D19/AB19) -> 0 | X19: =(C19-C19/AB19-C19/AB19-C19/AB19)+(D19-D19/AB19-D19/AB19)+(E19-E19/AB19) -> 0 | Y19: =(C19-C19/AB19-C19/AB19-C19/AB19-C19/AB19)+(D19-D19/AB19-D19/AB19-D19/AB19)+(E19-E19/AB19-E19/AB19)+(F19-F19/AB19) -> 0 | Z19: =(C19-C19/AB19-C19/AB19-C19/AB19-C19/AB19-C19/AB19)+(D19-D19/AB19-D19/AB19-D19/AB19-D19/AB19)+(E19-E19/AB19-E19/AB19-E19/AB19)+(F19-F19/AB19-F19/AB19)+(G19-G19/AB19) -> 0 | AB19: 5
A20: Pubblicità | B20: Marketing | C20: 0 | D20: 0 | E20: 0 | F20: 0 | G20: 0 | H20: A | I20: =IF(H20="A",C20/AB20,0) -> 0 | J20: =I20+D20/AB20 -> 0 | K20: =J20+E20/AB20 -> 0 | L20: =K20+F20/AB20 -> 0 | M20: =L20+G20/AB20 -> 0 | O20: =SUM(I20:I23) -> 0 | S20: 0.22 | T20: =C20*S20 -> 0 | V20: =C20-I20 -> 0 | W20: =(C20-C20/AB20-C20/AB20)+(D20-D20/AB20) -> 0 | X20: =(C20-C20/AB20-C20/AB20-C20/AB20)+(D20-D20/AB20-D20/AB20)+(E20-E20/AB20) -> 0 | Y20: =(C20-C20/AB20-C20/AB20-C20/AB20-C20/AB20)+(D20-D20/AB20-D20/AB20-D20/AB20)+(E20-E20/AB20-E20/AB20)+(F20-F20/AB20) -> 0 | Z20: =(C20-C20/AB20-C20/AB20-C20/AB20-C20/AB20-C20/AB20)+(D20-D20/AB20-D20/AB20-D20/AB20-D20/AB20)+(E20-E20/AB20-E20/AB20-E20/AB20)+(F20-F20/AB20-F20/AB20)+(G20-G20/AB20) -> 0 | AB20: 5
B21: Varie | C21: 0 | D21: 0 | E21: 0 | F21: 0 | G21: 0 | H21: A | I21: =IF(H21="A",C21/AB21,0) -> 0 | J21: =I21+D21/AB21 -> 0 | K21: =J21+E21/AB21 -> 0 | L21: =K21+F21/AB21 -> 0 | M21: =L21+G21/AB21 -> 0 | S21: 0.22 | T21: =C21*S21 -> 0 | V21: =C21-I21 -> 0 | W21: =(C21-C21/AB21-C21/AB21)+(D21-D21/AB21) -> 0 | X21: =(C21-C21/AB21-C21/AB21-C21/AB21)+(D21-D21/AB21-D21/AB21)+(E21-E21/AB21) -> 0 | Y21: =(C21-C21/AB21-C21/AB21-C21/AB21-C21/AB21)+(D21-D21/AB21-D21/AB21-D21/AB21)+(E21-E21/AB21-E21/AB21)+(F21-F21/AB21) -> 0 | Z21: =(C21-C21/AB21-C21/AB21-C21/AB21-C21/AB21-C21/AB21)+(D21-D21/AB21-D21/AB21-D21/AB21-D21/AB21)+(E21-E21/AB21-E21/AB21-E21/AB21)+(F21-F21/AB21-F21/AB21)+(G21-G21/AB21) -> 0 | AB21: 5
B22: Varie | C22: 0 | D22: 0 | E22: 0 | F22: 0 | G22: 0 | H22: A | I22: =IF(H22="A",C22/AB22,0) -> 0 | J22: =I22+D22/AB22 -> 0 | K22: =J22+E22/AB22 -> 0 | L22: =K22+F22/AB22 -> 0 | M22: =L22+G22/AB22 -> 0 | S22: 0.22 | T22: =C22*S22 -> 0 | V22: =C22-I22 -> 0 | W22: =(C22-C22/AB22-C22/AB22)+(D22-D22/AB22) -> 0 | X22: =(C22-C22/AB22-C22/AB22-C22/AB22)+(D22-D22/AB22-D22/AB22)+(E22-E22/AB22) -> 0 | Y22: =(C22-C22/AB22-C22/AB22-C22/AB22-C22/AB22)+(D22-D22/AB22-D22/AB22-D22/AB22)+(E22-E22/AB22-E22/AB22)+(F22-F22/AB22) -> 0 | Z22: =(C22-C22/AB22-C22/AB22-C22/AB22-C22/AB22-C22/AB22)+(D22-D22/AB22-D22/AB22-D22/AB22-D22/AB22)+(E22-E22/AB22-E22/AB22-E22/AB22)+(F22-F22/AB22-F22/AB22)+(G22-G22/AB22) -> 0 | AB22: 5
B23: Varie | C23: 0 | D23: 0 | E23: 0 | F23: 0 | G23: 0 | H23: A | I23: =IF(H23="A",C23/AB23,0) -> 0 | J23: =I23+D23/AB23 -> 0 | K23: =J23+E23/AB23 -> 0 | L23: =K23+F23/AB23 -> 0 | M23: =L23+G23/AB23 -> 0 | S23: 0.22 | T23: =C23*S23 -> 0 | V23: =C23-I23 -> 0 | W23: =(C23-C23/AB23-C23/AB23)+(D23-D23/AB23) -> 0 | X23: =(C23-C23/AB23-C23/AB23-C23/AB23)+(D23-D23/AB23-D23/AB23)+(E23-E23/AB23) -> 0 | Y23: =(C23-C23/AB23-C23/AB23-C23/AB23-C23/AB23)+(D23-D23/AB23-D23/AB23-D23/AB23)+(E23-E23/AB23-E23/AB23)+(F23-F23/AB23) -> 0 | Z23: =(C23-C23/AB23-C23/AB23-C23/AB23-C23/AB23-C23/AB23)+(D23-D23/AB23-D23/AB23-D23/AB23-D23/AB23)+(E23-E23/AB23-E23/AB23-E23/AB23)+(F23-F23/AB23-F23/AB23)+(G23-G23/AB23) -> 0 | AB23: 5
A24: Diritti di brevetto e opere di ingegno | B24: Diritti di brevetto | C24: 0 | D24: 0 | E24: 0 | F24: 0 | G24: 0 | H24: A | I24: =IF(H24="A",C24/AB24,0) -> 0 | J24: =I24+D24/AB24 -> 0 | K24: =J24+E24/AB24 -> 0 | L24: =K24+F24/AB24 -> 0 | M24: =L24+G24/AB24 -> 0 | O24: =SUM(I24:I26) -> 0 | S24: 0.22 | T24: =C24*S24 -> 0 | V24: =C24-I24 -> 0 | W24: =(C24-C24/AB24-C24/AB24)+(D24-D24/AB24) -> 0 | X24: =(C24-C24/AB24-C24/AB24-C24/AB24)+(D24-D24/AB24-D24/AB24)+(E24-E24/AB24) -> 0 | Y24: =(C24-C24/AB24-C24/AB24-C24/AB24-C24/AB24)+(D24-D24/AB24-D24/AB24-D24/AB24)+(E24-E24/AB24-E24/AB24)+(F24-F24/AB24) -> 0 | Z24: =(C24-C24/AB24-C24/AB24-C24/AB24-C24/AB24-C24/AB24)+(D24-D24/AB24-D24/AB24-D24/AB24-D24/AB24)+(E24-E24/AB24-E24/AB24-E24/AB24)+(F24-F24/AB24-F24/AB24)+(G24-G24/AB24) -> 0 | AB24: 5
B25: Varie | C25: 0 | D25: 0 | E25: 0 | F25: 0 | G25: 0 | H25: A | I25: =IF(H25="A",C25/AB25,0) -> 0 | J25: =I25+D25/AB25 -> 0 | K25: =J25+E25/AB25 -> 0 | L25: =K25+F25/AB25 -> 0 | M25: =L25+G25/AB25 -> 0 | S25: 0.22 | T25: =C25*S25 -> 0 | V25: =C25-I25 -> 0 | W25: =(C25-C25/AB25-C25/AB25)+(D25-D25/AB25) -> 0 | X25: =(C25-C25/AB25-C25/AB25-C25/AB25)+(D25-D25/AB25-D25/AB25)+(E25-E25/AB25) -> 0 | Y25: =(C25-C25/AB25-C25/AB25-C25/AB25-C25/AB25)+(D25-D25/AB25-D25/AB25-D25/AB25)+(E25-E25/AB25-E25/AB25)+(F25-F25/AB25) -> 0 | Z25: =(C25-C25/AB25-C25/AB25-C25/AB25-C25/AB25-C25/AB25)+(D25-D25/AB25-D25/AB25-D25/AB25-D25/AB25)+(E25-E25/AB25-E25/AB25-E25/AB25)+(F25-F25/AB25-F25/AB25)+(G25-G25/AB25) -> 0 | AB25: 5
B26: Varie | C26: 0 | D26: 0 | E26: 0 | F26: 0 | G26: 0 | H26: A | I26: =IF(H26="A",C26/AB26,0) -> 0 | J26: =I26+D26/AB26 -> 0 | K26: =J26+E26/AB26 -> 0 | L26: =K26+F26/AB26 -> 0 | M26: =L26+G26/AB26 -> 0 | S26: 0.22 | T26: =C26*S26 -> 0 | V26: =C26-I26 -> 0 | W26: =(C26-C26/AB26-C26/AB26)+(D26-D26/AB26) -> 0 | X26: =(C26-C26/AB26-C26/AB26-C26/AB26)+(D26-D26/AB26-D26/AB26)+(E26-E26/AB26) -> 0 | Y26: =(C26-C26/AB26-C26/AB26-C26/AB26-C26/AB26)+(D26-D26/AB26-D26/AB26-D26/AB26)+(E26-E26/AB26-E26/AB26)+(F26-F26/AB26) -> 0 | Z26: =(C26-C26/AB26-C26/AB26-C26/AB26-C26/AB26-C26/AB26)+(D26-D26/AB26-D26/AB26-D26/AB26-D26/AB26)+(E26-E26/AB26-E26/AB26-E26/AB26)+(F26-F26/AB26-F26/AB26)+(G26-G26/AB26) -> 0 | AB26: 5
A27: Concessions, licenses, trademarks | B27: Franchising Fee | C27: 0 | D27: 0 | E27: 0 | F27: 0 | G27: 0 | H27: A | I27: =IF(H27="A",C27/AB27,0) -> 0 | J27: =I27+D27/AB27 -> 0 | K27: =J27+E27/AB27 -> 0 | L27: =K27+F27/AB27 -> 0 | M27: =L27+G27/AB27 -> 0 | O27: =SUM(I27:I29) -> 0 | Q27: ND | S27: 0.22 | T27: =C27*S27 -> 0 | V27: =C27-I27 -> 0 | W27: =(C27-C27/AB27-C27/AB27)+(D27-D27/AB27) -> 0 | X27: =(C27-C27/AB27-C27/AB27-C27/AB27)+(D27-D27/AB27-D27/AB27)+(E27-E27/AB27) -> 0 | Y27: =(C27-C27/AB27-C27/AB27-C27/AB27-C27/AB27)+(D27-D27/AB27-D27/AB27-D27/AB27)+(E27-E27/AB27-E27/AB27)+(F27-F27/AB27) -> 0 | Z27: =(C27-C27/AB27-C27/AB27-C27/AB27-C27/AB27-C27/AB27)+(D27-D27/AB27-D27/AB27-D27/AB27-D27/AB27)+(E27-E27/AB27-E27/AB27-E27/AB27)+(F27-F27/AB27-F27/AB27)+(G27-G27/AB27) -> 0 | AB27: 5
B28: Licenses | C28: 0 | D28: 0 | E28: 0 | F28: 0 | G28: 0 | H28: A | I28: =IF(H28="A",C28/AB28,0) -> 0 | J28: =I28+D28/AB28 -> 0 | K28: =J28+E28/AB28 -> 0 | L28: =K28+F28/AB28 -> 0 | M28: =L28+G28/AB28 -> 0 | Q28: ND | S28: 0.22 | T28: =C28*S28 -> 0 | V28: =C28-I28 -> 0 | W28: =(C28-C28/AB28-C28/AB28)+(D28-D28/AB28) -> 0 | X28: =(C28-C28/AB28-C28/AB28-C28/AB28)+(D28-D28/AB28-D28/AB28)+(E28-E28/AB28) -> 0 | Y28: =(C28-C28/AB28-C28/AB28-C28/AB28-C28/AB28)+(D28-D28/AB28-D28/AB28-D28/AB28)+(E28-E28/AB28-E28/AB28)+(F28-F28/AB28) -> 0 | Z28: =(C28-C28/AB28-C28/AB28-C28/AB28-C28/AB28-C28/AB28)+(D28-D28/AB28-D28/AB28-D28/AB28-D28/AB28)+(E28-E28/AB28-E28/AB28-E28/AB28)+(F28-F28/AB28-F28/AB28)+(G28-G28/AB28) -> 0 | AB28: 5
B29: Trademarks | C29: 0 | D29: 0 | E29: 0 | F29: 0 | G29: 0 | H29: A | I29: =IF(H29="A",C29/AB29,0) -> 0 | J29: =I29+D29/AB29 -> 0 | K29: =J29+E29/AB29 -> 0 | L29: =K29+F29/AB29 -> 0 | M29: =L29+G29/AB29 -> 0 | Q29: ND | S29: 0.22 | T29: =C29*S29 -> 0 | V29: =C29-I29 -> 0 | W29: =(C29-C29/AB29-C29/AB29)+(D29-D29/AB29) -> 0 | X29: =(C29-C29/AB29-C29/AB29-C29/AB29)+(D29-D29/AB29-D29/AB29)+(E29-E29/AB29) -> 0 | Y29: =(C29-C29/AB29-C29/AB29-C29/AB29-C29/AB29)+(D29-D29/AB29-D29/AB29-D29/AB29)+(E29-E29/AB29-E29/AB29)+(F29-F29/AB29) -> 0 | Z29: =(C29-C29/AB29-C29/AB29-C29/AB29-C29/AB29-C29/AB29)+(D29-D29/AB29-D29/AB29-D29/AB29-D29/AB29)+(E29-E29/AB29-E29/AB29-E29/AB29)+(F29-F29/AB29-F29/AB29)+(G29-G29/AB29) -> 0 | AB29: 5
A30: Sofware IT | B30: Varie | C30: 0 | D30: 0 | E30: 0 | F30: 0 | G30: 0 | H30: A | I30: =IF(H30="A",C30/AB30,0) -> 0 | J30: =I30+D30/AB30 -> 0 | K30: =J30+E30/AB30 -> 0 | L30: =K30+F30/AB30 -> 0 | M30: =L30+G30/AB30 -> 0 | O30: =SUM(I30:I32) -> 0 | S30: 0.22 | T30: =C30*S30 -> 0 | V30: =C30-I30 -> 0 | W30: =(C30-C30/AB30-C30/AB30)+(D30-D30/AB30) -> 0 | X30: =(C30-C30/AB30-C30/AB30-C30/AB30)+(D30-D30/AB30-D30/AB30)+(E30-E30/AB30) -> 0 | Y30: =(C30-C30/AB30-C30/AB30-C30/AB30-C30/AB30)+(D30-D30/AB30-D30/AB30-D30/AB30)+(E30-E30/AB30-E30/AB30)+(F30-F30/AB30) -> 0 | Z30: =(C30-C30/AB30-C30/AB30-C30/AB30-C30/AB30-C30/AB30)+(D30-D30/AB30-D30/AB30-D30/AB30-D30/AB30)+(E30-E30/AB30-E30/AB30-E30/AB30)+(F30-F30/AB30-F30/AB30)+(G30-G30/AB30) -> 0 | AB30: 5
B31: Varie | C31: 0 | D31: 0 | E31: 0 | F31: 0 | G31: 0 | H31: A | I31: =IF(H31="A",C31/AB31,0) -> 0 | J31: =I31+D31/AB31 -> 0 | K31: =J31+E31/AB31 -> 0 | L31: =K31+F31/AB31 -> 0 | M31: =L31+G31/AB31 -> 0 | S31: 0.22 | T31: =C31*S31 -> 0 | V31: =C31-I31 -> 0 | W31: =(C31-C31/AB31-C31/AB31)+(D31-D31/AB31) -> 0 | X31: =(C31-C31/AB31-C31/AB31-C31/AB31)+(D31-D31/AB31-D31/AB31)+(E31-E31/AB31) -> 0 | Y31: =(C31-C31/AB31-C31/AB31-C31/AB31-C31/AB31)+(D31-D31/AB31-D31/AB31-D31/AB31)+(E31-E31/AB31-E31/AB31)+(F31-F31/AB31) -> 0 | Z31: =(C31-C31/AB31-C31/AB31-C31/AB31-C31/AB31-C31/AB31)+(D31-D31/AB31-D31/AB31-D31/AB31-D31/AB31)+(E31-E31/AB31-E31/AB31-E31/AB31)+(F31-F31/AB31-F31/AB31)+(G31-G31/AB31) -> 0 | AB31: 5
B32: Varie | C32: 0 | D32: 0 | E32: 0 | F32: 0 | G32: 0 | H32: A | I32: =IF(H32="A",C32/AB32,0) -> 0 | J32: =I32+D32/AB32 -> 0 | K32: =J32+E32/AB32 -> 0 | L32: =K32+F32/AB32 -> 0 | M32: =L32+G32/AB32 -> 0 | S32: 0.22 | T32: =C32*S32 -> 0 | V32: =C32-I32 -> 0 | W32: =(C32-C32/AB32-C32/AB32)+(D32-D32/AB32) -> 0 | X32: =(C32-C32/AB32-C32/AB32-C32/AB32)+(D32-D32/AB32-D32/AB32)+(E32-E32/AB32) -> 0 | Y32: =(C32-C32/AB32-C32/AB32-C32/AB32-C32/AB32)+(D32-D32/AB32-D32/AB32-D32/AB32)+(E32-E32/AB32-E32/AB32)+(F32-F32/AB32) -> 0 | Z32: =(C32-C32/AB32-C32/AB32-C32/AB32-C32/AB32-C32/AB32)+(D32-D32/AB32-D32/AB32-D32/AB32-D32/AB32)+(E32-E32/AB32-E32/AB32-E32/AB32)+(F32-F32/AB32-F32/AB32)+(G32-G32/AB32) -> 0 | AB32: 17
A33: Avviamento | B33: Acquisti Rami o Aziende | C33: 0 | D33: 0 | E33: 0 | F33: 0 | G33: 0 | H33: A | I33: =IF(H33="A",C33/AB33,0) -> 0 | J33: =I33+D33/AB33 -> 0 | K33: =J33+E33/AB33 -> 0 | L33: =K33+F33/AB33 -> 0 | M33: =L33+G33/AB33 -> 0 | O33: =I33 -> 0 | S33: 0.22 | T33: =C33*S33 -> 0 | V33: =C33-I33 -> 0 | W33: =(C33-C33/AB33-C33/AB33)+(D33-D33/AB33) -> 0 | X33: =(C33-C33/AB33-C33/AB33-C33/AB33)+(D33-D33/AB33-D33/AB33)+(E33-E33/AB33) -> 0 | Y33: =(C33-C33/AB33-C33/AB33-C33/AB33-C33/AB33)+(D33-D33/AB33-D33/AB33-D33/AB33)+(E33-E33/AB33-E33/AB33)+(F33-F33/AB33) -> 0 | Z33: =(C33-C33/AB33-C33/AB33-C33/AB33-C33/AB33-C33/AB33)+(D33-D33/AB33-D33/AB33-D33/AB33-D33/AB33)+(E33-E33/AB33-E33/AB33-E33/AB33)+(F33-F33/AB33-F33/AB33)+(G33-G33/AB33) -> 0 | AB33: 10
A34: Immobilizzazioni in corso e acconti | B34: Immobilizzazioni in corso e acconti | C34: 0 | D34: 0 | E34: 0 | F34: 0 | G34: 0 | H34: A | I34: =IF(H34="A",C34/AB34,0) -> 0 | J34: =I34+D34/AB34 -> 0 | K34: =J34+E34/AB34 -> 0 | L34: =K34+F34/AB34 -> 0 | M34: =L34+G34/AB34 -> 0 | O34: =I34 -> 0 | S34: 0.22 | T34: =C34*S34 -> 0 | V34: =C34-I34 -> 0 | W34: =(C34-C34/AB34-C34/AB34)+(D34-D34/AB34) -> 0 | X34: =(C34-C34/AB34-C34/AB34-C34/AB34)+(D34-D34/AB34-D34/AB34)+(E34-E34/AB34) -> 0 | Y34: =(C34-C34/AB34-C34/AB34-C34/AB34-C34/AB34)+(D34-D34/AB34-D34/AB34-D34/AB34)+(E34-E34/AB34-E34/AB34)+(F34-F34/AB34) -> 0 | Z34: =(C34-C34/AB34-C34/AB34-C34/AB34-C34/AB34-C34/AB34)+(D34-D34/AB34-D34/AB34-D34/AB34-D34/AB34)+(E34-E34/AB34-E34/AB34-E34/AB34)+(F34-F34/AB34-F34/AB34)+(G34-G34/AB34) -> 0 | AB34: 5
A35: Altre Immobilizzazioni Immateriali | B35: Varie | C35: 0 | D35: 0 | E35: 0 | F35: 0 | G35: 0 | H35: A | I35: =IF(H35="A",C35/AB35,0) -> 0 | J35: =I35+D35/AB35 -> 0 | K35: =J35+E35/AB35 -> 0 | L35: =K35+F35/AB35 -> 0 | M35: =L35+G35/AB35 -> 0 | O35: =SUM(I35:I36) -> 0 | S35: 0.22 | T35: =C35*S35 -> 0 | V35: =C35-I35 -> 0 | W35: =(C35-C35/AB35-C35/AB35)+(D35-D35/AB35) -> 0 | X35: =(C35-C35/AB35-C35/AB35-C35/AB35)+(D35-D35/AB35-D35/AB35)+(E35-E35/AB35) -> 0 | Y35: =(C35-C35/AB35-C35/AB35-C35/AB35-C35/AB35)+(D35-D35/AB35-D35/AB35-D35/AB35)+(E35-E35/AB35-E35/AB35)+(F35-F35/AB35) -> 0 | Z35: =(C35-C35/AB35-C35/AB35-C35/AB35-C35/AB35-C35/AB35)+(D35-D35/AB35-D35/AB35-D35/AB35-D35/AB35)+(E35-E35/AB35-E35/AB35-E35/AB35)+(F35-F35/AB35-F35/AB35)+(G35-G35/AB35) -> 0 | AB35: 5
B36: Varie | C36: 0 | D36: 0 | E36: 0 | F36: 0 | G36: 0 | H36: A | I36: =IF(H36="A",C36/AB36,0) -> 0 | J36: =I36+D36/AB36 -> 0 | K36: =J36+E36/AB36 -> 0 | L36: =K36+F36/AB36 -> 0 | M36: =L36+G36/AB36 -> 0 | S36: 0.22 | T36: =C36*S36 -> 0 | V36: =C36-I36 -> 0 | W36: =(C36-C36/AB36-C36/AB36)+(D36-D36/AB36) -> 0 | X36: =(C36-C36/AB36-C36/AB36-C36/AB36)+(D36-D36/AB36-D36/AB36)+(E36-E36/AB36) -> 0 | Y36: =(C36-C36/AB36-C36/AB36-C36/AB36-C36/AB36)+(D36-D36/AB36-D36/AB36-D36/AB36)+(E36-E36/AB36-E36/AB36)+(F36-F36/AB36) -> 0 | Z36: =(C36-C36/AB36-C36/AB36-C36/AB36-C36/AB36-C36/AB36)+(D36-D36/AB36-D36/AB36-D36/AB36-D36/AB36)+(E36-E36/AB36-E36/AB36-E36/AB36)+(F36-F36/AB36-F36/AB36)+(G36-G36/AB36) -> 0 | AB36: 5
A37: ="Total "&A7 -> Total Intangible assets | C37: =SUM(C8:C36) -> 250498.8 | D37: =SUM(D8:D36) -> 0 | E37: =SUM(E8:E36) -> 0 | F37: =SUM(F8:F36) -> 0 | G37: =SUM(G8:G36) -> 0 | H37: // | I37: =SUM(I8:I36) -> 35785.543 | J37: =SUM(J8:J36) -> 35785.543 | K37: =SUM(K8:K36) -> 35785.543 | L37: =SUM(L8:L36) -> 35785.543 | M37: =SUM(M8:M36) -> 35785.543 | O37: =SUM(O8:O36) -> 35785.543 | Q37: // | S37: // | T37: =SUM(T8:T36) -> 55109.736 | V37: =SUM(V8:V36) -> 214713.26 | W37: =SUM(W8:W36) -> 178927.71 | X37: =SUM(X8:X36) -> 143142.17 | Y37: =SUM(Y8:Y36) -> 107356.63 | Z37: =SUM(Z8:Z36) -> 71571.086 | AB37: =AVERAGE(AB8:AB36) -> 6.0344828
A39: Immobilizzazioni Materiali | I39: Ammortamenti | O39: =O7 -> 2025 | Q39: =Q7 -> CdC | S39: =S7 -> VAT | T39: =T7 -> VAT € | V39: Residui
A40: Terreni e Fabbricati | B40: Terreni | C40: =IFERROR(VLOOKUP(B40,#REF!,8,FALSE),0) -> 0 | D40: 0 | E40: 0 | F40: 0 | G40: 0 | H40: A | I40: =IF(H40="A",C40/AB40,0) -> 0 | J40: =I40+D40/AB40 -> 0 | K40: =J40+E40/AB40 -> 0 | L40: =K40+F40/AB40 -> 0 | M40: =L40+G40/AB40 -> 0 | O40: =SUM(I40:I45) -> 0 | S40: 0.22 | T40: =S40*C40 -> 0 | V40: =C40-I40 -> 0 | W40: =(C40-C40/AB40-C40/AB40)+(D40-D40/AB40) -> 0 | X40: =(C40-C40/AB40-C40/AB40-C40/AB40)+(D40-D40/AB40-D40/AB40)+(E40-E40/AB40) -> 0 | Y40: =(C40-C40/AB40-C40/AB40-C40/AB40-C40/AB40)+(D40-D40/AB40-D40/AB40-D40/AB40)+(E40-E40/AB40-E40/AB40)+(F40-F40/AB40) -> 0 | Z40: =(C40-C40/AB40-C40/AB40-C40/AB40-C40/AB40-C40/AB40)+(D40-D40/AB40-D40/AB40-D40/AB40-D40/AB40)+(E40-E40/AB40-E40/AB40-E40/AB40)+(F40-F40/AB40-F40/AB40)+(G40-G40/AB40) -> 0 | AB40: 30
B41: Fabbricati Industriali | C41: 0 | D41: 0 | E41: 0 | F41: 0 | G41: 0 | H41: A | I41: =IF(H41="A",C41/AB41,0) -> 0 | J41: =I41+D41/AB41 -> 0 | K41: =J41+E41/AB41 -> 0 | L41: =K41+F41/AB41 -> 0 | M41: =L41+G41/AB41 -> 0 | S41: 0 | T41: =S41*C41 -> 0 | V41: =C41-I41 -> 0 | W41: =(C41-C41/AB41-C41/AB41)+(D41-D41/AB41) -> 0 | X41: =(C41-C41/AB41-C41/AB41-C41/AB41)+(D41-D41/AB41-D41/AB41)+(E41-E41/AB41) -> 0 | Y41: =(C41-C41/AB41-C41/AB41-C41/AB41-C41/AB41)+(D41-D41/AB41-D41/AB41-D41/AB41)+(E41-E41/AB41-E41/AB41)+(F41-F41/AB41) -> 0 | Z41: =(C41-C41/AB41-C41/AB41-C41/AB41-C41/AB41-C41/AB41)+(D41-D41/AB41-D41/AB41-D41/AB41-D41/AB41)+(E41-E41/AB41-E41/AB41-E41/AB41)+(F41-F41/AB41-F41/AB41)+(G41-G41/AB41) -> 0 | AB41: 25
B42: Varie | C42: 0 | D42: 0 | E42: 0 | F42: 0 | G42: 0 | H42: A | I42: =IF(H42="A",C42/AB42,0) -> 0 | J42: =I42+D42/AB42 -> 0 | K42: =J42+E42/AB42 -> 0 | L42: =K42+F42/AB42 -> 0 | M42: =L42+G42/AB42 -> 0 | S42: 0.22 | T42: =S42*C42 -> 0 | V42: =C42-I42 -> 0 | W42: =(C42-C42/AB42-C42/AB42)+(D42-D42/AB42) -> 0 | X42: =(C42-C42/AB42-C42/AB42-C42/AB42)+(D42-D42/AB42-D42/AB42)+(E42-E42/AB42) -> 0 | Y42: =(C42-C42/AB42-C42/AB42-C42/AB42-C42/AB42)+(D42-D42/AB42-D42/AB42-D42/AB42)+(E42-E42/AB42-E42/AB42)+(F42-F42/AB42) -> 0 | Z42: =(C42-C42/AB42-C42/AB42-C42/AB42-C42/AB42-C42/AB42)+(D42-D42/AB42-D42/AB42-D42/AB42-D42/AB42)+(E42-E42/AB42-E42/AB42-E42/AB42)+(F42-F42/AB42-F42/AB42)+(G42-G42/AB42) -> 0 | AB42: 5
B43: Varie | C43: 0 | D43: 0 | E43: 0 | F43: 0 | G43: 0 | H43: A | I43: =IF(H43="A",C43/AB43,0) -> 0 | J43: =I43+D43/AB43 -> 0 | K43: =J43+E43/AB43 -> 0 | L43: =K43+F43/AB43 -> 0 | M43: =L43+G43/AB43 -> 0 | S43: 0.22 | T43: =S43*C43 -> 0 | V43: =C43-I43 -> 0 | W43: =(C43-C43/AB43-C43/AB43)+(D43-D43/AB43) -> 0 | X43: =(C43-C43/AB43-C43/AB43-C43/AB43)+(D43-D43/AB43-D43/AB43)+(E43-E43/AB43) -> 0 | Y43: =(C43-C43/AB43-C43/AB43-C43/AB43-C43/AB43)+(D43-D43/AB43-D43/AB43-D43/AB43)+(E43-E43/AB43-E43/AB43)+(F43-F43/AB43) -> 0 | Z43: =(C43-C43/AB43-C43/AB43-C43/AB43-C43/AB43-C43/AB43)+(D43-D43/AB43-D43/AB43-D43/AB43-D43/AB43)+(E43-E43/AB43-E43/AB43-E43/AB43)+(F43-F43/AB43-F43/AB43)+(G43-G43/AB43) -> 0 | AB43: 5
B44: Varie | C44: 0 | D44: 0 | E44: 0 | F44: 0 | G44: 0 | H44: A | I44: =IF(H44="A",C44/AB44,0) -> 0 | J44: =I44+D44/AB44 -> 0 | K44: =J44+E44/AB44 -> 0 | L44: =K44+F44/AB44 -> 0 | M44: =L44+G44/AB44 -> 0 | S44: 0.22 | T44: =S44*C44 -> 0 | V44: =C44-I44 -> 0 | W44: =(C44-C44/AB44-C44/AB44)+(D44-D44/AB44) -> 0 | X44: =(C44-C44/AB44-C44/AB44-C44/AB44)+(D44-D44/AB44-D44/AB44)+(E44-E44/AB44) -> 0 | Y44: =(C44-C44/AB44-C44/AB44-C44/AB44-C44/AB44)+(D44-D44/AB44-D44/AB44-D44/AB44)+(E44-E44/AB44-E44/AB44)+(F44-F44/AB44) -> 0 | Z44: =(C44-C44/AB44-C44/AB44-C44/AB44-C44/AB44-C44/AB44)+(D44-D44/AB44-D44/AB44-D44/AB44-D44/AB44)+(E44-E44/AB44-E44/AB44-E44/AB44)+(F44-F44/AB44-F44/AB44)+(G44-G44/AB44) -> 0 | AB44: 5
B45: Varie | C45: 0 | D45: 0 | E45: 0 | F45: 0 | G45: 0 | H45: A | I45: =IF(H45="A",C45/AB45,0) -> 0 | J45: =I45+D45/AB45 -> 0 | K45: =J45+E45/AB45 -> 0 | L45: =K45+F45/AB45 -> 0 | M45: =L45+G45/AB45 -> 0 | S45: 0.22 | T45: =S45*C45 -> 0 | V45: =C45-I45 -> 0 | W45: =(C45-C45/AB45-C45/AB45)+(D45-D45/AB45) -> 0 | X45: =(C45-C45/AB45-C45/AB45-C45/AB45)+(D45-D45/AB45-D45/AB45)+(E45-E45/AB45) -> 0 | Y45: =(C45-C45/AB45-C45/AB45-C45/AB45-C45/AB45)+(D45-D45/AB45-D45/AB45-D45/AB45)+(E45-E45/AB45-E45/AB45)+(F45-F45/AB45) -> 0 | Z45: =(C45-C45/AB45-C45/AB45-C45/AB45-C45/AB45-C45/AB45)+(D45-D45/AB45-D45/AB45-D45/AB45-D45/AB45)+(E45-E45/AB45-E45/AB45-E45/AB45)+(F45-F45/AB45-F45/AB45)+(G45-G45/AB45) -> 0 | AB45: 5
A46: Impianti e Macchinari | B46: Stampi | C46: 0 | D46: 0 | E46: 0 | F46: 0 | G46: 0 | H46: A | I46: =IF(H46="A",C46/AB46,0) -> 0 | J46: =IF(H46="A",(I46+D46/AB46),0) -> 0 | K46: =J46+E46/AB46 -> 0 | L46: =K46+F46/AB46 -> 0 | M46: =L46+G46/AB46 -> 0 | O46: =SUM(I46:I51) -> 0 | S46: 0.22 | T46: =S46*C46 -> 0 | V46: =C46-I46 -> 0 | W46: =(C46-C46/AB46-C46/AB46)+(D46-D46/AB46) -> 0 | X46: =(C46-C46/AB46-C46/AB46-C46/AB46)+(D46-D46/AB46-D46/AB46)+(E46-E46/AB46) -> 0 | Y46: =(C46-C46/AB46-C46/AB46-C46/AB46-C46/AB46)+(D46-D46/AB46-D46/AB46-D46/AB46)+(E46-E46/AB46-E46/AB46)+(F46-F46/AB46) -> 0 | Z46: =(C46-C46/AB46-C46/AB46-C46/AB46-C46/AB46-C46/AB46)+(D46-D46/AB46-D46/AB46-D46/AB46-D46/AB46)+(E46-E46/AB46-E46/AB46-E46/AB46)+(F46-F46/AB46-F46/AB46)+(G46-G46/AB46) -> 0 | AB46: 7
B47: Varie | C47: 0 | D47: 0 | E47: 0 | F47: 0 | G47: 0 | H47: A | I47: =IF(H47="A",C47/AB47,0) -> 0 | J47: =IF(H47="A",(I47+D47/AB47),0) -> 0 | K47: =J47+E47/AB47 -> 0 | L47: =K47+F47/AB47 -> 0 | M47: =L47+G47/AB47 -> 0 | S47: 0.22 | T47: =S47*C47 -> 0 | V47: =C47-I47 -> 0 | W47: =(C47-C47/AB47-C47/AB47)+(D47-D47/AB47) -> 0 | X47: =(C47-C47/AB47-C47/AB47-C47/AB47)+(D47-D47/AB47-D47/AB47)+(E47-E47/AB47) -> 0 | Y47: =(C47-C47/AB47-C47/AB47-C47/AB47-C47/AB47)+(D47-D47/AB47-D47/AB47-D47/AB47)+(E47-E47/AB47-E47/AB47)+(F47-F47/AB47) -> 0 | Z47: =(C47-C47/AB47-C47/AB47-C47/AB47-C47/AB47-C47/AB47)+(D47-D47/AB47-D47/AB47-D47/AB47-D47/AB47)+(E47-E47/AB47-E47/AB47-E47/AB47)+(F47-F47/AB47-F47/AB47)+(G47-G47/AB47) -> 0 | AB47: 10
B48: Varie | C48: 0 | D48: 0 | E48: 0 | F48: 0 | G48: 0 | H48: A | I48: =IF(H48="A",C48/AB48,0) -> 0 | J48: =IF(H48="A",(I48+D48/AB48),0) -> 0 | K48: =J48+E48/AB48 -> 0 | L48: =K48+F48/AB48 -> 0 | M48: =L48+G48/AB48 -> 0 | S48: 0.22 | T48: =S48*C48 -> 0 | V48: =C48-I48 -> 0 | W48: =(C48-C48/AB48-C48/AB48)+(D48-D48/AB48) -> 0 | X48: =(C48-C48/AB48-C48/AB48-C48/AB48)+(D48-D48/AB48-D48/AB48)+(E48-E48/AB48) -> 0 | Y48: =(C48-C48/AB48-C48/AB48-C48/AB48-C48/AB48)+(D48-D48/AB48-D48/AB48-D48/AB48)+(E48-E48/AB48-E48/AB48)+(F48-F48/AB48) -> 0 | Z48: =(C48-C48/AB48-C48/AB48-C48/AB48-C48/AB48-C48/AB48)+(D48-D48/AB48-D48/AB48-D48/AB48-D48/AB48)+(E48-E48/AB48-E48/AB48-E48/AB48)+(F48-F48/AB48-F48/AB48)+(G48-G48/AB48) -> 0 | AB48: 10
B49: Varie | C49: 0 | D49: 0 | E49: 0 | F49: 0 | G49: 0 | H49: A | I49: =IF(H49="A",C49/AB49,0) -> 0 | J49: =IF(H49="A",(I49+D49/AB49),0) -> 0 | K49: =J49+E49/AB49 -> 0 | L49: =K49+F49/AB49 -> 0 | M49: =L49+G49/AB49 -> 0 | S49: 0.22 | T49: =S49*C49 -> 0 | V49: =C49-I49 -> 0 | W49: =(C49-C49/AB49-C49/AB49)+(D49-D49/AB49) -> 0 | X49: =(C49-C49/AB49-C49/AB49-C49/AB49)+(D49-D49/AB49-D49/AB49)+(E49-E49/AB49) -> 0 | Y49: =(C49-C49/AB49-C49/AB49-C49/AB49-C49/AB49)+(D49-D49/AB49-D49/AB49-D49/AB49)+(E49-E49/AB49-E49/AB49)+(F49-F49/AB49) -> 0 | Z49: =(C49-C49/AB49-C49/AB49-C49/AB49-C49/AB49-C49/AB49)+(D49-D49/AB49-D49/AB49-D49/AB49-D49/AB49)+(E49-E49/AB49-E49/AB49-E49/AB49)+(F49-F49/AB49-F49/AB49)+(G49-G49/AB49) -> 0 | AB49: 5
B50: Varie | C50: 0 | D50: 0 | E50: 0 | F50: 0 | G50: 0 | H50: L | I50: =IF(H50="A",C50/AB50,0) -> 0 | J50: =IF(H50="A",(I50+D50/AB50),0) -> 0 | K50: =J50+E50/AB50 -> 0 | L50: =K50+F50/AB50 -> 0 | M50: =L50+G50/AB50 -> 0 | S50: 0.22 | T50: =S50*C50 -> 0 | V50: =C50-I50 -> 0 | W50: =(C50-C50/AB50-C50/AB50)+(D50-D50/AB50) -> 0 | X50: =(C50-C50/AB50-C50/AB50-C50/AB50)+(D50-D50/AB50-D50/AB50)+(E50-E50/AB50) -> 0 | Y50: =(C50-C50/AB50-C50/AB50-C50/AB50-C50/AB50)+(D50-D50/AB50-D50/AB50-D50/AB50)+(E50-E50/AB50-E50/AB50)+(F50-F50/AB50) -> 0 | Z50: =(C50-C50/AB50-C50/AB50-C50/AB50-C50/AB50-C50/AB50)+(D50-D50/AB50-D50/AB50-D50/AB50-D50/AB50)+(E50-E50/AB50-E50/AB50-E50/AB50)+(F50-F50/AB50-F50/AB50)+(G50-G50/AB50) -> 0 | AB50: 10
B51: Varie | C51: 0 | D51: 0 | E51: 0 | F51: 0 | G51: 0 | H51: A | I51: =IF(H51="A",C51/AB51,0) -> 0 | J51: =IF(H51="A",(I51+D51/AB51),0) -> 0 | K51: =J51+E51/AB51 -> 0 | L51: =K51+F51/AB51 -> 0 | M51: =L51+G51/AB51 -> 0 | S51: 0.22 | T51: =S51*C51 -> 0 | V51: =C51-I51 -> 0 | W51: =(C51-C51/AB51-C51/AB51)+(D51-D51/AB51) -> 0 | X51: =(C51-C51/AB51-C51/AB51-C51/AB51)+(D51-D51/AB51-D51/AB51)+(E51-E51/AB51) -> 0 | Y51: =(C51-C51/AB51-C51/AB51-C51/AB51-C51/AB51)+(D51-D51/AB51-D51/AB51-D51/AB51)+(E51-E51/AB51-E51/AB51)+(F51-F51/AB51) -> 0 | Z51: =(C51-C51/AB51-C51/AB51-C51/AB51-C51/AB51-C51/AB51)+(D51-D51/AB51-D51/AB51-D51/AB51-D51/AB51)+(E51-E51/AB51-E51/AB51-E51/AB51)+(F51-F51/AB51-F51/AB51)+(G51-G51/AB51) -> 0 | AB51: 5
A52: Attrezzature IT | B52: Server | C52: 0 | D52: 0 | E52: 0 | F52: 0 | G52: 0 | H52: A | I52: =IF(H52="A",C52/AB52,0) -> 0 | J52: =IF(H52="A",(I52+D52/AB52),0) -> 0 | K52: =J52+E52/AB52 -> 0 | L52: =K52+F52/AB52 -> 0 | M52: =L52+G52/AB52 -> 0 | O52: =SUM(I52:I58) -> 0 | S52: 0.22 | T52: =S52*C52 -> 0 | V52: =C52-I52 -> 0 | W52: =(C52-C52/AB52-C52/AB52)+(D52-D52/AB52) -> 0 | X52: =(C52-C52/AB52-C52/AB52-C52/AB52)+(D52-D52/AB52-D52/AB52)+(E52-E52/AB52) -> 0 | Y52: =(C52-C52/AB52-C52/AB52-C52/AB52-C52/AB52)+(D52-D52/AB52-D52/AB52-D52/AB52)+(E52-E52/AB52-E52/AB52)+(F52-F52/AB52) -> 0 | Z52: =(C52-C52/AB52-C52/AB52-C52/AB52-C52/AB52-C52/AB52)+(D52-D52/AB52-D52/AB52-D52/AB52-D52/AB52)+(E52-E52/AB52-E52/AB52-E52/AB52)+(F52-F52/AB52-F52/AB52)+(G52-G52/AB52) -> 0 | AB52: 5
B53: PC | C53: 0 | D53: 0 | E53: 0 | F53: 0 | G53: 0 | H53: A | I53: =IF(H53="A",C53/AB53,0) -> 0 | J53: =IF(H53="A",(I53+D53/AB53),0) -> 0 | K53: =J53+E53/AB53 -> 0 | L53: =K53+F53/AB53 -> 0 | M53: =L53+G53/AB53 -> 0 | S53: 0.22 | T53: =S53*C53 -> 0 | V53: =C53-I53 -> 0 | W53: =(C53-C53/AB53-C53/AB53)+(D53-D53/AB53) -> 0 | X53: =(C53-C53/AB53-C53/AB53-C53/AB53)+(D53-D53/AB53-D53/AB53)+(E53-E53/AB53) -> 0 | Y53: =(C53-C53/AB53-C53/AB53-C53/AB53-C53/AB53)+(D53-D53/AB53-D53/AB53-D53/AB53)+(E53-E53/AB53-E53/AB53)+(F53-F53/AB53) -> 0 | Z53: =(C53-C53/AB53-C53/AB53-C53/AB53-C53/AB53-C53/AB53)+(D53-D53/AB53-D53/AB53-D53/AB53-D53/AB53)+(E53-E53/AB53-E53/AB53-E53/AB53)+(F53-F53/AB53-F53/AB53)+(G53-G53/AB53) -> 0 | AB53: 5
B54: PC Portatili | C54: 0 | D54: 0 | E54: 0 | F54: 0 | G54: 0 | H54: A | I54: =IF(H54="A",C54/AB54,0) -> 0 | J54: =IF(H54="A",(I54+D54/AB54),0) -> 0 | K54: =J54+E54/AB54 -> 0 | L54: =K54+F54/AB54 -> 0 | M54: =L54+G54/AB54 -> 0 | S54: 0.22 | T54: =S54*C54 -> 0 | V54: =C54-I54 -> 0 | W54: =(C54-C54/AB54-C54/AB54)+(D54-D54/AB54) -> 0 | X54: =(C54-C54/AB54-C54/AB54-C54/AB54)+(D54-D54/AB54-D54/AB54)+(E54-E54/AB54) -> 0 | Y54: =(C54-C54/AB54-C54/AB54-C54/AB54-C54/AB54)+(D54-D54/AB54-D54/AB54-D54/AB54)+(E54-E54/AB54-E54/AB54)+(F54-F54/AB54) -> 0 | Z54: =(C54-C54/AB54-C54/AB54-C54/AB54-C54/AB54-C54/AB54)+(D54-D54/AB54-D54/AB54-D54/AB54-D54/AB54)+(E54-E54/AB54-E54/AB54-E54/AB54)+(F54-F54/AB54-F54/AB54)+(G54-G54/AB54) -> 0 | AB54: 7
B55: Stampanti | C55: 0 | D55: 0 | E55: 0 | F55: 0 | G55: 0 | H55: A | I55: =IF(H55="A",C55/AB55,0) -> 0 | J55: =IF(H55="A",(I55+D55/AB55),0) -> 0 | K55: =J55+E55/AB55 -> 0 | L55: =K55+F55/AB55 -> 0 | M55: =L55+G55/AB55 -> 0 | S55: 0.22 | T55: =S55*C55 -> 0 | V55: =C55-I55 -> 0 | W55: =(C55-C55/AB55-C55/AB55)+(D55-D55/AB55) -> 0 | X55: =(C55-C55/AB55-C55/AB55-C55/AB55)+(D55-D55/AB55-D55/AB55)+(E55-E55/AB55) -> 0 | Y55: =(C55-C55/AB55-C55/AB55-C55/AB55-C55/AB55)+(D55-D55/AB55-D55/AB55-D55/AB55)+(E55-E55/AB55-E55/AB55)+(F55-F55/AB55) -> 0 | Z55: =(C55-C55/AB55-C55/AB55-C55/AB55-C55/AB55-C55/AB55)+(D55-D55/AB55-D55/AB55-D55/AB55-D55/AB55)+(E55-E55/AB55-E55/AB55-E55/AB55)+(F55-F55/AB55-F55/AB55)+(G55-G55/AB55) -> 0 | AB55: 7
B56: Fotocopiatrici | C56: 0 | D56: 0 | E56: 0 | F56: 0 | G56: 0 | H56: A | I56: =IF(H56="A",C56/AB56,0) -> 0 | J56: =IF(H56="A",(I56+D56/AB56),0) -> 0 | K56: =J56+E56/AB56 -> 0 | L56: =K56+F56/AB56 -> 0 | M56: =L56+G56/AB56 -> 0 | S56: 0.22 | T56: =S56*C56 -> 0 | V56: =C56-I56 -> 0 | W56: =(C56-C56/AB56-C56/AB56)+(D56-D56/AB56) -> 0 | X56: =(C56-C56/AB56-C56/AB56-C56/AB56)+(D56-D56/AB56-D56/AB56)+(E56-E56/AB56) -> 0 | Y56: =(C56-C56/AB56-C56/AB56-C56/AB56-C56/AB56)+(D56-D56/AB56-D56/AB56-D56/AB56)+(E56-E56/AB56-E56/AB56)+(F56-F56/AB56) -> 0 | Z56: =(C56-C56/AB56-C56/AB56-C56/AB56-C56/AB56-C56/AB56)+(D56-D56/AB56-D56/AB56-D56/AB56-D56/AB56)+(E56-E56/AB56-E56/AB56-E56/AB56)+(F56-F56/AB56-F56/AB56)+(G56-G56/AB56) -> 0 | AB56: 7
B57: Varie | C57: 0 | D57: 0 | E57: 0 | F57: 0 | G57: 0 | H57: A | I57: =IF(H57="A",C57/AB57,0) -> 0 | J57: =IF(H57="A",(I57+D57/AB57),0) -> 0 | K57: =J57+E57/AB57 -> 0 | L57: =K57+F57/AB57 -> 0 | M57: =L57+G57/AB57 -> 0 | S57: 0.22 | T57: =S57*C57 -> 0 | V57: =C57-I57 -> 0 | W57: =(C57-C57/AB57-C57/AB57)+(D57-D57/AB57) -> 0 | X57: =(C57-C57/AB57-C57/AB57-C57/AB57)+(D57-D57/AB57-D57/AB57)+(E57-E57/AB57) -> 0 | Y57: =(C57-C57/AB57-C57/AB57-C57/AB57-C57/AB57)+(D57-D57/AB57-D57/AB57-D57/AB57)+(E57-E57/AB57-E57/AB57)+(F57-F57/AB57) -> 0 | Z57: =(C57-C57/AB57-C57/AB57-C57/AB57-C57/AB57-C57/AB57)+(D57-D57/AB57-D57/AB57-D57/AB57-D57/AB57)+(E57-E57/AB57-E57/AB57-E57/AB57)+(F57-F57/AB57-F57/AB57)+(G57-G57/AB57) -> 0 | AB57: 5
B58: Varie | C58: 0 | D58: 0 | E58: 0 | F58: 0 | G58: 0 | H58: A | I58: =IF(H58="A",C58/AB58,0) -> 0 | J58: =IF(H58="A",(I58+D58/AB58),0) -> 0 | K58: =J58+E58/AB58 -> 0 | L58: =K58+F58/AB58 -> 0 | M58: =L58+G58/AB58 -> 0 | S58: 0.22 | T58: =S58*C58 -> 0 | V58: =C58-I58 -> 0 | W58: =(C58-C58/AB58-C58/AB58)+(D58-D58/AB58) -> 0 | X58: =(C58-C58/AB58-C58/AB58-C58/AB58)+(D58-D58/AB58-D58/AB58)+(E58-E58/AB58) -> 0 | Y58: =(C58-C58/AB58-C58/AB58-C58/AB58-C58/AB58)+(D58-D58/AB58-D58/AB58-D58/AB58)+(E58-E58/AB58-E58/AB58)+(F58-F58/AB58) -> 0 | Z58: =(C58-C58/AB58-C58/AB58-C58/AB58-C58/AB58-C58/AB58)+(D58-D58/AB58-D58/AB58-D58/AB58-D58/AB58)+(E58-E58/AB58-E58/AB58-E58/AB58)+(F58-F58/AB58-F58/AB58)+(G58-G58/AB58) -> 0 | AB58: 10
A59: Attrezzature Industriali e Commerciali | B59: Varie | C59: 0 | D59: 0 | E59: 0 | F59: 0 | G59: 0 | H59: A | I59: =IF(H59="A",C59/AB59,0) -> 0 | J59: =IF(H59="A",(I59+D59/AB59),0) -> 0 | K59: =J59+E59/AB59 -> 0 | L59: =K59+F59/AB59 -> 0 | M59: =L59+G59/AB59 -> 0 | O59: =SUM(I59:I64) -> 0 | S59: 0.22 | T59: =S59*C59 -> 0 | V59: =C59-I59 -> 0 | W59: =(C59-C59/AB59-C59/AB59)+(D59-D59/AB59) -> 0 | X59: =(C59-C59/AB59-C59/AB59-C59/AB59)+(D59-D59/AB59-D59/AB59)+(E59-E59/AB59) -> 0 | Y59: =(C59-C59/AB59-C59/AB59-C59/AB59-C59/AB59)+(D59-D59/AB59-D59/AB59-D59/AB59)+(E59-E59/AB59-E59/AB59)+(F59-F59/AB59) -> 0 | Z59: =(C59-C59/AB59-C59/AB59-C59/AB59-C59/AB59-C59/AB59)+(D59-D59/AB59-D59/AB59-D59/AB59-D59/AB59)+(E59-E59/AB59-E59/AB59-E59/AB59)+(F59-F59/AB59-F59/AB59)+(G59-G59/AB59) -> 0 | AB59: 7
B60: Varie | C60: 0 | D60: 0 | E60: 0 | F60: 0 | G60: 0 | H60: L | I60: =IF(H60="A",C60/AB60,0) -> 0 | J60: =IF(H60="A",(I60+D60/AB60),0) -> 0 | K60: =J60+E60/AB60 -> 0 | L60: =K60+F60/AB60 -> 0 | M60: =L60+G60/AB60 -> 0 | S60: 0.22 | T60: =S60*C60 -> 0 | V60: =C60-I60 -> 0 | W60: =(C60-C60/AB60-C60/AB60)+(D60-D60/AB60) -> 0 | X60: =(C60-C60/AB60-C60/AB60-C60/AB60)+(D60-D60/AB60-D60/AB60)+(E60-E60/AB60) -> 0 | Y60: =(C60-C60/AB60-C60/AB60-C60/AB60-C60/AB60)+(D60-D60/AB60-D60/AB60-D60/AB60)+(E60-E60/AB60-E60/AB60)+(F60-F60/AB60) -> 0 | Z60: =(C60-C60/AB60-C60/AB60-C60/AB60-C60/AB60-C60/AB60)+(D60-D60/AB60-D60/AB60-D60/AB60-D60/AB60)+(E60-E60/AB60-E60/AB60-E60/AB60)+(F60-F60/AB60-F60/AB60)+(G60-G60/AB60) -> 0 | AB60: 5
B61: Varie | C61: 0 | D61: 0 | E61: 0 | F61: 0 | G61: 0 | H61: A | I61: =IF(H61="A",C61/AB61,0) -> 0 | J61: =IF(H61="A",(I61+D61/AB61),0) -> 0 | K61: =J61+E61/AB61 -> 0 | L61: =K61+F61/AB61 -> 0 | M61: =L61+G61/AB61 -> 0 | S61: 0.22 | T61: =S61*C61 -> 0 | V61: =C61-I61 -> 0 | W61: =(C61-C61/AB61-C61/AB61)+(D61-D61/AB61) -> 0 | X61: =(C61-C61/AB61-C61/AB61-C61/AB61)+(D61-D61/AB61-D61/AB61)+(E61-E61/AB61) -> 0 | Y61: =(C61-C61/AB61-C61/AB61-C61/AB61-C61/AB61)+(D61-D61/AB61-D61/AB61-D61/AB61)+(E61-E61/AB61-E61/AB61)+(F61-F61/AB61) -> 0 | Z61: =(C61-C61/AB61-C61/AB61-C61/AB61-C61/AB61-C61/AB61)+(D61-D61/AB61-D61/AB61-D61/AB61-D61/AB61)+(E61-E61/AB61-E61/AB61-E61/AB61)+(F61-F61/AB61-F61/AB61)+(G61-G61/AB61) -> 0 | AB61: 5
B62: Varie | C62: 0 | D62: 0 | E62: 0 | F62: 0 | G62: 0 | H62: A | I62: =IF(H62="A",C62/AB62,0) -> 0 | J62: =IF(H62="A",(I62+D62/AB62),0) -> 0 | K62: =J62+E62/AB62 -> 0 | L62: =K62+F62/AB62 -> 0 | M62: =L62+G62/AB62 -> 0 | S62: 0.22 | T62: =S62*C62 -> 0 | V62: =C62-I62 -> 0 | W62: =(C62-C62/AB62-C62/AB62)+(D62-D62/AB62) -> 0 | X62: =(C62-C62/AB62-C62/AB62-C62/AB62)+(D62-D62/AB62-D62/AB62)+(E62-E62/AB62) -> 0 | Y62: =(C62-C62/AB62-C62/AB62-C62/AB62-C62/AB62)+(D62-D62/AB62-D62/AB62-D62/AB62)+(E62-E62/AB62-E62/AB62)+(F62-F62/AB62) -> 0 | Z62: =(C62-C62/AB62-C62/AB62-C62/AB62-C62/AB62-C62/AB62)+(D62-D62/AB62-D62/AB62-D62/AB62-D62/AB62)+(E62-E62/AB62-E62/AB62-E62/AB62)+(F62-F62/AB62-F62/AB62)+(G62-G62/AB62) -> 0 | AB62: 5
B63: Varie | C63: 0 | D63: 0 | E63: 0 | F63: 0 | G63: 0 | H63: A | I63: =IF(H63="A",C63/AB63,0) -> 0 | J63: =IF(H63="A",(I63+D63/AB63),0) -> 0 | K63: =J63+E63/AB63 -> 0 | L63: =K63+F63/AB63 -> 0 | M63: =L63+G63/AB63 -> 0 | S63: 0.22 | T63: =S63*C63 -> 0 | V63: =C63-I63 -> 0 | W63: =(C63-C63/AB63-C63/AB63)+(D63-D63/AB63) -> 0 | X63: =(C63-C63/AB63-C63/AB63-C63/AB63)+(D63-D63/AB63-D63/AB63)+(E63-E63/AB63) -> 0 | Y63: =(C63-C63/AB63-C63/AB63-C63/AB63-C63/AB63)+(D63-D63/AB63-D63/AB63-D63/AB63)+(E63-E63/AB63-E63/AB63)+(F63-F63/AB63) -> 0 | Z63: =(C63-C63/AB63-C63/AB63-C63/AB63-C63/AB63-C63/AB63)+(D63-D63/AB63-D63/AB63-D63/AB63-D63/AB63)+(E63-E63/AB63-E63/AB63-E63/AB63)+(F63-F63/AB63-F63/AB63)+(G63-G63/AB63) -> 0 | AB63: 5
B64: Varie | C64: 0 | D64: 0 | E64: 0 | F64: 0 | G64: 0 | H64: A | I64: =IF(H64="A",C64/AB64,0) -> 0 | J64: =IF(H64="A",(I64+D64/AB64),0) -> 0 | K64: =J64+E64/AB64 -> 0 | L64: =K64+F64/AB64 -> 0 | M64: =L64+G64/AB64 -> 0 | S64: 0.22 | T64: =S64*C64 -> 0 | V64: =C64-I64 -> 0 | W64: =(C64-C64/AB64-C64/AB64)+(D64-D64/AB64) -> 0 | X64: =(C64-C64/AB64-C64/AB64-C64/AB64)+(D64-D64/AB64-D64/AB64)+(E64-E64/AB64) -> 0 | Y64: =(C64-C64/AB64-C64/AB64-C64/AB64-C64/AB64)+(D64-D64/AB64-D64/AB64-D64/AB64)+(E64-E64/AB64-E64/AB64)+(F64-F64/AB64) -> 0 | Z64: =(C64-C64/AB64-C64/AB64-C64/AB64-C64/AB64-C64/AB64)+(D64-D64/AB64-D64/AB64-D64/AB64-D64/AB64)+(E64-E64/AB64-E64/AB64-E64/AB64)+(F64-F64/AB64-F64/AB64)+(G64-G64/AB64) -> 0 | AB64: 5
A65: Mobili e Arredamenti | B65: Mobili d'ufficio | C65: 0 | D65: 0 | E65: 0 | F65: 0 | G65: 0 | H65: A | I65: =IF(H65="A",C65/AB65,0) -> 0 | J65: =IF(H65="A",(I65+D65/AB65),0) -> 0 | K65: =J65+E65/AB65 -> 0 | L65: =K65+F65/AB65 -> 0 | M65: =L65+G65/AB65 -> 0 | O65: =SUM(I65:I70) -> 0 | S65: 0.22 | T65: =S65*C65 -> 0 | V65: =C65-I65 -> 0 | W65: =(C65-C65/AB65-C65/AB65)+(D65-D65/AB65) -> 0 | X65: =(C65-C65/AB65-C65/AB65-C65/AB65)+(D65-D65/AB65-D65/AB65)+(E65-E65/AB65) -> 0 | Y65: =(C65-C65/AB65-C65/AB65-C65/AB65-C65/AB65)+(D65-D65/AB65-D65/AB65-D65/AB65)+(E65-E65/AB65-E65/AB65)+(F65-F65/AB65) -> 0 | Z65: =(C65-C65/AB65-C65/AB65-C65/AB65-C65/AB65-C65/AB65)+(D65-D65/AB65-D65/AB65-D65/AB65-D65/AB65)+(E65-E65/AB65-E65/AB65-E65/AB65)+(F65-F65/AB65-F65/AB65)+(G65-G65/AB65) -> 0 | AB65: 7
B66: Varie | C66: 0 | D66: 0 | E66: 0 | F66: 0 | G66: 0 | H66: A | I66: =IF(H66="A",C66/AB66,0) -> 0 | J66: =IF(H66="A",(I66+D66/AB66),0) -> 0 | K66: =J66+E66/AB66 -> 0 | L66: =K66+F66/AB66 -> 0 | M66: =L66+G66/AB66 -> 0 | S66: 0.22 | T66: =S66*C66 -> 0 | V66: =C66-I66 -> 0 | W66: =(C66-C66/AB66-C66/AB66)+(D66-D66/AB66) -> 0 | X66: =(C66-C66/AB66-C66/AB66-C66/AB66)+(D66-D66/AB66-D66/AB66)+(E66-E66/AB66) -> 0 | Y66: =(C66-C66/AB66-C66/AB66-C66/AB66-C66/AB66)+(D66-D66/AB66-D66/AB66-D66/AB66)+(E66-E66/AB66-E66/AB66)+(F66-F66/AB66) -> 0 | Z66: =(C66-C66/AB66-C66/AB66-C66/AB66-C66/AB66-C66/AB66)+(D66-D66/AB66-D66/AB66-D66/AB66-D66/AB66)+(E66-E66/AB66-E66/AB66-E66/AB66)+(F66-F66/AB66-F66/AB66)+(G66-G66/AB66) -> 0 | AB66: 5
B67: Varie | C67: 0 | D67: 0 | E67: 0 | F67: 0 | G67: 0 | H67: A | I67: =IF(H67="A",C67/AB67,0) -> 0 | J67: =IF(H67="A",(I67+D67/AB67),0) -> 0 | K67: =J67+E67/AB67 -> 0 | L67: =K67+F67/AB67 -> 0 | M67: =L67+G67/AB67 -> 0 | S67: 0.22 | T67: =S67*C67 -> 0 | V67: =C67-I67 -> 0 | W67: =(C67-C67/AB67-C67/AB67)+(D67-D67/AB67) -> 0 | X67: =(C67-C67/AB67-C67/AB67-C67/AB67)+(D67-D67/AB67-D67/AB67)+(E67-E67/AB67) -> 0 | Y67: =(C67-C67/AB67-C67/AB67-C67/AB67-C67/AB67)+(D67-D67/AB67-D67/AB67-D67/AB67)+(E67-E67/AB67-E67/AB67)+(F67-F67/AB67) -> 0 | Z67: =(C67-C67/AB67-C67/AB67-C67/AB67-C67/AB67-C67/AB67)+(D67-D67/AB67-D67/AB67-D67/AB67-D67/AB67)+(E67-E67/AB67-E67/AB67-E67/AB67)+(F67-F67/AB67-F67/AB67)+(G67-G67/AB67) -> 0 | AB67: 5
B68: Varie | C68: 0 | D68: 0 | E68: 0 | F68: 0 | G68: 0 | H68: A | I68: =IF(H68="A",C68/AB68,0) -> 0 | J68: =IF(H68="A",(I68+D68/AB68),0) -> 0 | K68: =J68+E68/AB68 -> 0 | L68: =K68+F68/AB68 -> 0 | M68: =L68+G68/AB68 -> 0 | S68: 0.22 | T68: =S68*C68 -> 0 | V68: =C68-I68 -> 0 | W68: =(C68-C68/AB68-C68/AB68)+(D68-D68/AB68) -> 0 | X68: =(C68-C68/AB68-C68/AB68-C68/AB68)+(D68-D68/AB68-D68/AB68)+(E68-E68/AB68) -> 0 | Y68: =(C68-C68/AB68-C68/AB68-C68/AB68-C68/AB68)+(D68-D68/AB68-D68/AB68-D68/AB68)+(E68-E68/AB68-E68/AB68)+(F68-F68/AB68) -> 0 | Z68: =(C68-C68/AB68-C68/AB68-C68/AB68-C68/AB68-C68/AB68)+(D68-D68/AB68-D68/AB68-D68/AB68-D68/AB68)+(E68-E68/AB68-E68/AB68-E68/AB68)+(F68-F68/AB68-F68/AB68)+(G68-G68/AB68) -> 0 | AB68: 5
B69: Varie | C69: 0 | D69: 0 | E69: 0 | F69: 0 | G69: 0 | H69: A | I69: =IF(H69="A",C69/AB69,0) -> 0 | J69: =IF(H69="A",(I69+D69/AB69),0) -> 0 | K69: =J69+E69/AB69 -> 0 | L69: =K69+F69/AB69 -> 0 | M69: =L69+G69/AB69 -> 0 | S69: 0.22 | T69: =S69*C69 -> 0 | V69: =C69-I69 -> 0 | W69: =(C69-C69/AB69-C69/AB69)+(D69-D69/AB69) -> 0 | X69: =(C69-C69/AB69-C69/AB69-C69/AB69)+(D69-D69/AB69-D69/AB69)+(E69-E69/AB69) -> 0 | Y69: =(C69-C69/AB69-C69/AB69-C69/AB69-C69/AB69)+(D69-D69/AB69-D69/AB69-D69/AB69)+(E69-E69/AB69-E69/AB69)+(F69-F69/AB69) -> 0 | Z69: =(C69-C69/AB69-C69/AB69-C69/AB69-C69/AB69-C69/AB69)+(D69-D69/AB69-D69/AB69-D69/AB69-D69/AB69)+(E69-E69/AB69-E69/AB69-E69/AB69)+(F69-F69/AB69-F69/AB69)+(G69-G69/AB69) -> 0 | AB69: 5
B70: Varie | C70: 0 | D70: 0 | E70: 0 | F70: 0 | G70: 0 | H70: A | I70: =IF(H70="A",C70/AB70,0) -> 0 | J70: =IF(H70="A",(I70+D70/AB70),0) -> 0 | K70: =J70+E70/AB70 -> 0 | L70: =K70+F70/AB70 -> 0 | M70: =L70+G70/AB70 -> 0 | S70: 0.22 | T70: =S70*C70 -> 0 | V70: =C70-I70 -> 0 | W70: =(C70-C70/AB70-C70/AB70)+(D70-D70/AB70) -> 0 | X70: =(C70-C70/AB70-C70/AB70-C70/AB70)+(D70-D70/AB70-D70/AB70)+(E70-E70/AB70) -> 0 | Y70: =(C70-C70/AB70-C70/AB70-C70/AB70-C70/AB70)+(D70-D70/AB70-D70/AB70-D70/AB70)+(E70-E70/AB70-E70/AB70)+(F70-F70/AB70) -> 0 | Z70: =(C70-C70/AB70-C70/AB70-C70/AB70-C70/AB70-C70/AB70)+(D70-D70/AB70-D70/AB70-D70/AB70-D70/AB70)+(E70-E70/AB70-E70/AB70-E70/AB70)+(F70-F70/AB70-F70/AB70)+(G70-G70/AB70) -> 0 | AB70: 5
A71: Altre Immobilizzazioni Materiali | B71: Varie | C71: 0 | D71: 0 | E71: 0 | F71: 0 | G71: 0 | H71: A | I71: =IF(H71="A",C71/AB71,0) -> 0 | J71: =IF(H71="A",(I71+D71/AB71),0) -> 0 | K71: =J71+E71/AB71 -> 0 | L71: =K71+F71/AB71 -> 0 | M71: =L71+G71/AB71 -> 0 | O71: =SUM(I71:I74) -> 0 | S71: 0.22 | T71: =S71*C71 -> 0 | V71: =C71-I71 -> 0 | W71: =(C71-C71/AB71-C71/AB71)+(D71-D71/AB71) -> 0 | X71: =(C71-C71/AB71-C71/AB71-C71/AB71)+(D71-D71/AB71-D71/AB71)+(E71-E71/AB71) -> 0 | Y71: =(C71-C71/AB71-C71/AB71-C71/AB71-C71/AB71)+(D71-D71/AB71-D71/AB71-D71/AB71)+(E71-E71/AB71-E71/AB71)+(F71-F71/AB71) -> 0 | Z71: =(C71-C71/AB71-C71/AB71-C71/AB71-C71/AB71-C71/AB71)+(D71-D71/AB71-D71/AB71-D71/AB71-D71/AB71)+(E71-E71/AB71-E71/AB71-E71/AB71)+(F71-F71/AB71-F71/AB71)+(G71-G71/AB71) -> 0 | AB71: 5
B72: Varie | C72: 0 | D72: 0 | E72: 0 | F72: 0 | G72: 0 | H72: A | I72: =IF(H72="A",C72/AB72,0) -> 0 | J72: =IF(H72="A",(I72+D72/AB72),0) -> 0 | K72: =J72+E72/AB72 -> 0 | L72: =K72+F72/AB72 -> 0 | M72: =L72+G72/AB72 -> 0 | S72: 0.22 | T72: =S72*C72 -> 0 | V72: =C72-I72 -> 0 | W72: =(C72-C72/AB72-C72/AB72)+(D72-D72/AB72) -> 0 | X72: =(C72-C72/AB72-C72/AB72-C72/AB72)+(D72-D72/AB72-D72/AB72)+(E72-E72/AB72) -> 0 | Y72: =(C72-C72/AB72-C72/AB72-C72/AB72-C72/AB72)+(D72-D72/AB72-D72/AB72-D72/AB72)+(E72-E72/AB72-E72/AB72)+(F72-F72/AB72) -> 0 | Z72: =(C72-C72/AB72-C72/AB72-C72/AB72-C72/AB72-C72/AB72)+(D72-D72/AB72-D72/AB72-D72/AB72-D72/AB72)+(E72-E72/AB72-E72/AB72-E72/AB72)+(F72-F72/AB72-F72/AB72)+(G72-G72/AB72) -> 0 | AB72: 5
B73: Varie | C73: 0 | D73: 0 | E73: 0 | F73: 0 | G73: 0 | H73: A | I73: =IF(H73="A",C73/AB73,0) -> 0 | J73: =IF(H73="A",(I73+D73/AB73),0) -> 0 | K73: =J73+E73/AB73 -> 0 | L73: =K73+F73/AB73 -> 0 | M73: =L73+G73/AB73 -> 0 | S73: 0.22 | T73: =S73*C73 -> 0 | V73: =C73-I73 -> 0 | W73: =(C73-C73/AB73-C73/AB73)+(D73-D73/AB73) -> 0 | X73: =(C73-C73/AB73-C73/AB73-C73/AB73)+(D73-D73/AB73-D73/AB73)+(E73-E73/AB73) -> 0 | Y73: =(C73-C73/AB73-C73/AB73-C73/AB73-C73/AB73)+(D73-D73/AB73-D73/AB73-D73/AB73)+(E73-E73/AB73-E73/AB73)+(F73-F73/AB73) -> 0 | Z73: =(C73-C73/AB73-C73/AB73-C73/AB73-C73/AB73-C73/AB73)+(D73-D73/AB73-D73/AB73-D73/AB73-D73/AB73)+(E73-E73/AB73-E73/AB73-E73/AB73)+(F73-F73/AB73-F73/AB73)+(G73-G73/AB73) -> 0 | AB73: 5
B74: Varie | C74: 0 | D74: 0 | E74: 0 | F74: 0 | G74: 0 | H74: A | I74: =IF(H74="A",C74/AB74,0) -> 0 | J74: =IF(H74="A",(I74+D74/AB74),0) -> 0 | K74: =J74+E74/AB74 -> 0 | L74: =K74+F74/AB74 -> 0 | M74: =L74+G74/AB74 -> 0 | S74: 0.22 | T74: =S74*C74 -> 0 | V74: =C74-I74 -> 0 | W74: =(C74-C74/AB74-C74/AB74)+(D74-D74/AB74) -> 0 | X74: =(C74-C74/AB74-C74/AB74-C74/AB74)+(D74-D74/AB74-D74/AB74)+(E74-E74/AB74) -> 0 | Y74: =(C74-C74/AB74-C74/AB74-C74/AB74-C74/AB74)+(D74-D74/AB74-D74/AB74-D74/AB74)+(E74-E74/AB74-E74/AB74)+(F74-F74/AB74) -> 0 | Z74: =(C74-C74/AB74-C74/AB74-C74/AB74-C74/AB74-C74/AB74)+(D74-D74/AB74-D74/AB74-D74/AB74-D74/AB74)+(E74-E74/AB74-E74/AB74-E74/AB74)+(F74-F74/AB74-F74/AB74)+(G74-G74/AB74) -> 0 | AB74: 5
A75: Immobilizzazioni in corso e acconti | B75: Varie | C75: 0 | D75: 0 | E75: 0 | F75: 0 | G75: 0 | H75: A | I75: =IF(H75="A",C75/AB75,0) -> 0 | J75: =IF(H75="A",(I75+D75/AB75),0) -> 0 | K75: =J75+E75/AB75 -> 0 | L75: =K75+F75/AB75 -> 0 | M75: =L75+G75/AB75 -> 0 | O75: =SUM(I75:I76) -> 0 | S75: 0.22 | T75: =S75*C75 -> 0 | V75: =C75-I75 -> 0 | W75: =(C75-C75/AB75-C75/AB75)+(D75-D75/AB75) -> 0 | X75: =(C75-C75/AB75-C75/AB75-C75/AB75)+(D75-D75/AB75-D75/AB75)+(E75-E75/AB75) -> 0 | Y75: =(C75-C75/AB75-C75/AB75-C75/AB75-C75/AB75)+(D75-D75/AB75-D75/AB75-D75/AB75)+(E75-E75/AB75-E75/AB75)+(F75-F75/AB75) -> 0 | Z75: =(C75-C75/AB75-C75/AB75-C75/AB75-C75/AB75-C75/AB75)+(D75-D75/AB75-D75/AB75-D75/AB75-D75/AB75)+(E75-E75/AB75-E75/AB75-E75/AB75)+(F75-F75/AB75-F75/AB75)+(G75-G75/AB75) -> 0 | AB75: 5
B76: Varie | C76: 0 | D76: 0 | E76: 0 | F76: 0 | G76: 0 | H76: A | I76: =IF(H76="A",C76/AB76,0) -> 0 | J76: =IF(H76="A",(I76+D76/AB76),0) -> 0 | K76: =J76+E76/AB76 -> 0 | L76: =K76+F76/AB76 -> 0 | M76: =L76+G76/AB76 -> 0 | S76: 0.22 | T76: =S76*C76 -> 0 | V76: =C76-I76 -> 0 | W76: =(C76-C76/AB76-C76/AB76)+(D76-D76/AB76) -> 0 | X76: =(C76-C76/AB76-C76/AB76-C76/AB76)+(D76-D76/AB76-D76/AB76)+(E76-E76/AB76) -> 0 | Y76: =(C76-C76/AB76-C76/AB76-C76/AB76-C76/AB76)+(D76-D76/AB76-D76/AB76-D76/AB76)+(E76-E76/AB76-E76/AB76)+(F76-F76/AB76) -> 0 | Z76: =(C76-C76/AB76-C76/AB76-C76/AB76-C76/AB76-C76/AB76)+(D76-D76/AB76-D76/AB76-D76/AB76-D76/AB76)+(E76-E76/AB76-E76/AB76-E76/AB76)+(F76-F76/AB76-F76/AB76)+(G76-G76/AB76) -> 0 | AB76: 5
A77: Totale Immobilizzazioni Materiali | C77: =SUM(C40:C76) -> 0 | D77: =SUM(D40:D76) -> 0 | E77: =SUM(E40:E76) -> 0 | F77: =SUM(F40:F76) -> 0 | G77: =SUM(G40:G76) -> 0 | H77: // | I77: =SUM(I40:I76) -> 0 | J77: =SUM(J40:J76) -> 0 | K77: =SUM(K40:K76) -> 0 | L77: =SUM(L40:L76) -> 0 | M77: =SUM(M40:M76) -> 0 | O77: =SUM(O40:O76) -> 0 | Q77: // | S77: // | T77: =SUM(T40:T76) -> 0 | V77: =SUM(V48:V76) -> 0 | W77: =SUM(W48:W76) -> 0 | X77: =SUM(X48:X76) -> 0 | Y77: =SUM(Y48:Y76) -> 0 | Z77: =SUM(Z48:Z76) -> 0 | AB77: =AVERAGE(AB40:AB76) -> 7.0810811
A79: Immobilizzazioni Finanziarie | I79: Ammortamenti | O79: =O39 -> 2025 | Q79: =Q39 -> CdC | S79: =S39 -> VAT | T79: =T39 -> VAT € | V79: Residui
A80: Partecipazioni | B80: Controllate | C80: 0 | D80: 0 | E80: 0 | F80: 0 | G80: 0 | I80: // | J80: // | K80: // | L80: // | M80: // | O80: // | S80: 0 | T80: =C80*S80 -> 0 | V80: // | W80: // | X80: // | Y80: // | Z80: // | AB80: //
B81: Collegate | C81: 0 | D81: 0 | E81: 0 | F81: 0 | G81: 0 | I81: // | J81: // | K81: // | L81: // | M81: // | O81: // | S81: 0 | T81: =C81*S81 -> 0 | V81: // | W81: // | X81: // | Y81: // | Z81: // | AB81: //
B82: Controllanti | C82: 0 | D82: 0 | E82: 0 | F82: 0 | G82: 0 | I82: // | J82: // | K82: // | L82: // | M82: // | O82: // | S82: 0 | T82: =C82*S82 -> 0 | V82: // | W82: // | X82: // | Y82: // | Z82: // | AB82: //
B83: Altre | C83: 0 | D83: 0 | E83: 0 | F83: 0 | G83: 0 | I83: // | J83: // | K83: // | L83: // | M83: // | O83: // | S83: 0 | T83: =C83*S83 -> 0 | V83: // | W83: // | X83: // | Y83: // | Z83: // | AB83: //
A84: Crediti | B84: Controllate | C84: 0 | D84: 0 | E84: 0 | F84: 0 | G84: 0 | I84: // | J84: // | K84: // | L84: // | M84: // | O84: // | S84: 0 | T84: =C84*S84 -> 0 | V84: // | W84: // | X84: // | Y84: // | Z84: // | AB84: //
B85: Collegate | C85: 0 | D85: 0 | E85: 0 | F85: 0 | G85: 0 | I85: // | J85: // | K85: // | L85: // | M85: // | O85: // | S85: 0 | T85: =C85*S85 -> 0 | V85: // | W85: // | X85: // | Y85: // | Z85: // | AB85: //
B86: Controllanti | C86: 0 | D86: 0 | E86: 0 | F86: 0 | G86: 0 | I86: // | J86: // | K86: // | L86: // | M86: // | O86: // | S86: 0 | T86: =C86*S86 -> 0 | V86: // | W86: // | X86: // | Y86: // | Z86: // | AB86: //
B87: Altre | C87: 0 | D87: 0 | E87: 0 | F87: 0 | G87: 0 | I87: // | J87: // | K87: // | L87: // | M87: // | O87: // | S87: 0 | T87: =C87*S87 -> 0 | V87: // | W87: // | X87: // | Y87: // | Z87: // | AB87: //
A88: Altre | B88: Varie | C88: 0 | D88: 0 | E88: 0 | F88: 0 | G88: 0 | I88: // | J88: // | K88: // | L88: // | M88: // | O88: // | S88: 0 | T88: =C88*S88 -> 0 | V88: // | W88: // | X88: // | Y88: // | Z88: // | AB88: //
B89: Varie | C89: 0 | D89: 0 | E89: 0 | F89: 0 | G89: 0 | I89: // | J89: // | K89: // | L89: // | M89: // | O89: // | S89: 0 | T89: =C89*S89 -> 0 | V89: // | W89: // | X89: // | Y89: // | Z89: // | AB89: //
B90: Varie | C90: 0 | D90: 0 | E90: 0 | F90: 0 | G90: 0 | I90: // | J90: // | K90: // | L90: // | M90: // | O90: // | S90: 0 | T90: =C90*S90 -> 0 | V90: // | W90: // | X90: // | Y90: // | Z90: // | AB90: //
B91: Varie | C91: 0 | D91: 0 | E91: 0 | F91: 0 | G91: 0 | I91: // | J91: // | K91: // | L91: // | M91: // | O91: // | S91: 0 | T91: =C91*S91 -> 0 | V91: // | W91: // | X91: // | Y91: // | Z91: // | AB91: //
A92: Azioni Proprie | B92: Valore nominale | C92: 0 | D92: 0 | E92: 0 | F92: 0 | G92: 0 | I92: // | J92: // | K92: // | L92: // | M92: // | O92: // | S92: 0 | T92: =C92*S92 -> 0 | V92: // | W92: // | X92: // | Y92: // | Z92: // | AB92: //
B93: Differenza dal valore nominale | C93: 0 | D93: 0 | E93: 0 | F93: 0 | G93: 0 | I93: // | J93: // | K93: // | L93: // | M93: // | O93: // | S93: 0 | T93: =C93*S93 -> 0 | V93: // | W93: // | X93: // | Y93: // | Z93: // | AB93: //
A94: Totale Immobilizzazioni Finanziarie | C94: =SUM(C80:C93) -> 0 | D94: =SUM(D80:D93) -> 0 | E94: =SUM(E80:E93) -> 0 | F94: =SUM(F80:F93) -> 0 | G94: =SUM(G80:G93) -> 0 | I94: // | J94: // | K94: // | L94: // | M94: // | O94: // | S94: // | T94: =SUM(T80:T93) -> 0 | V94: // | W94: // | X94: // | Y94: // | Z94: // | AB94: //
A96: Totale immobilizzazioni | C96: =C94+C77+C37 -> 250498.8 | D96: =D94+D77+D37 -> 0 | E96: =E94+E77+E37 -> 0 | F96: =F94+F77+F37 -> 0 | G96: =G94+G77+G37 -> 0 | I96: =I37+I77 -> 35785.543 | J96: =J37+J77 -> 35785.543 | K96: =K37+K77 -> 35785.543 | L96: =L37+L77 -> 35785.543 | M96: =M37+M77 -> 35785.543 | O96: =O37+O77 -> 35785.543 | Q96: // | S96: // | T96: =T37+T77 -> 55109.736 | V96: =V77+V37 -> 214713.26 | W96: =W77+W37 -> 178927.71 | X96: =X77+X37 -> 143142.17 | Y96: =Y77+Y37 -> 107356.63 | Z96: =Z77+Z37 -> 71571.086 | AB96: =AVERAGE(AB37,AB77) -> 6.5577819
C98: =C5 -> 2025 | E98: =D5 -> 2026 | G98: =E5 -> 2027 | J98: =F5 -> 2028 | L98: =G5 -> 2029 | O98: Totals | V98: Coverage of financial needs
A99: Coverage of financial needs | C99: Percentage | D99: Value | E99: Percentage | F99: Value | G99: Percentuale | I99: Value | J99: Percentage | K99: Value | L99: Percentage | M99: Value
A100: Equity | C100: 1 | D100: =$C$96*C100 -> 250498.8 | E100: 1 | F100: =$D$96*E100 -> 0 | G100: 1 | I100: =$E$96*G100 -> 0 | J100: 1 | K100: =$F$96*J100 -> 0 | L100: 1 | M100: =$G$96*L100 -> 0 | O100: =M100+K100+I100+F100+D100 -> 250498.8
A101: Mortgages | C101: 0 | D101: =$C$96*C101 -> 0 | E101: 0 | F101: =$D$96*E101 -> 0 | G101: 0 | I101: =$E$96*G101 -> 0 | J101: 0 | K101: =$F$96*J101 -> 0 | L101: 0 | M101: =$G$96*L101 -> 0 | O101: =M101+K101+I101+F101+D101 -> 0
A102: Venture loans | C102: 0 | D102: =$C$96*C102 -> 0 | E102: 0 | F102: =$D$96*E102 -> 0 | G102: 0 | I102: =$E$96*G102 -> 0 | J102: 0 | K102: =$F$96*J102 -> 0 | L102: 0 | M102: =$G$96*L102 -> 0 | O102: =M102+K102+I102+F102+D102 -> 0
A103: Leasing | C103: 0 | D103: =$C$96*C103 -> 0 | E103: 0 | F103: =$D$96*E103 -> 0 | G103: 0 | I103: =$E$96*G103 -> 0 | J103: 0 | K103: =$F$96*J103 -> 0 | L103: 0 | M103: =$G$96*L103 -> 0 | O103: =M103+K103+I103+F103+D103 -> 0
A104: Cash flow | C104: 0 | D104: =$C$96*C104 -> 0 | E104: 0 | F104: =$D$96*E104 -> 0 | G104: 0 | I104: =$E$96*G104 -> 0 | J104: 0 | K104: =$F$96*J104 -> 0 | L104: 0 | M104: =$G$96*L104 -> 0 | O104: =M104+K104+I104+F104+D104 -> 0
A105: Others | C105: 0 | D105: =$C$96*C105 -> 0 | E105: 0 | F105: =$D$96*E105 -> 0 | G105: 0 | I105: =$E$96*G105 -> 0 | J105: 0 | K105: =$F$96*J105 -> 0 | L105: 0 | M105: =$G$96*L105 -> 0 | O105: =M105+K105+I105+F105+D105 -> 0
A106: Others | C106: 0 | D106: =$C$96*C106 -> 0 | E106: 0 | F106: =$D$96*E106 -> 0 | G106: 0 | I106: =$E$96*G106 -> 0 | J106: 0 | K106: =$F$96*J106 -> 0 | L106: 0 | M106: =$G$96*L106 -> 0 | O106: =M106+K106+I106+F106+D106 -> 0
...

Sheet PoS ren. costs
A1: =Menù!D3 -> Trovato 1929
A2: =Menù!A2 -> Budget e Business Plan
A3: Point of sale renovation costs
A5: Intervention to be carried out | B5: Units (M2) | C5: Unit Prices | D5: Total | E5: Needed
A6: Electrical system | B6: ='Controll Panel'!$B$41 -> 140 | C6: 178.57 | D6: =B6*C6 -> 24999.8 | E6: X
A7: Waterworks | B7: ='Controll Panel'!$B$41 -> 140 | C7: 50 | D7: =B7*C7 -> 7000 | E7: X
A8: Air conditioning system, ducting, UI-UE installation | B8: ='Controll Panel'!$B$41 -> 140 | C8: 100 | D8: =B8*C8 -> 14000 | E8: X
A9: Demolitions | B9: ='Controll Panel'!$B$41 -> 140 | C9: 42.86 | D9: =B9*C9 -> 6000.4 | E9: X
A10: Plasterboard walls and false ceilings insulated with high density rock wool | B10: ='Controll Panel'!$B$41 -> 140 | C10: 235.71 | D10: =B10*C10 -> 32999.4 | E10: X
A11: Preparation and painting | B11: ='Controll Panel'!$B$41 -> 140 | C11: 71.428571 | D11: 10000 | E11: X
A12: Walls, screeds and floors, coverings | B12: ='Controll Panel'!$B$41 -> 140 | C12: 157.14286 | D12: =B12*C12 -> 22000 | E12: X
A13: Sanitary supplies and coverings | B13: ='Controll Panel'!$B$41 -> 140 | C13: 57.142857 | D13: =B13*C13 -> 8000 | E13: X
A14: Electrical panels and lighting fixtures | B14: ='Controll Panel'!$B$41 -> 140 | C14: 100 | D14: =B14*C14 -> 14000 | E14: X
A15: Air conditioners | B15: ='Controll Panel'!$B$41 -> 140 | C15: 75 | D15: =B15*C15 -> 10500 | E15: X
A16: Furniture and equipment | B16: ='Controll Panel'!$B$41 -> 140 | C16: 378.57 | D16: =B16*C16 -> 52999.8 | E16: X
A17: Signs, digital panels, multimedia monitors | B17: ='Controll Panel'!$B$41 -> 140 | C17: 57.142857 | D17: =B17*C17 -> 8000 | E17: X
A18: Video surveillance | B18: ='Controll Panel'!$B$41 -> 140 | C18: 71.428571 | D18: =B18*C18 -> 10000 | E18: X
A19: Fixtures | B19: ='Controll Panel'!$B$41 -> 140 | C19: 85.71 | D19: =B19*C19 -> 11999.4 | E19: X
A21: Architectural design | B21: ='Controll Panel'!$B$41 -> 140 | C21: 71.428571 | D21: =B21*C21 -> 10000 | E21: X
A22: Plant design | B22: ='Controll Panel'!$B$41 -> 140 | C22: 57.142857 | D22: =B22*C22 -> 8000 | E22: X
A24: Total | B24: =AVERAGE(B6:B22) -> 140 | C24: =D24/B24 -> 1789.2771 | D24: =SUMIF(E6:E22,"X",D6:D22) -> 250498.8 | E24: //

Sheet Plur. Gen. C.
A1: =Menù!D3 -> Trovato 1929
A2: =Menù!A2 -> Budget e Business Plan
A3: General management costs
A5: Macro | B5: Conto | C5: Details | D5: Cod. | E5: Quantità | F5: Unitari | G5: Totali | H5: Q | I5: Unit | J5: Total | K5: Final balance | L5: Q | M5: Unit | N5: Total | O5: Final balance | P5: Q | Q5: Unit | R5: Total | S5: Final balance | T5: Q | U5: Unit | V5: Total | W5: Final balance | X5: Q | Y5: Unit | Z5: Total | AA5: F/V | AB5: CdC | AC5: DPO
H7: =Inv.!$V$5 -> 2025 | I7: =H7 -> 2025 | J7: =H7 -> 2025 | L7: =H7+1 -> 2026 | M7: =I7+1 -> 2026 | N7: =J7+1 -> 2026 | P7: =L7+1 -> 2027 | Q7: =M7+1 -> 2027 | R7: =N7+1 -> 2027 | T7: =P7+1 -> 2028 | U7: =Q7+1 -> 2028 | V7: =R7+1 -> 2028 | X7: =T7+1 -> 2029 | Y7: =U7+1 -> 2029 | Z7: =V7+1 -> 2029
A9: COGS | E9: =H9-1 -> 2024 | F9: =I9-1 -> 2024 | G9: =J9-1 -> 2024 | H9: =Inv.!$V$5 -> 2025 | I9: =H9 -> 2025 | J9: =I9 -> 2025 | K9: =K5 -> Final balance | L9: =N9 -> 2026 | M9: =N9 -> 2026 | N9: =H9+1 -> 2026 | O9: =O5 -> Final balance | P9: =R9 -> 2027 | Q9: =R9 -> 2027 | R9: =N9+1 -> 2027 | S9: =S5 -> Final balance | T9: =V9 -> 2028 | U9: =V9 -> 2028 | V9: =R9+1 -> 2028 | W9: =W5 -> Final balance | X9: =Z9 -> 2029 | Y9: =Z9 -> 2029 | Z9: =V9+1 -> 2029 | AA9: =AA5 -> F/V | AB9: // | AC9: Ξ
A10: Raw materials and finished products
A11: =A10 -> Raw materials and finished products | C11: ='W. Month'!A14 -> Revenues before lunch | D11: 6 | E11: 0 | F11: 0 | G11: =E11*F11 -> 0 | H11: ='Controll Panel'!B45 -> 0.28 | I11: ='W Plur.'!B107 -> 365654.55 | J11: =H11*I11 -> 102383.27 | K11: 0 | L11: ='Controll Panel'!C45 -> 0.28 | M11: ='W Plur.'!C107 -> 394906.91 | N11: =L11*M11 -> 110573.93 | O11: 0 | P11: ='Controll Panel'!D45 -> 0.28 | Q11: ='W Plur.'!D107 -> 425183.11 | R11: =P11*Q11 -> 119051.27 | S11: 0 | T11: ='Controll Panel'!E45 -> 0.28 | U11: ='W Plur.'!E107 -> 456512.39 | V11: =T11*U11 -> 127823.47 | W11: 0 | X11: ='Controll Panel'!F45 -> 0.28 | Y11: ='W Plur.'!F107 -> 488924.77 | Z11: =X11*Y11 -> 136898.93 | AA11: V | AB11: ND | AC11: ='Controll Panel'!B9 -> 0
A12: =A11 -> Raw materials and finished products | C12: ='W. Month'!A15 -> Revenues during lunch | D12: 6 | E12: 0 | F12: 0 | G12: =E12*F12 -> 0 | H12: ='Controll Panel'!B45 -> 0.28 | I12: ='W Plur.'!B108 -> 258109.09 | J12: =H12*I12 -> 72270.545 | K12: 0 | L12: ='Controll Panel'!C45 -> 0.28 | M12: ='W Plur.'!C108 -> 276434.84 | N12: =L12*M12 -> 77401.754 | O12: 0 | P12: ='Controll Panel'!D45 -> 0.28 | Q12: ='W Plur.'!D108 -> 295390.37 | R12: =P12*Q12 -> 82709.303 | S12: 0 | T12: ='Controll Panel'!E45 -> 0.28 | U12: ='W Plur.'!E108 -> 314993.55 | V12: =T12*U12 -> 88198.193 | W12: 0 | X12: ='Controll Panel'!F45 -> 0.28 | Y12: ='W Plur.'!F108 -> 335262.7 | Z12: =X12*Y12 -> 93873.555 | AA12: V | AB12: ND | AC12: =AC11 -> 0
A13: =A12 -> Raw materials and finished products | C13: ='W. Month'!A16 -> Revenues after lunch | D13: 6 | E13: 0 | F13: 0 | G13: =E13*F13 -> 0 | H13: ='Controll Panel'!B45 -> 0.28 | I13: ='W Plur.'!B109 -> 92654.545 | J13: =H13*I13 -> 25943.273 | K13: 0 | L13: ='Controll Panel'!C45 -> 0.28 | M13: ='W Plur.'!C109 -> 99233.018 | N13: =L13*M13 -> 27785.245 | O13: 0 | P13: ='Controll Panel'!D45 -> 0.28 | Q13: ='W Plur.'!D109 -> 106037.57 | R13: =P13*Q13 -> 29690.519 | S13: 0 | T13: ='Controll Panel'!E45 -> 0.28 | U13: ='W Plur.'!E109 -> 113074.61 | V13: =T13*U13 -> 31660.89 | W13: 0 | X13: ='Controll Panel'!F45 -> 0.28 | Y13: ='W Plur.'!F109 -> 120350.71 | Z13: =X13*Y13 -> 33698.199 | AA13: V | AB13: ND | AC13: =AC12 -> 0
A14: =A13 -> Raw materials and finished products | C14: ='W. Month'!A17 -> Revenues during dinner | D14: 6 | E14: 0 | F14: 0 | G14: =E14*F14 -> 0 | H14: ='Controll Panel'!B45 -> 0.28 | I14: ='W Plur.'!B110 -> 37061.818 | J14: =H14*I14 -> 10377.309 | K14: 0 | L14: ='Controll Panel'!C45 -> 0.28 | M14: ='W Plur.'!C110 -> 37803.055 | N14: =L14*M14 -> 10584.855 | O14: 0 | P14: ='Controll Panel'!D45 -> 0.28 | Q14: ='W Plur.'!D110 -> 38559.116 | R14: =P14*Q14 -> 10796.552 | S14: 0 | T14: ='Controll Panel'!E45 -> 0.28 | U14: ='W Plur.'!E110 -> 39330.298 | V14: =T14*U14 -> 11012.483 | W14: 0 | X14: ='Controll Panel'!F45 -> 0.28 | Y14: ='W Plur.'!F110 -> 40116.904 | Z14: =X14*Y14 -> 11232.733 | AA14: V | AB14: ND | AC14: =AC13 -> 0
A15: =A14 -> Raw materials and finished products | C15: Stock PF | D15: 11 | E15: 0 | F15: 0 | G15: =E15*F15 -> 0 | H15: 0 | I15: 0 | J15: =H15*I15 -> 0 | K15: 0 | L15: 0 | M15: 0 | N15: =L15*M15 -> 0 | O15: 0 | P15: 0 | Q15: 0 | R15: =P15*Q15 -> 0 | S15: 0 | T15: 0 | U15: 0 | V15: =T15*U15 -> 0 | W15: 0 | X15: =T15 -> 0 | Y15: 0 | Z15: =X15*Y15 -> 0 | AA15: V | AB15: ND | AC15: =AC14 -> 0
A16: =A15 -> Raw materials and finished products | C16: Stock PF | D16: 11 | E16: 0 | F16: 0 | G16: =-G15 -> 0 | H16: 0 | I16: 0 | J16: =-J15 -> 0 | K16: =-K15 -> 0 | L16: 0 | M16: 0 | N16: =-N15 -> 0 | O16: =-O15 -> 0 | P16: 0 | Q16: 0 | R16: =-R15 -> 0 | S16: =-S15 -> 0 | T16: 0 | U16: 0 | V16: =-V15 -> 0 | W16: =-W15 -> 0 | X16: =-X15 -> 0 | Y16: 0 | Z16: =-Z15 -> 0 | AA16: V | AB16: ND | AC16: =AC15 -> 0
A17: =A16 -> Raw materials and finished products | C17: Others | D17: 6 | E17: 0 | F17: 0 | G17: 0 | H17: 0 | I17: 0 | J17: 0 | K17: 0 | L17: 0 | M17: 0 | N17: 0 | O17: 0 | P17: 0 | Q17: 0 | R17: 0 | S17: 0 | T17: 0 | U17: 0 | V17: 0 | W17: 0 | X17: 0 | Y17: 0 | Z17: 0 | AA17: V | AB17: ND | AC17: =AC16 -> 0
A18: Totale | B18: // | G18: =SUM(G11:G17) -> 0 | J18: =SUM(J11:J17) -> 210974.4 | K18: =SUM(K11:K17) -> 0 | N18: =SUM(N11:N17) -> 226345.79 | O18: =SUM(O11:O17) -> 0 | R18: =SUM(R11:R17) -> 242247.64 | S18: =SUM(S11:S17) -> 0 | V18: =SUM(V11:V17) -> 258695.03 | W18: =SUM(W11:W17) -> 0 | Z18: =SUM(Z11:Z17) -> 275703.42 | AC18: =AVERAGE(AC11:AC17) -> 0
A19: Others and Disposable
A20: =A19 -> Others and Disposable | C20: Disposable products | D20: 7 | E20: 0 | F20: 0 | G20: =F20*E20 -> 0 | H20: 12 | I20: 200 | J20: =I20*H20 -> 2400 | K20: 0 | L20: 12 | M20: =I20*(1+'Controll Panel'!C35) -> 214 | N20: =M20*L20 -> 2568 | O20: 0 | P20: 12 | Q20: =M20*(1+'Controll Panel'!D35) -> 224.7 | R20: =Q20*P20 -> 2696.4 | S20: 0 | T20: 12 | U20: =Q20*(1+'Controll Panel'!E35) -> 235.935 | V20: =U20*T20 -> 2831.22 | W20: 0 | X20: 12 | Y20: =U20*(1+'Controll Panel'!F35) -> 247.73175 | Z20: =Y20*X20 -> 2972.781 | AA20: V | AB20: ND | AC20: =AC18 -> 0
A21: =A20 -> Others and Disposable | C21: Altre | D21: 7 | E21: 0 | F21: 0 | G21: =F21*E21 -> 0 | H21: 1 | I21: 0 | J21: =I21*H21 -> 0 | K21: 0 | L21: 1 | M21: 0 | N21: =M21*L21 -> 0 | O21: 0 | P21: 1 | Q21: 0 | R21: =Q21*P21 -> 0 | S21: 0 | T21: 1 | U21: 0 | V21: =U21*T21 -> 0 | W21: 0 | X21: 1 | Y21: 0 | Z21: =Y21*X21 -> 0 | AA21: V | AB21: ND | AC21: =AC19 -> 0
A22: =A21 -> Others and Disposable | C22: Altre | D22: 7 | E22: 0 | F22: 0 | G22: =F22*E22 -> 0 | H22: 1 | I22: 0 | J22: =I22*H22 -> 0 | K22: 0 | L22: 1 | M22: 0 | N22: =M22*L22 -> 0 | O22: 0 | P22: 1 | Q22: 0 | R22: =Q22*P22 -> 0 | S22: 0 | T22: 1 | U22: 0 | V22: =U22*T22 -> 0 | W22: 0 | X22: 1 | Y22: 0 | Z22: =Y22*X22 -> 0 | AA22: V | AB22: ND | AC22: =AC20 -> 0
A23: =A22 -> Others and Disposable | C23: Altre | D23: 7 | E23: 0 | F23: 0 | G23: =F23*E23 -> 0 | H23: 1 | I23: 0 | J23: =I23*H23 -> 0 | K23: 0 | L23: 1 | M23: 0 | N23: =M23*L23 -> 0 | O23: 0 | P23: 1 | Q23: 0 | R23: =Q23*P23 -> 0 | S23: 0 | T23: 1 | U23: 0 | V23: =U23*T23 -> 0 | W23: 0 | X23: 1 | Y23: 0 | Z23: =Y23*X23 -> 0 | AA23: V | AB23: ND | AC23: =AC21 -> 0
A24: Total | B24: // | G24: =SUM(G20:G23) -> 0 | J24: =SUM(J20:J23) -> 2400 | K24: =SUM(K20:K23) -> 0 | N24: =SUM(N20:N23) -> 2568 | O24: =SUM(O20:O23) -> 0 | R24: =SUM(R20:R23) -> 2696.4 | S24: =SUM(S20:S23) -> 0 | V24: =SUM(V20:V23) -> 2831.22 | W24: =SUM(W20:W23) -> 0 | Z24: =SUM(Z20:Z23) -> 2972.781 | AC24: =AVERAGE(AC20:AC23) -> 0
A26: ="Totale "&A9 -> Totale COGS | G26: =#REF!+#REF!+G24+G18 -> #REF! | J26: =J24+J18 -> 213374.4 | K26: =K24+K18 -> 0 | N26: =N24+N18 -> 228913.79 | O26: =O24+O18 -> 0 | R26: =R24+R18 -> 244944.04 | S26: =S24+S18 -> 0 | V26: =V24+V18 -> 261526.25 | W26: =W24+W18 -> 0 | Z26: =Z24+Z18 -> 278676.2
A28: Sales and Management costs | E28: =#REF! -> #REF! | F28: =#REF! -> #REF! | G28: =#REF! -> #REF! | H28: =H9 -> 2025 | I28: =I9 -> 2025 | J28: =J9 -> 2025 | K28: =K9 -> Final balance | L28: =L9 -> 2026 | M28: =M9 -> 2026 | N28: =N9 -> 2026 | O28: =O9 -> Final balance | ... AC28: =AC9 -> Ξ
A29: Sales costs
A30: =A29 -> Sales costs | C30: Warehousing | D30: 7 | E30: 0 | F30: 0 | G30: =E30*F30 -> 0 | H30: 1 | I30: 0 | J30: =H30*I30 -> 0 | K30: 0 | L30: 1 | M30: 0 | N30: =L30*M30 -> 0 | O30: 0 | P30: 1 | Q30: 0 | R30: =P30*Q30 -> 0 | S30: 0 | T30: 1 | U30: 0 | V30: =T30*U30 -> 0 | W30: 0 | X30: 1 | Y30: 0 | Z30: =X30*Y30 -> 0 | AA30: V | AB30: ND | AC30: ='Controll Panel'!B10 -> 0
A31: =A30 -> Sales costs | C31: Freight transport | D31: 7 | E31: 0 | F31: 0 | G31: =E31*F31 -> 0 | H31: 0.035 | I31: =J18 -> 210974.4 | J31: =H31*I31 -> 7384.104 | K31: 0 | L31: =H31 -> 0.035 | M31: =N18 -> 226345.79 | N31: =L31*M31 -> 7922.1026 | O31: 0 | P31: =L31 -> 0.035 | Q31: =R18 -> 242247.64 | R31: =P31*Q31 -> 8478.6675 | S31: 0 | T31: =P31 -> 0.035 | U31: =V18 -> 258695.03 | V31: =T31*U31 -> 9054.3262 | W31: 0 | X31: =T31 -> 0.035 | Y31: =Z18 -> 275703.42 | Z31: =X31*Y31 -> 9649.6198 | AA31: V | AB31: ND | AC31: =AC30 -> 0
A32: =A31 -> Sales costs | C32: Staff Training | D32: 7 | E32: 0 | F32: 1 | G32: =E32*F32 -> 0 | H32: 12 | I32: 1000 | J32: =H32*I32 -> 12000 | K32: 0 | L32: 12 | M32: 1000 | N32: =L32*M32 -> 12000 | O32: 0 | P32: 12 | Q32: 1000 | R32: =P32*Q32 -> 12000 | S32: 0 | T32: 12 | U32: 1000 | V32: =T32*U32 -> 12000 | W32: 0 | X32: 12 | Y32: 1000 | Z32: =X32*Y32 -> 12000 | AA32: F | AB32: ND | AC32: =AC31 -> 0
A33: =A32 -> Sales costs | C33: Equipment maintenance | D33: 7 | E33: 0 | F33: 0 | G33: =E33*F33 -> 0 | H33: 12 | I33: 250 | J33: =H33*I33 -> 3000 | K33: 0 | L33: 12 | M33: 250 | N33: =L33*M33 -> 3000 | O33: 0 | P33: 12 | Q33: 300 | R33: =P33*Q33 -> 3600 | S33: 0 | T33: 12 | U33: 300 | V33: =T33*U33 -> 3600 | W33: 0 | X33: 12 | Y33: 300 | Z33: =X33*Y33 -> 3600 | AA33: F | AB33: ND | AC33: =AC32 -> 0
A34: =#REF! -> #REF! | C34: Others | D34: 7 | E34: 1 | F34: 0 | G34: =E34*F34 -> 0 | H34: 0 | I34: 0 | J34: =H34*I34 -> 0 | K34: 0 | L34: 0 | M34: 0 | N34: =L34*M34 -> 0 | O34: 0 | P34: 0 | Q34: 0 | R34: =P34*Q34 -> 0 | S34: 0 | T34: 0 | U34: 0 | V34: =T34*U34 -> 0 | W34: 0 | X34: 0 | Y34: 0 | Z34: =X34*Y34 -> 0 | AA34: F | AB34: ND | AC34: =AC33 -> 0
A35: =A34 -> #REF! | C35: Others | D35: 7 | E35: 0 | F35: 0 | G35: =E35*F35 -> 0 | H35: 0 | I35: 0 | J35: =H35*I35 -> 0 | K35: 0 | L35: 0 | M35: 0 | N35: =L35*M35 -> 0 | O35: 0 | P35: 0 | Q35: 0 | R35: =P35*Q35 -> 0 | S35: 0 | T35: 0 | U35: 0 | V35: =T35*U35 -> 0 | W35: 0 | X35: 0 | Y35: 0 | Z35: =X35*Y35 -> 0 | AA35: F | AB35: ND | AC35: =AC34 -> 0
A36: Total | G36: =SUM(G30:G35) -> 0 | J36: =SUM(J30:J35) -> 22384.104 | K36: =SUM(K30:K35) -> 0 | N36: =SUM(N30:N35) -> 22922.103 | O36: =SUM(O30:O35) -> 0 | R36: =SUM(R30:R35) -> 24078.668 | S36: =SUM(S30:S35) -> 0 | V36: =SUM(V30:V35) -> 24654.326 | W36: =SUM(W30:W35) -> 0 | Z36: =SUM(Z30:Z35) -> 25249.62 | AC36: =AVERAGE(AC30:AC35) -> 0
A37: Utilities
A38: =A37 -> Utilities | C38: Energy | D38: 7 | E38: 0 | F38: 0 | G38: =E38*F38 -> 0 | H38: 12 | I38: 1750 | J38: =H38*I38 -> 21000 | K38: 0 | L38: 12 | M38: =I38*(1+'Controll Panel'!C35) -> 1872.5 | N38: =L38*M38 -> 22470 | O38: 0 | P38: 12 | Q38: =M38*(1+'Controll Panel'!D35) -> 1966.125 | R38: =P38*Q38 -> 23593.5 | S38: 0 | T38: 12 | U38: =Q38*(1+'Controll Panel'!E35) -> 2064.4313 | V38: =T38*U38 -> 24773.175 | W38: 0 | X38: 12 | Y38: =U38*(1+'Controll Panel'!F35) -> 2167.6528 | Z38: =X38*Y38 -> 26011.834 | AA38: V | AB38: ND | AC38: =AC30 -> 0
A39: =A38 -> Utilities | C39: Water | D39: 7 | E39: 0 | F39: 0 | G39: 0 | H39: 12 | I39: 300 | J39: =H39*I39 -> 3600 | K39: 0 | L39: 12 | M39: =I39*(1+'Controll Panel'!C35) -> 321 | N39: =L39*M39 -> 3852 | O39: 0 | P39: 12 | Q39: =M39*(1+'Controll Panel'!D35) -> 337.05 | R39: =P39*Q39 -> 4044.6 | S39: 0 | T39: 12 | U39: =Q39*(1+'Controll Panel'!E35) -> 353.9025 | V39: =T39*U39 -> 4246.83 | W39: 0 | X39: 12 | Y39: =U39*(1+'Controll Panel'!F35) -> 371.59763 | Z39: =X39*Y39 -> 4459.1715 | AA39: V | AB39: ND | AC39: =AC38 -> 0
A40: =A39 -> Utilities | C40: Waste | D40: 7 | E40: 0 | F40: 0 | G40: 0 | H40: 12 | I40: 300 | J40: =H40*I40 -> 3600 | K40: 0 | L40: 12 | M40: 300 | N40: =L40*M40 -> 3600 | O40: 0 | P40: 12 | Q40: 300 | R40: =P40*Q40 -> 3600 | S40: 0 | T40: 12 | U40: 300 | V40: =T40*U40 -> 3600 | W40: 0 | X40: 12 | Y40: 300 | Z40: =X40*Y40 -> 3600 | AA40: V | AB40: ND | AC40: =AC39 -> 0
A41: =A40 -> Utilities | C41: Others | D41: 7 | E41: 0 | F41: 0 | G41: 0 | H41: 0 | I41: 0 | J41: 0 | K41: 0 | L41: 0 | M41: 0 | N41: 0 | O41: 0 | P41: 0 | Q41: 0 | R41: 0 | S41: 0 | T41: 0 | U41: 0 | V41: 0 | W41: 0 | X41: 0 | Y41: 0 | Z41: 0 | AA41: F | AB41: ND | AC41: =AC40 -> 0
A42: Total | G42: =SUM(G38:G41) -> 0 | J42: =SUM(J38:J41) -> 28200 | K42: =SUM(K38:K41) -> 0 | N42: =SUM(N38:N41) -> 29922 | O42: =SUM(O38:O41) -> 0 | R42: =SUM(R38:R41) -> 31238.1 | S42: =SUM(S38:S41) -> 0 | V42: =SUM(V38:V41) -> 32620.005 | W42: =SUM(W38:W41) -> 0 | Z42: =SUM(Z38:Z41) -> 34071.005 | AC42: =AVERAGE(AC38:AC41) -> 0
A43: Marketing
A44: =A43 -> Marketing | C44: Social media | D44: 7 | E44: 0 | F44: 0 | G44: =E44*F44 -> 0 | H44: 12 | I44: 500 | J44: =H44*I44 -> 6000 | K44: 0 | L44: 12 | M44: 500 | N44: =L44*M44 -> 6000 | O44: 0 | P44: 12 | Q44: 600 | R44: =P44*Q44 -> 7200 | S44: 0 | T44: 12 | U44: 600 | V44: =T44*U44 -> 7200 | W44: 0 | X44: 12 | Y44: 600 | Z44: =X44*Y44 -> 7200 | AA44: F | AB44: ND | AC44: =AC38 -> 0
A45: =A44 -> Marketing | C45: Marketing (Others) | D45: 7 | E45: 0 | F45: 0 | G45: =E45*F45 -> 0 | H45: 12 | I45: 500 | J45: =H45*I45 -> 6000 | K45: 0 | L45: 12 | M45: 500 | N45: =L45*M45 -> 6000 | O45: 0 | P45: 12 | Q45: 600 | R45: =P45*Q45 -> 7200 | S45: 0 | T45: 12 | U45: 600 | V45: =T45*U45 -> 7200 | W45: 0 | X45: 12 | Y45: 600 | Z45: =X45*Y45 -> 7200 | AA45: F | AB45: ND | AC45: =AC44 -> 0
A46: =A45 -> Marketing | C46: Others | D46: 7 | E46: 0 | F46: 0 | G46: =E46*F46 -> 0 | H46: 1 | I46: 0 | J46: =H46*I46 -> 0 | K46: 0 | L46: 1 | M46: 0 | N46: =L46*M46 -> 0 | O46: 0 | P46: 1 | Q46: 0 | R46: =P46*Q46 -> 0 | S46: 0 | T46: 1 | U46: 0 | V46: =T46*U46 -> 0 | W46: 0 | X46: 1 | Y46: 0 | Z46: =X46*Y46 -> 0 | AA46: F | AB46: ND | AC46: =AC45 -> 0
A47: =A46 -> Marketing | C47: Others | D47: 7 | E47: 0 | F47: 0 | G47: =E47*F47 -> 0 | H47: 0 | I47: 0 | J47: =H47*I47 -> 0 | K47: 0 | L47: 0 | M47: 0 | N47: =L47*M47 -> 0 | O47: 0 | P47: 0 | Q47: 0 | R47: =P47*Q47 -> 0 | S47: 0 | T47: 0 | U47: 0 | V47: =T47*U47 -> 0 | W47: 0 | X47: 0 | Y47: 0 | Z47: =X47*Y47 -> 0 | AA47: F | AB47: ND | AC47: =AC46 -> 0
A48: Total | G48: =SUM(G44:G47) -> 0 | J48: =SUM(J44:J47) -> 12000 | K48: =SUM(K44:K47) -> 0 | N48: =SUM(N44:N47) -> 12000 | O48: =SUM(O44:O47) -> 0 | R48: =SUM(R44:R47) -> 14400 | S48: =SUM(S44:S47) -> 0 | V48: =SUM(V44:V47) -> 14400 | W48: =SUM(W44:W47) -> 0 | Z48: =SUM(Z44:Z47) -> 14400 | AC48: =AVERAGE(AC44:AC47) -> 0
A49: Banking costs
A50: =A49 -> Banking costs | C50: Banking Costs | D50: 7 | E50: 0 | F50: 0 | G50: =E50*F50 -> 0 | H50: 12 | I50: 90 | J50: =H50*I50 -> 1080 | K50: 0 | L50: 12 | M50: 90 | N50: =L50*M50 -> 1080 | O50: 0 | P50: 12 | Q50: 90 | R50: =P50*Q50 -> 1080 | S50: 0 | T50: 12 | U50: 90 | V50: =T50*U50 -> 1080 | W50: 0 | X50: 12 | Y50: 90 | Z50: =X50*Y50 -> 1080 | AA50: F | AB50: ND | AC50: =AC30 -> 0
A51: =A50 -> Banking costs | C51: Others | D51: 7 | E51: 0 | F51: 0 | G51: =E51*F51 -> 0 | H51: 0 | I51: 0 | J51: =H51*I51 -> 0 | K51: 0 | L51: 0 | M51: 0 | N51: =J51*1.1 -> 0 | O51: 0 | P51: 0 | Q51: 0 | R51: =N51*1.1 -> 0 | S51: 0 | T51: 0 | U51: 0 | V51: =R51*1.1 -> 0 | W51: 0 | X51: 0 | Y51: 0 | Z51: =V51*1.1 -> 0 | AA51: F | AB51: ND | AC51: =AC50 -> 0
A52: Total | G52: =SUM(G50:G51) -> 0 | J52: =SUM(J50:J51) -> 1080 | K52: =SUM(K50:K51) -> 0 | N52: =SUM(N50:N51) -> 1080 | O52: =SUM(O50:O51) -> 0 | R52: =SUM(R50:R51) -> 1080 | S52: =SUM(S50:S51) -> 0 | V52: =SUM(V50:V51) -> 1080 | W52: =SUM(W50:W51) -> 0 | Z52: =SUM(Z50:Z51) -> 1080 | AC52: =AVERAGE(AC50:AC51) -> 0
A54: ="Totale "&A28 -> Totale Sales and Management costs | G54: =G52+G48+#REF!+G42+#REF!+G36 -> #REF! | J54: =J52+J48+J42+J36 -> 63664.104 | K54: =K52+K48+K42+K36 -> 0 | N54: =N52+N48+N42+N36 -> 65924.103 | O54: =O52+O48+O42+O36 -> 0 | R54: =R52+R48+R42+R36 -> 70796.768 | S54: =S52+S48+S42+S36 -> 0 | V54: =V52+V48+V42+V36 -> 72754.331 | W54: =W52+W48+W42+W36 -> 0 | Z54: =Z52+Z48+Z42+Z36 -> 74800.625
A56: General services | E56: =E28 -> #REF! | F56: =F28 -> #REF! | G56: =G28 -> #REF! | H56: =H28 -> 2025 | I56: =I28 -> 2025 | J56: =J28 -> 2025 | K56: Final balance | L56: =L28 -> 2026 | M56: =M28 -> 2026 | N56: =N28 -> 2026 | O56: Final balance | P56: =P28 -> 2027 | Q56: =Q28 -> 2027 | R56: =R28 -> 2027 | S56: Final balance | T56: =T28 -> 2028 | U56: =U28 -> 2028 | V56: =V28 -> 2028 | W56: Final balance | X56: =X28 -> 2029 | Y56: =Y28 -> 2029 | Z56: =Z28 -> 2029 | AA56: =AA5 -> F/V | AB56: =AB28 -> // | AC56: =AC28 -> Ξ
A57: General costs
A58: =A57 -> General costs | C58: Software licenses | D58: 7 | E58: 0 | F58: 0 | G58: =E58*F58 -> 0 | H58: 12 | I58: 250 | J58: =H58*I58 -> 3000 | K58: 0 | L58: 12 | M58: 250 | N58: =L58*M58 -> 3000 | O58: 0 | P58: 12 | Q58: 250 | R58: =P58*Q58 -> 3000 | S58: 0 | T58: 12 | U58: 250 | V58: =T58*U58 -> 3000 | W58: 0 | X58: 12 | Y58: 250 | Z58: =X58*Y58 -> 3000 | AA58: F | AB58: ND | AC58: ='Controll Panel'!B11 -> 0
A59: =A58 -> General costs | C59: Others | D59: 7 | E59: 0 | F59: 0 | G59: =E59*F59 -> 0 | H59: 0 | I59: 0 | J59: =H59*I59 -> 0 | K59: 0 | L59: 0 | M59: 0 | N59: =L59*M59 -> 0 | O59: 0 | P59: 0 | Q59: 0 | R59: =P59*Q59 -> 0 | S59: 0 | T59: 0 | U59: 0 | V59: =T59*U59 -> 0 | W59: 0 | X59: 0 | Y59: 0 | Z59: =X59*Y59 -> 0 | AA59: F | AB59: ND | AC59: =AC58 -> 0
A60: =A59 -> General costs | C60: Others | D60: 14 | E60: 0 | F60: 0 | G60: =E60*F60 -> 0 | H60: 0 | I60: 0 | J60: =H60*I60 -> 0 | K60: 0 | L60: 0 | M60: 0 | N60: =L60*M60 -> 0 | O60: 0 | P60: 0 | Q60: 0 | R60: =P60*Q60 -> 0 | S60: 0 | T60: 0 | U60: 0 | V60: =T60*U60 -> 0 | W60: 0 | X60: 0 | Y60: 0 | Z60: =X60*Y60 -> 0 | AA60: F | AB60: ND | AC60: =AC59 -> 0
A61: Total | G61: =SUM(G58:G60) -> 0 | J61: =SUM(J58:J60) -> 3000 | K61: =SUM(K58:K60) -> 0 | N61: =SUM(N58:N60) -> 3000 | O61: =SUM(O58:O60) -> 0 | R61: =SUM(R58:R60) -> 3000 | S61: =SUM(S58:S60) -> 0 | V61: =SUM(V58:V60) -> 3000 | W61: =SUM(W58:W60) -> 0 | Z61: =SUM(Z58:Z60) -> 3000 | AC61: =AVERAGE(AC58:AC60) -> 0
A62: Insurances
A63: =A62 -> Insurances | C63: Insurances | D63: 7 | E63: 0 | F63: 0 | G63: =E63*F63 -> 0 | H63: 1 | I63: 2000 | J63: =H63*I63 -> 2000 | K63: 0 | L63: 1 | M63: 2000 | N63: =L63*M63 -> 2000 | O63: 0 | P63: 1 | Q63: 2000 | R63: =P63*Q63 -> 2000 | S63: 0 | T63: 1 | U63: 2000 | V63: =T63*U63 -> 2000 | W63: 0 | X63: 1 | Y63: 2000 | Z63: =X63*Y63 -> 2000 | AA63: F | AB63: ND | AC63: =AC61 -> 0
A64: =A63 -> Insurances | C64: Others | D64: 7 | E64: 0 | F64: 0 | G64: =E64*F64 -> 0 | H64: 0 | I64: 0 | J64: =H64*I64 -> 0 | K64: 0 | L64: 0 | M64: 0 | N64: =L64*M64 -> 0 | O64: 0 | P64: 0 | Q64: 0 | R64: =P64*Q64 -> 0 | S64: 0 | T64: 0 | U64: 0 | V64: =T64*U64 -> 0 | W64: 0 | X64: 0 | Y64: 0 | Z64: =X64*Y64 -> 0 | AA64: F | AB64: ND | AC64: =AC63 -> 0
A65: Total | G65: =SUM(G63:G64) -> 0 | J65: =SUM(J63:J64) -> 2000 | K65: =SUM(K63:K64) -> 0 | N65: =SUM(N63:N64) -> 2000 | O65: =SUM(O63:O64) -> 0 | R65: =SUM(R63:R64) -> 2000 | S65: =SUM(S63:S64) -> 0 | V65: =SUM(V63:V64) -> 2000 | W65: =SUM(W63:W64) -> 0 | Z65: =SUM(Z63:Z64) -> 2000 | AC65: =AVERAGE(AC63:AC64) -> 0
A66: Consultants
A67: =A66 -> Consultants | C67: Financial advisors | D67: 7 | E67: 0 | F67: 0 | G67: =E67*F67 -> 0 | H67: 12 | I67: 600 | J67: =H67*I67 -> 7200 | K67: 0 | L67: 12 | M67: 750 | N67: =L67*M67 -> 9000 | O67: 0 | P67: 12 | Q67: 1000 | R67: =P67*Q67 -> 12000 | S67: 0 | T67: 12 | U67: 1000 | V67: =T67*U67 -> 12000 | W67: 0 | X67: 12 | Y67: 1200 | Z67: =X67*Y67 -> 14400 | AA67: F | AB67: ND | AC67: =AC65 -> 0
A68: =A67 -> Consultants | C68: Lawyers | D68: 7 | E68: 0 | F68: 0 | G68: =E68*F68 -> 0 | H68: 1 | I68: 3000 | J68: =H68*I68 -> 3000 | K68: 0 | L68: 1 | M68: 5000 | N68: =L68*M68 -> 5000 | O68: 0 | P68: 1 | Q68: 5000 | R68: =P68*Q68 -> 5000 | S68: 0 | T68: 1 | U68: 5000 | V68: =T68*U68 -> 5000 | W68: 0 | X68: 1 | Y68: 6000 | Z68: =X68*Y68 -> 6000 | AA68: F | AB68: ND | AC68: =AC67 -> 0
A69: =A68 -> Consultants | C69: Others | D69: 7 | E69: 0 | F69: 0 | G69: =E69*F69 -> 0 | H69: 0 | I69: 0 | J69: =H69*I69 -> 0 | K69: 0 | L69: 0 | M69: 0 | N69: =L69*M69 -> 0 | O69: 0 | P69: 0 | Q69: 0 | R69: =P69*Q69 -> 0 | S69: 0 | T69: 0 | U69: 0 | V69: =T69*U69 -> 0 | W69: 0 | X69: 0 | Y69: 0 | Z69: =X69*Y69 -> 0 | AA69: F | AB69: ND | AC69: =AC68 -> 0
A70: =A69 -> Consultants | C70: Others | D70: 7 | E70: 0 | F70: 0 | G70: =E70*F70 -> 0 | H70: 0 | I70: 0 | J70: =H70*I70 -> 0 | K70: 0 | L70: 0 | M70: 0 | N70: =L70*M70 -> 0 | O70: 0 | P70: 0 | Q70: 0 | R70: =P70*Q70 -> 0 | S70: 0 | T70: 0 | U70: 0 | V70: =T70*U70 -> 0 | W70: 0 | X70: 0 | Y70: 0 | Z70: =X70*Y70 -> 0 | AA70: F | AB70: ND | AC70: =AC69 -> 0
A71: Total | G71: =SUM(G67:G70) -> 0 | J71: =SUM(J67:J70) -> 10200 | K71: =SUM(K67:K70) -> 0 | N71: =SUM(N67:N70) -> 14000 | O71: =SUM(O67:O70) -> 0 | R71: =SUM(R67:R70) -> 17000 | S71: =SUM(S67:S70) -> 0 | V71: =SUM(V67:V70) -> 17000 | W71: =SUM(W67:W70) -> 0 | Z71: =SUM(Z67:Z70) -> 20400 | AC71: =AVERAGE(AC67:AC70) -> 0
A72: Third party assets
A73: =A72 -> Third party assets | C73: Rental fees | D73: 8 | E73: 0 | F73: 0 | G73: =E73*F73 -> 0 | H73: 12 | I73: 25 | J73: =I73*'Controll Panel'!B41*H73 -> 42000 | K73: 0 | L73: 12 | M73: 25 | N73: =M73*'Controll Panel'!C41*L73 -> 42000 | O73: 0 | P73: 12 | Q73: 30 | R73: =Q73*'Controll Panel'!D41*P73 -> 50400 | S73: 0 | T73: 12 | U73: 30 | V73: =U73*'Controll Panel'!E41*T73 -> 50400 | W73: 0 | X73: 12 | Y73: 30 | Z73: =Y73*'Controll Panel'!F41*X73 -> 50400 | AA73: F | AB73: ND | AC73: =AC71 -> 0
A74: =A73 -> Third party assets | C74: Franchising Fees | D74: 8 | E74: 0 | F74: 0 | G74: =E74*F74 -> 0 | H74: ='Controll Panel'!B33 -> 0 | I74: ='W Plur.'!B142 -> 815856.36 | J74: =H74*I74 -> 0 | K74: 0 | L74: ='Controll Panel'!C33 -> 0 | M74: ='W Plur.'!C142 -> 875511.99 | N74: =L74*M74 -> 0 | O74: 0 | P74: ='Controll Panel'!D33 -> 0 | Q74: ='W Plur.'!D142 -> 937227.5 | R74: =P74*Q74 -> 0 | S74: 0 | T74: ='Controll Panel'!E33 -> 0 | U74: ='W Plur.'!E142 -> 1001061.4 | V74: =T74*U74 -> 0 | W74: 0 | X74: ='Controll Panel'!F33 -> 0 | Y74: ='W Plur.'!F142 -> 1067073.8 | Z74: =X74*Y74 -> 0 | AA74: V | AB74: ND | AC74: =AC73 -> 0
C75: Others | D75: 8 | E75: 0 | F75: 0 | G75: =E75*F75 -> 0 | H75: 1 | I75: 0 | J75: =H75*I75 -> 0 | K75: 0 | L75: 1 | M75: 0 | N75: =L75*M75 -> 0 | O75: 0 | P75: 1 | Q75: 0 | R75: =P75*Q75 -> 0 | S75: 0 | T75: 1 | U75: 0 | V75: =T75*U75 -> 0 | W75: 0 | X75: 1 | Y75: 0 | Z75: =X75*Y75 -> 0 | AA75: F | AB75: ND | AC75: =AC74 -> 0
C76: Others | D76: 8 | E76: 0 | F76: 0 | G76: =E76*F76 -> 0 | H76: 0 | I76: 0 | J76: =H76*I76 -> 0 | K76: 0 | L76: 0 | M76: 0 | N76: =L76*M76 -> 0 | O76: 0 | P76: 0 | Q76: 0 | R76: =P76*Q76 -> 0 | S76: 0 | T76: 0 | U76: 0 | V76: =T76*U76 -> 0 | W76: 0 | X76: 0 | Y76: 0 | Z76: =X76*Y76 -> 0 | AA76: F | AB76: ND | AC76: =AC75 -> 0
A77: Total | G77: =SUM(G73:G76) -> 0 | J77: =SUM(J73:J76) -> 42000 | K77: =SUM(K73:K76) -> 0 | N77: =SUM(N73:N76) -> 42000 | O77: =SUM(O73:O76) -> 0 | R77: =SUM(R73:R76) -> 50400 | S77: =SUM(S73:S76) -> 0 | V77: =SUM(V73:V76) -> 50400 | W77: =SUM(W73:W76) -> 0 | Z77: =SUM(Z73:Z76) -> 50400 | AC77: =AVERAGE(AC73:AC76) -> 0
A78: Others general costs
A79: =A78 -> Others general costs | C79: MBO | D79: 14 | E79: 0 | F79: 0 | G79: =F79*E79 -> 0 | H79: 0.01 | I79: ='W Plur.'!B119 -> 753480 | J79: =I79*H79 -> 7534.8 | K79: 0 | L79: 0.01 | M79: ='W Plur.'!C119 -> 808377.82 | N79: =M79*L79 -> 8083.7782 | O79: 0 | P79: 0.01 | Q79: ='W Plur.'!D119 -> 865170.16 | R79: =Q79*P79 -> 8651.7016 | S79: 0 | T79: 0.01 | U79: ='W Plur.'!E119 -> 923910.84 | V79: =U79*T79 -> 9239.1084 | W79: 0 | X79: 0.01 | Y79: ='W Plur.'!F119 -> 984655.08 | Z79: =Y79*X79 -> 9846.5508 | AA79: V | AB79: ND | AC79: =AC78 -> 0
A80: =#REF! -> #REF! | C80: Others | D80: 14 | E80: 0 | F80: 0 | G80: =F80*E80 -> 0 | H80: 0 | I80: 0 | J80: =I80*H80 -> 0 | K80: 0 | L80: 0 | M80: 0 | N80: =M80*L80 -> 0 | O80: 0 | P80: 0 | Q80: 0 | R80: =Q80*P80 -> 0 | S80: 0 | T80: 0 | U80: 0 | V80: =U80*T80 -> 0 | W80: 0 | X80: 0 | Y80: 0 | Z80: =Y80*X80 -> 0 | AA80: F | AB80: ND | AC80: =AC79 -> 0
A81: Total | G81: =SUM(G79:G80) -> 0 | J81: =SUM(J79:J80) -> 7534.8 | K81: =SUM(K79:K80) -> 0 | N81: =SUM(N79:N80) -> 8083.7782 | O81: =SUM(O79:O80) -> 0 | R81: =SUM(R79:R80) -> 8651.7016 | S81: =SUM(S79:S80) -> 0 | V81: =SUM(V79:V80) -> 9239.1084 | W81: =SUM(W79:W80) -> 0 | Z81: =SUM(Z79:Z80) -> 9846.5508 | AC81: =AVERAGE(AC79:AC80) -> 0
A83: ="Totale "&A56 -> Totale General services | G83: =G81+#REF!+G77+#REF!+G71+G65+G61 -> #REF! | J83: =J81+J77+J71+J65+J61 -> 64734.8 | K83: =K81+K77+K71+K65+K61 -> 0 | N83: =N81+N77+N71+N65+N61 -> 69083.778 | O83: =O81+O77+O71+O65+O61 -> 0 | R83: =R81+R77+R71+R65+R61 -> 81051.702 | S83: =S81+S77+S71+S65+S61 -> 0 | V83: =V81+V77+V71+V65+V61 -> 81639.108 | W83: =W81+W77+W71+W65+W61 -> 0 | Z83: =Z81+Z77+Z71+Z65+Z61 -> 85646.551
A85: Employees | E85: =E56 -> #REF! | F85: =F56 -> #REF! | G85: =G56 -> #REF! | H85: =H56 -> 2025 | I85: =I56 -> 2025 | J85: =J56 -> 2025 | K85: =K5 -> Final balance | L85: =L56 -> 2026 | M85: =M56 -> 2026 | N85: =N56 -> 2026 | O85: =O5 -> Final balance | P85: =P56 -> 2027 | Q85: =Q56 -> 2027 | R85: =R56 -> 2027 | S85: =S5 -> Final balance | T85: =T56 -> 2028 | U85: =U56 -> 2028 | V85: =V56 -> 2028 | W85: =W5 -> Final balance | X85: =X56 -> 2029 | Y85: =Y56 -> 2029 | Z85: =Z56 -> 2029 | AA85: =AA5 -> F/V | AB85: =AB56 -> // | AC85: =AC56 -> Ξ
A86: Workers
A87: =#REF! -> #REF! | C87: Net wages | D87: 9.1 | E87: =HR!B23 -> 0 | F87: 1 | G87: =F87*E87 -> 0 | H87: =HR!E23 -> 6 | I87: =HR!K23/HR!E23*0.7 -> 18937.876 | J87: =I87*H87 -> 113627.25 | K87: =HR!L23*0.7 -> 0 | L87: =HR!F23 -> 8.8 | M87: =HR!M23/HR!F23*0.7 -> 14203.407 | N87: =M87*L87 -> 124989.98 | O87: 0 | P87: =HR!G23 -> 8.4 | Q87: =HR!N23/HR!G23*0.7 -> 15623.748 | R87: =Q87*P87 -> 131239.48 | S87: =HR!T23*0.7 -> 0 | T87: =HR!H23 -> 8.4 | U87: =HR!O23/HR!H23*0.7 -> 16404.935 | V87: =U87*T87 -> 137801.45 | W87: =HR!X23*0.7 -> 0 | X87: =HR!I23 -> 8.4 | Y87: =HR!P23/HR!I23*0.7 -> 17225.182 | Z87: =Y87*X87 -> 144691.53 | AA87: F | AB87: ND | AC87: ='Controll Panel'!B12 -> 0
A88: =#REF! -> #REF! | C88: Social Security | D88: 9.2 | E88: =E87 -> 0 | F88: 1 | G88: =F88*E88 -> 0 | H88: =H87 -> 6 | I88: =HR!K23/HR!E23*0.1 -> 2705.4108 | J88: =I88*H88 -> 16232.465 | K88: =HR!L23*0.1 -> 0 | L88: =L87 -> 8.8 | M88: =HR!M23/HR!F23*0.1 -> 2029.0581 | N88: =M88*L88 -> 17855.712 | O88: 0 | P88: =P87 -> 8.4 | Q88: =HR!N23/HR!G23*0.1 -> 2231.9639 | R88: =Q88*P88 -> 18748.497 | S88: =HR!T23*0.1 -> 0 | T88: =T87 -> 8.4 | U88: =HR!O23/HR!H23*0.1 -> 2343.5621 | V88: =U88*T88 -> 19685.922 | W88: =HR!X23*0.1 -> 0 | X88: =X87 -> 8.4 | Y88: =HR!P23/HR!I23*0.1 -> 2460.7402 | Z88: =Y88*X88 -> 20670.218 | AA88: F | AB88: ND | AC88: =AC87 -> 0
A89: =#REF! -> #REF! | C89: Other | D89: 9.2 | E89: =E88 -> 0 | F89: 1 | G89: =F89*E89 -> 0 | H89: =H88 -> 6 | I89: =HR!K23/HR!E23*0.1 -> 2705.4108 | J89: =I89*H89 -> 16232.465 | K89: =HR!L23*0.1 -> 0 | L89: =L88 -> 8.8 | M89: =HR!M23/HR!F23*0.1 -> 2029.0581 | N89: =M89*L89 -> 17855.712 | O89: 0 | P89: =P88 -> 8.4 | Q89: =HR!N23/HR!G23*0.1 -> 2231.9639 | R89: =Q89*P89 -> 18748.497 | S89: =HR!T23*0.1 -> 0 | T89: =T88 -> 8.4 | U89: =HR!O23/HR!H23*0.1 -> 2343.5621 | V89: =U89*T89 -> 19685.922 | W89: =HR!X23*0.1 -> 0 | X89: =X88 -> 8.4 | Y89: =HR!P23/HR!I23*0.1 -> 2460.7402 | Z89: =Y89*X89 -> 20670.218 | AA89: F | AB89: ND | AC89: =AC88 -> 0
A90: =#REF! -> #REF! | C90: Other | D90: 9.3 | E90: =E89 -> 0 | F90: 1 | G90: =F90*E90 -> 0 | H90: =H89 -> 6 | I90: =HR!K23/HR!E23*0.1 -> 2705.4108 | J90: =I90*H90 -> 16232.465 | K90: =HR!L23*0.1 -> 0 | L90: =L89 -> 8.8 | M90: =HR!M23/HR!F23*0.1 -> 2029.0581 | N90: =M90*L90 -> 17855.712 | O90: 0 | P90: =P89 -> 8.4 | Q90: =HR!N23/HR!G23*0.1 -> 2231.9639 | R90: =Q90*P90 -> 18748.497 | S90: =HR!T23*0.1 -> 0 | T90: =T89 -> 8.4 | U90: =HR!O23/HR!H23*0.1 -> 2343.5621 | V90: =U90*T90 -> 19685.922 | W90: =HR!X23*0.1 -> 0 | X90: =X89 -> 8.4 | Y90: =HR!P23/HR!I23*0.1 -> 2460.7402 | Z90: =Y90*X90 -> 20670.218 | AA90: F | AB90: ND | AC90: =AC89 -> 0
A91: Total | E91: =E87 -> 0 | F91: =SUM(F87:F90) -> 4 | G91: =SUM(G87:G90) -> 0 | H91: =H87 -> 6 | I91: =SUM(I87:I90) -> 27054.108 | J91: =SUM(J87:J90) -> 162324.65 | K91: =SUM(K87:K90) -> 0 | L91: =L90 -> 8.8 | M91: =SUM(M87:M90) -> 20290.581 | N91: =SUM(N87:N90) -> 178557.12 | O91: =SUM(O87:O90) -> 0 | P91: =P90 -> 8.4 | Q91: =SUM(Q87:Q90) -> 22319.639 | R91: =SUM(R87:R90) -> 187484.97 | S91: =SUM(S87:S90) -> 0 | T91: =T90 -> 8.4 | U91: =SUM(U87:U90) -> 23435.621 | V91: =SUM(V87:V90) -> 196859.22 | W91: =SUM(W87:W90) -> 0 | X91: =X90 -> 8.4 | Y91: =SUM(Y87:Y90) -> 24607.402 | Z91: =SUM(Z87:Z90) -> 206702.18 | AC91: =AVERAGE(AC87:AC90) -> 0
A93: ="Totale "&A85 -> Totale Employees | E93: =#REF!+E91+#REF!+#REF! -> #REF! | F93: =#REF!+F91+#REF!+#REF! -> #REF! | G93: =#REF!+G91+#REF!+#REF! -> #REF! | H93: =H91 -> 6 | I93: =I91 -> 27054.108 | J93: =J91 -> 162324.65 | K93: =K91 -> 0 | L93: =L91 -> 8.8 | M93: =M91 -> 20290.581 | N93: =N91 -> 178557.12 | O93: =O91 -> 0 | ... Z93: =Z91 -> 206702.18
A95: Depreciation and amortization | E95: =#REF! -> #REF! | F95: =#REF! -> #REF! | G95: =#REF! -> #REF! | H95: =H85 -> 2025 | I95: =I85 -> 2025 | J95: =J85 -> 2025 | K95: =K85 -> Final balance | L95: =L85 -> 2026 | M95: =M85 -> 2026 | N95: =N85 -> 2026 | O95: =O85 -> Final balance | ... AC95: =AC85 -> Ξ
A96: Amortization
C97: Intangible assets | D97: 10.1 | E97: 0 | F97: 0 | G97: =E97*F97 -> 0 | H97: 0 | I97: 0 | J97: =H97*I97 -> 0 | K97: 0 | L97: 0 | M97: 0 | N97: =L97*M97 -> 0 | O97: 0 | P97: 0 | Q97: 0 | R97: =P97*Q97 -> 0 | S97: 0 | T97: 0 | U97: 0 | V97: =T97*U97 -> 0 | W97: 0 | X97: 0 | Y97: 0 | Z97: =X97*Y97 -> 0 | AA97: F | AB97: ND | AC97: =AC96 -> 0
C98: Tangible fixed assets | D98: 10.2 | E98: 0 | F98: 0 | G98: =E98*F98 -> 0 | H98: 0 | I98: 0 | J98: =H98*I98 -> 0 | K98: 0 | L98: 0 | M98: 0 | N98: =L98*M98 -> 0 | O98: 0 | P98: 0 | Q98: 0 | R98: =P98*Q98 -> 0 | S98: 0 | T98: 0 | U98: 0 | V98: =T98*U98 -> 0 | W98: 0 | X98: 0 | Y98: 0 | Z98: =X98*Y98 -> 0 | AA98: F | AB98: ND | AC98: =AC97 -> 0
A99: =A96 -> Amortization | C99: Intangible assets from inv. Sheet | D99: 10.1 | E99: 0 | F99: 0 | G99: =Inv.!F37 -> 0 | H99: 0 | I99: 0 | J99: =Inv.!I37 -> 35785.543 | K99: 0 | L99: 0 | M99: 0 | N99: =Inv.!J37 -> 35785.543 | O99: 0 | P99: 0 | Q99: 0 | R99: =Inv.!K37 -> 35785.543 | S99: 0 | T99: 0 | U99: 0 | V99: =Inv.!L37 -> 35785.543 | W99: 0 | X99: 0 | Y99: 0 | Z99: =Inv.!M37 -> 35785.543 | AA99: F | AB99: ND | AC99: =AC98 -> 0
A100: =A99 -> Amortization | C100: Tangible fixed assets from inv. Sheet | D100: 10.2 | E100: 0 | F100: 0 | G100: =Inv.!F77 -> 0 | H100: 0 | I100: 0 | J100: =Inv.!I77 -> 0 | K100: 0 | L100: 0 | M100: 0 | N100: =Inv.!J77 -> 0 | O100: 0 | P100: 0 | Q100: 0 | R100: =Inv.!K77 -> 0 | S100: 0 | T100: 0 | U100: 0 | V100: =Inv.!L77 -> 0 | W100: 0 | X100: 0 | Y100: 0 | Z100: =Inv.!M77 -> 0 | AA100: F | AB100: ND | AC100: =AC99 -> 0
A101: Total | G101: =SUM(G97:G100) -> 0 | J101: =SUM(J97:J100) -> 35785.543 | K101: =SUM(K97:K100) -> 0 | N101: =SUM(N97:N100) -> 35785.543 | O101: =SUM(O97:O100) -> 0 | R101: =SUM(R97:R100) -> 35785.543 | S101: =SUM(S97:S100) -> 0 | V101: =SUM(V97:V100) -> 35785.543 | W101: =SUM(W97:W100) -> 0 | Z101: =SUM(Z97:Z100) -> 35785.543
A102: Depreciation
A103: =A102 -> Depreciation | C103: Depreciation | D103: 10.3 | E103: 0 | F103: 0 | G103: 0 | H103: 0 | I103: 0 | J103: 0 | K103: 0 | L103: 0 | M103: 0 | N103: 0 | O103: 0 | P103: 0 | Q103: 0 | R103: 0 | S103: 0 | T103: 0 | U103: 0 | V103: 0 | W103: 0 | X103: 0 | Y103: 0 | Z103: 0 | AA103: F | AB103: ND | AC103: =AC102 -> 0
A104: =A103 -> Depreciation | C104: Risk provision | D104: 12 | E104: 0.0025 | F104: 0 | G104: =E104*F104 -> 0 | H104: 0.0025 | I104: 0 | J104: =H104*I104 -> 0 | K104: 0 | L104: 0.0025 | M104: 0 | N104: =L104*M104 -> 0 | O104: =M104*N104 -> 0 | P104: 0.0025 | Q104: 0 | R104: =P104*Q104 -> 0 | S104: =Q104*R104 -> 0 | T104: 0.0025 | U104: 0 | V104: =T104*U104 -> 0 | W104: =U104*V104 -> 0 | X104: 0.0025 | Y104: 0 | Z104: =X104*Y104 -> 0 | AA104: V | AB104: ND | AC104: =AC103 -> 0
A105: Total | G105: =SUM(G103:G104) -> 0 | J105: =SUM(J103:J104) -> 0 | K105: =SUM(K103:K104) -> 0 | N105: =SUM(N103:N104) -> 0 | O105: =SUM(O103:O104) -> 0 | R105: =SUM(R103:R104) -> 0 | S105: =SUM(S103:S104) -> 0 | V105: =SUM(V103:V104) -> 0 | W105: =SUM(W103:W104) -> 0 | Z105: =SUM(Z103:Z104) -> 0
A107: ="Totale "&A95 -> Totale Depreciation and amortization | G107: =G105+G101 -> 0 | J107: =J105+J101 -> 35785.543 | K107: =K105+K101 -> 0 | N107: =N105+N101 -> 35785.543 | O107: =O105+O101 -> 0 | R107: =R105+R101 -> 35785.543 | S107: =S105+S101 -> 0 | V107: =V105+V101 -> 35785.543 | W107: =W105+W101 -> 0 | Z107: =Z105+Z101 -> 35785.543
A109: Financials and taxation | E109: =E95 -> #REF! | F109: =F95 -> #REF! | G109: =G95 -> #REF! | H109: =H95 -> 2025 | I109: =I95 -> 2025 | J109: =J95 -> 2025 | K109: =K95 -> Final balance | L109: =L95 -> 2026 | ... AC109: =AC95 -> Ξ
A110: Financials and taxation
